Workbook

Sheet PORTADA
A1: MINISTERIO DE TRANSPORTE
A3: INSTITUTO NACIONAL DE VÍAS
A4: SUBDIRECCION GESTIÓN INTEGRAL DE CARRETERAS NACIONALES
A9: INFORME TRIMESTRAL
A10: DEL ADMINISTRADOR VIAL GRUPO No. 01
A11: VERSIÓN No. 1 DE FECHA: 30/SEP/2024
A12: CONSORCIO ADMINISTRACION VI 2023
A13: TERRITORIAL ANTIOQUIA
A18: CARRETERAS:
A19: LA MANSA - PRIMAVERA, RUTA 6003
A20: PR0+0000 AL PR44+0200
A21: PR88+0100 AL PR90+0000, PR90+0615 AL PR90+0740 (SECTOR DE LA VÍA ANTIGUA, LADO DERECHO DE LOS PUENTES LOMALINDA), PR92+0024 AL PR92+0280 (SECTOR DE LA VÍA ANTIGUA, LADO IZQUIERDO DE LOS TÚNELES KACHOTIS), PR93+0700 AL PR95+0031
... A36: Sabaneta, octubre de 2024

Sheet TABLA DE CONTENIDO
A1: INSTITUTO NACIONAL DE VÍAS
A2: INFORME FINAL PERÍODO JUNIO - SEPTIEMBRE DE 2024
A3: ADMINISTRACIÓN VIAL GRUPO 01 TERRITORIAL ANTIOQUIA
A5: TABLA DE CONTENIDO
A7: ÍTEM | B7: DESCRIPCIÓN
A9: Cuadro No. 1 | B9: Generalidades | E9: 1
A10: Cuadro No. 2 | B10: Cumplimiento indicadores de servicio de mantenimiento rutinario (M.R.) | E10: 2
A11: Cuadro No. 3 | B11: Relación estado de la red criterio de transitabilidad (visual) | E11: 3
A12: Gráfico No. 1 | B12: Estado de la red criterio de transitabilidad - visual (Semáforo) 6003 | E12: 4
A13: Gráfico No. 1 | B13: Estado de la red criterio de transitabilidad - visual (Semáforo) 6204 | E13: 5
A14: Gráfico No. 1 | B14: Estado de la red criterio de transitabilidad - visual (Semáforo) 6205 | E14: 6
A15: Gráfico No. 1 | B15: Estado de la red criterio de transitabilidad - visual (Semáforo) 6206 | E15: 7
A16: Gráfico No. 2 | B16: Estado de las vías en Torta-CRITERIO DE TRANSITABILIDAD (VISUAL) | E16: 8
A17: Cuadro No. 4 | B17: Relación estado de la red CRITERIO TÉCNICO | E17: 9
A18: Gráfico No. 3 | B18: Estado de la red criterio Técnico 6003 | E18: 10
A19: Gráfico No. 3 | B19: Estado de la red criterio Técnico 6204 | E19: 11
A20: Gráfico No. 3 | B20: Estado de la red criterio Técnico 6205 | E20: 12
... A58: Capacitación Trabajadores Servicio M.R. | B58: Capacitación Trabajadores Servicio de Mantenimiento Rutinario | E58: 50

Sheet GENERALIDADES 
B1: INSTITUTO NACIONAL DE VÍAS
B2: DIRECCIÓN TERRITORIAL ANTIOQUIA
B4: CUADRO No. 1
B6: GENERALIDADES
B8: NOMBRE DEL INGENIERO RESIDENTE: | C8: =+DATOS!C10 -> CARLOS EDUARDO GARCIA CASTILLO
B9: NOMBRE DEL INGENIERO AUXILIAR I: | C9: =+DATOS!C11 -> TATIANA JASBLEYDI MORENO LUGO
B10: NOMBRE DEL INGENIERO AUXILIAR II: | C10: =+DATOS!C12 -> YENNY KATHERINE CORTES MOYANO
B11: SECTOR ADMINISTRADO: | C11: RUTA 6003 - LA MANSA - PRIMAVERA, PR 0+000 AL PR 44+0200; DEL PR 88+0100 AL PR 90+0000,PR90+0615 AL PR90+740 (SECTOR DE LA VÍA ANTIGUA, LADO DERECHO DE LOS PUENTES LOMALINDA), PR92+0024 AL PR92+280 (SECTOR DE LA VÍA ANTIGUA, LADO IZQUIERDO DE LOS TÚNELES KACHOTIS) Y PR93+0700 AL PR95+0031 RUTA 6204 - PUENTE AURRÁ - MEDELLÍN, PR16+0000 AL PR71+0000. RUTA 6205 - HATILLO - CISNEROS, PR09+0000 A PR09+0700 - Paso urbano Barbosa; PR53+0000 A PR54+1158 - Paso urbano Cisneros RUTA 6206 - CISNEROS - PUERTO BERRIO - CRUCE RUTA 45, PR00+0000 A PR01+0000 - Paso Cisneros; PUENTE LA MALENA - PUERTO BERRIO, INCLUIDO PUENTE SOBRE EL RIO MAGDALENA, PR95+0198 A PR97+1261 - Paso urbano Puerto Berrio
B12: DIRECCIÓN OFICINA: | C12: CALLE 65 Sur #46 08 SABANETA ANTIOQUIA
B13: TELÉFONO OFICINA: | C13: 604 - 5966007
B14: CELULARES | J14: CORREO ELECTRÓNICO: | K14: amvial2024@gmail.com
B15: Ingeniero(s) Residente(s): | C15: 3212033309
B16: Ingeniero Auxiliar I: | C16: 3203784430
B17: Ingeniero Auxiliar II: | C17: 3219815259
A20: 1 | B20: CARRETERAS A CARGO
B21: CARRETERA | C21: CÓDIGO | D21: LONGITUD (km) | G21: PRi | H21: PRf | I21: No. DE PUENTES | J21: MICROEMPRESA | K21: OBSERVACIONES
D22: P | E22: A | F22: T
B23: La Mansa - Primavera | C23: 6003 | D23: 44.2 | F23: =+D23+E23 -> 44.2 | G23: 0+0000 | H23: 44200 | I23: 9 | J23: C.T.A. COOPTAHIS
B24: La Mansa - Primavera | C24: 6003 | D24: 1.896 | F24: =SUM(D24:E24) -> 1.896 | G24: 88+0100 | H24: 90+0000 | J24: PRESTASER NORDESTE S.A.S
B25: La Mansa - Primavera | C25: 6003 | D25: 0.134 | F25: =+D25 -> 0.134 | G25: 90+0615 | H25: 90+0740 | J25: PRESTASER NORDESTE S.A.S
B26: La Mansa - Primavera | C26: 6003 | D26: 0.521 | F26: =+D26 -> 0.521 | G26: 92+0024 | H26: 92+0280 | J26: PRESTASER NORDESTE S.A.S
B27: La Mansa - Primavera | C27: 6003 | D27: 1.209 | F27: =+D27 -> 1.209 | G27: 93+0700 | H27: 95+0031 | J27: PRESTASER NORDESTE S.A.S
B28: Santa Fe de Antioquia - Medellín | C28: 6204 | D28: =55040/1000 -> 55.04 | F28: =E28+D28 -> 55.04 | G28: 16+0000 | H28: 71+0000 | I28: 13 | J28: PRESTASER NORDESTE S.A.S
B29: Hatillo - Cisneros | C29: 6205 | D29: 0.7 | F29: =E29+D29 -> 0.7 | G29: 09+0000 | H29: 09+0700 | J29: C.T.A. SANTIAGO
B30: Hatillo - Cisneros | C30: 6205 | D30: 2.12 | F30: =E30+D30 -> 2.12 | G30: 53+0000 | H30: 54+1158 | J30: C.T.A. SANTIAGO
B31: Cisneros - Puerto Berrío | C31: 6206 | D31: 1 | F31: =E31+D31 -> 1 | G31: 0+0000 | H31: 1+0000 | I31: 1 | J31: C.T.A. SANTIAGO
B32: Cisneros - Puerto Berrío | C32: 6206 | D32: 3.063 | F32: =E32+D32 -> 3.063 | G32: 95+0198 | H32: 97+1261 | I32: 2 | J32: C.T.A. SANTIAGO
B33: TOTALES | D33: =SUM(D23:D32) -> 109.883 | E33: =SUM(E23:E32) -> 0 | F33: =SUM(F23:F32) -> 109.883 | I33: =SUM(I23:I32) -> 25
C34: P: Pavimento | F34: A: Afirmado | I34: T: Total
K36: VOLVER A TABLA DE CONTENIDO
B37: NOTA: CUALQUIER CAMBIO DE DIRECCIÓN, CORREO ELECTRÓNICO O TELÉFONO SE DEBE INFORMAR

Sheet CUMPLIMIENTO %
A1: INSTITUTO NACIONAL DE VÍAS
A2: DIRECCIÓN TERRITORIAL ANTIOQUIA
A3: CUADRO No. 2
A5: CUMPLIMIENTO INDICADORES DE SERVICIO DE MANTENIMIENTO RUTINARIO (M.R.)
A7: INGENIERO RESIDENTE: | C7: =+DATOS!C10 -> CARLOS EDUARDO GARCIA CASTILLO | G7: FECHA: | I7: =+DATOS!C14 -> SEPTIEMBRE DE 2024
A9: MICROEMPRESA | C9: CONTRATISTA DE SERVICIO DE M.R. | E9: CONTRATISTA DE SERVICIO DE M.R. | G9: CONTRATISTA DE SERVICIO DE M.R. | I9: CONTRATISTA DE SERVICIO DE M.R.
C10: COOPTAHIS - CTO 1410-2024 | E10: CTA SANTIAGO - CTO 1411-2024 | G10: PRESTASER NORDESTE SAS CTO 1412-2024
A11: INDICADOR | C11: % | E11: % | G11: % | I11: %
A12: ROCERÍA Y DESM. MANUAL | C12: 96 | E12: 98 | G12: 97
A13: LIMPIEZA MANUAL CUNETAS | C13: 97 | E13: 99 | G13: 97
A14: LIMPIEZA ENCOLES Y DESCOLES | C14: 96 | E14: 96 | G14: 96
A15: LIMPIEZA OBRAS DE ARTE | C15: 96 | E15: 96 | G15: 95
A16: MANTENIMIENTO PUENTES | C16: 95 | E16: 95 | G16: 94
A17: LIMPIEZA SEÑALES Y MOJONES | C17: 97 | E17: 96 | G17: 96
A18: DESPEJE DE DERRUMBES | C18: 99 | E18: NO HUBO | G18: 98
A19: PINTURA, RENOVACIÓN DE INDICACIONES EN EL MOJÓN | C19: NO HUBO | E19: NO HUBO | G19: NO HUBO
A20: BACHEO CARRETERA PAV. | C20: 97 | E20: 96 | G20: 96
A21: PARCHEO CARRETERA PAV. | C21: 98 | E21: NO HUBO | G21: NO HUBO
A22: LIMPIEZA DE LA CALZADA | C22: 96 | E22: 97 | G22: 96
A23: ARBORIZACIÓN (SIEMBRA) | C23: NO HUBO | E23: NO HUBO | G23: NO HUBO
A24: PODA, CORTE Y RETIRO DE ÁRBOLES | C24: 95 | E24: 95 | G24: 96
A25: ATENCIÓN DE EMERGENCIAS | C25: 100 | E25: 100 | G25: 100
A28: OBSERVACIONES : | C28: BUENO | E28: REGULAR | G28: MALO | I28: NO HUBO
A30: * Indicar nombre de cada contratista de Mantenimiento Rutinario (M.R.) al que se le aplica el indicador. Resolución N°
A31: En caso de no cumplir totalmente con el indicador, informar la razón.
A32: Indicar el Porcentaje de cumplimiento mensual para cada CONTRATISTA DE SERVICIO DE MANTENIMIENTO RUTINARIO
I33: VOLVER A TABLA DE CONTENIDO

Sheet ESTADO RED VIS 
A1: INSTITUTO NACIONAL DE VÍAS
A2: DIRECCIÓN TERRITORIAL ANTIOQUIA
A4: CUADRO No 3
A6: RELACIÓN ESTADO DE LA RED CRITERIO DE TRANSITABILIDAD (VISUAL)
A8: INGENIERO RESIDENTE: | C8: =+'CUMPLIMIENTO %'!C7 -> CARLOS EDUARDO GARCIA CASTILLO | E8: TRIMESTRE EVALUADO: | G8: =+DATOS!C16 -> JUN - SEP DE 2024
A10: CÓDIGO VÍA | B10: PR INICIAL | C10: PR FINAL | D10: CARRETERA | E10: Kms. | F10: TIPO DE | G10: ESTADO
F11: SUPERFICIE
A13: 6003 | B13: 0+0000 | C13: 12+0100 | D13: La Mansa - Primavera | E13: =11468+100 -> 11568 | F13: P | G13: B
A15: 6003 | B15: =+C13 -> 12+0100 | C15: 14+0000 | D15: La Mansa - Primavera | E15: =1860-100 -> 1760 | F15: P | G15: B | J15: VÍA 6003
J16: BUENO | K16: =+SUMIF(G$13:G$33,"B",E$13:E$33)/1000 -> 20.1
A17: 6003 | B17: =+C15 -> 14+0000 | C17: 15000 | D17: La Mansa - Primavera | E17: 1015 | F17: P | G17: B | J17: REGULAR | K17: =+SUMIF(G$13:G$33,"R",E$13:E$33)/1000 -> 27.542
J18: MALO | K18: =+SUMIF(G$13:G$33,"M",E$13:E$33)/1000 -> 0
A19: 6003 | B19: =+C17 -> 15000 | C19: 31000 | D19: La Mansa - Primavera | E19: 16244 | F19: P | G19: R | J19: TOTAL | K19: =SUM(K16:K18) -> 47.642
A21: 6003 | B21: =+C19 -> 31000 | C21: 34000 | D21: La Mansa - Primavera | E21: 3015 | F21: P | G21: R
A23: 6003 | B23: =+C21 -> 34000 | C23: 38000 | D23: La Mansa - Primavera | E23: 4027 | F23: P | G23: B
A25: 6003 | B25: =+C23 -> 38000 | C25: 44200 | D25: La Mansa - Primavera | E25: 6253 | F25: P | G25: R
A27: 6003 | B27: 88+0100 | C27: 90+0000 | D27: La Mansa - Primavera | E27: =898+998 -> 1896 | F27: P | G27: R
A29: 6003 | B29: 90+0615 | C29: 90+0740 | D29: La Mansa - Primavera | E29: 134 | F29: P | G29: R | J29: VÍA ANTIGUA LOMA LINDA
A31: 6003 | B31: 92+0024 | C31: 92+0280 | D31: La Mansa - Primavera | E31: 521 | F31: P | G31: B | J31: VÍA ANTIGUA KACHOTIS
A33: 6003 | B33: 93+0420 | C33: 95+0031 | D33: La Mansa - Primavera | E33: =182+996+31 -> 1209 | F33: P | G33: B
A36: 6204 | B36: 16+0000 | C36: 190000 | D36: Santa Fé de Antioquia - Medellin | E36: 3013 | F36: P | G36: M | J36: VÍA 6204
J37: BUENO | K37: =+SUMIF(G$36:G$43,"B",E$36:E$43) -> 0
A38: 6204 | B38: 19+0000 | C38: 23+0000 | D38: Santa Fé de Antioquia - Medellin | E38: 3672 | F38: P | G38: R | J38: REGULAR | K38: =+SUMIF(G$36:G$43,"R",E$36:E$43)/1000 -> 6.4861
J39: MALO | K39: =+SUMIF(G$36:G$43,"M",E$36:E$43)/1000 -> 48.553
A40: 6204 | B40: 23+0000 | C40: 680000 | D40: Santa Fé de Antioquia - Medellin | E40: 45540 | F40: P | G40: M | J40: TOTAL | K40: =SUM(K37:K39) -> 55.0391
A42: 6204 | B42: 680000 | C42: 710000 | D42: Santa Fé de Antioquia - Medellin | E42: 2814.1 | F42: P | G42: R
A45: 6205 | B45: 9+0000 | C45: 9+0700 | D45: Hatillo - Cisneros | E45: 700 | F45: P | G45: B | J45: VÍA 6205
J46: BUENO | K46: =+SUMIF(G$45:G$49,"B",E$45:E$49)/1000 -> 0.7
A47: 6205 | B47: 53+0000 | C47: 54+0000 | D47: Hatillo - Cisneros | E47: 962 | F47: P | G47: M | J47: REGULAR | K47: =+SUMIF(G$45:G$49,"R",E$45:E$49)/1000 -> 1.158
J48: MALO | K48: =+SUMIF(G$45:G$49,"M",E$45:E$49)/1000 -> 0.962
A49: 6205 | B49: 54+0000 | C49: 54+1158 | D49: Hatillo - Cisneros | E49: 1158 | F49: P | G49: R | J49: TOTAL | K49: =SUM(K46:K48) -> 2.82
A52: 6206 | B52: 0+0000 | C52: 1+0000 | D52: Cisneros - Puerto Berrío - Cruice Ruta 45 | E52: 1000 | F52: P | G52: B | J52: VÍA 6206
J53: BUENO | K53: =+SUMIF(G$52:G$56,"B",E$52:E$56)/1000 -> 1
A54: 6206 | B54: 95+0198 | C54: 96+0000 | D54: =+D52 -> Cisneros - Puerto Berrío - Cruice Ruta 45 | E54: 804 | F54: P | G54: R | J54: REGULAR | K54: =+SUMIF(G$52:G$56,"R",E$52:E$56)/1000 -> 3.222
J55: MALO | K55: =+SUMIF(G$52:G$56,"M",E$52:E$56)/1000 -> 0
A56: 6206 | B56: 96+0000 | C56: 97+1261 | D56: =+D54 -> Cisneros - Puerto Berrío - Cruice Ruta 45 | E56: 2418 | F56: P | G56: R | J56: TOTAL | K56: =SUM(K53:K55) -> 4.222
E57: =+SUM(E13:E56) -> 109723.1
A59: Nota: La información contenida es un ejemplo sobre la forma de diligenciar este cuadro.Debe presentarse a color.
E62: CONVENCIONES | G62: NO CAMBIAR ESTOS TIPOS DE COLORES
E63: B | F63: BUENO
E64: R | F64: REGULAR
E65: M | F65: MALO
E67: VOLVER A TABLA DE CONTENIDO

Sheet SEMAFORO VIS 6003
A1: INSTITUTO NACIONAL DE VÍAS
A2: DIRECCIÓN TERRITORIAL ANTIOQUIA
A3: GRÁFICO No. 1
A4: ESTADO DE LAS VÍAS CRITERIO DE TRANSITABILIDAD (VISUAL)
A7: NOMBRE DE LA VÍA: | B7: LA MANSA - PRIMAVERA | BI7: Código de la vía: | CC7: 6003
A9: SECTOR | B9: 01 | H9: LA MANSA - PEÑALISA | BH9: PR 0+0000 A PR 44+0200
B10: 02 | H10: PEAJE AMAGA | BH10: PR 88+0100 A PR 90+0000
B11: 03 | H11: LOMA LINDA | BH11: PR 90+0615 A PR 90+0740 | CO11: SECTOR DE LA VÍA ANTIGUA, LADO DERECHO DE LOS PUENTES LOMA LINDA
B12: 04 | H12: KACHOTIS | BH12: PR 92+0024 A PR 92+0280 | CO12: SECTOR DE LA VÍA ANTIGUA, LADO IZQUIERDO DE LOS TÚNELES KACHOTIS
B13: 05 | H13: PRIMAVERA | BH13: PR 93+0700 A PR 95+0031
A14: INGENIERO RESIDENTE: | E14: =+DATOS!C10 -> CARLOS EDUARDO GARCIA CASTILLO | CL14: TRIMESTRE EVALUADO | CO14: =+DATOS!C16 -> JUN - SEP DE 2024
A38: CÓDIGO | AT38: SECTOR | CT38: Longitud y Porcentaje
B39: 01 | CJ39: 02 | CQ39: 03 | CT39: sobre el total de la vía
A40: PR | CT40: o del ítem
A41: ÍTEM | B41: 75 | H41: 10 | R41: 20 | AB41: 30 | AI41: 80 | AL41: 40 | AV41: 50 | BF41: 60 | BP41: 70 | BZ41: 80 | CJ41: 90 | CO41: 95 | CT41: B | CV41: R | CX41: M
CT42: km | CU42: % | CV42: km | CW42: % | CX42: km | CY42: %
A43: Pavimento
B44: B | C44: B | D44: B | E44: b | F44: b | G44: b | H44: b | I44: b | J44: b | K44: b | L44: b | M44: B | N44: B | O44: B | P44: B | Q44: R | R44: R | S44: R | T44: R | U44: R | V44: R | W44: R | X44: R | Y44: R | Z44: R | AA44: R | AB44: R | AC44: R | AD44: R | AE44: R | AF44: R | AG44: R | AH44: R | AI44: R | AJ44: B | AK44: B | AL44: B | AM44: B | AN44: B | AO44: R | AP44: R | AQ44: R | AR44: R | AS44: R | CL44: R | CM44: R | CQ44: R | CS44: B | CT44: =(COUNTIF($B$44:$CS$44,"B")) -> 21 | CU44: =+CT44/($CT$44+$CV$44+$CX$44) -> 0.4375 | CV44: =(COUNTIF($B$44:$CS$44,"r")) -> 27 | CW44: =+CV44/($CT$44+$CV$44+$CX$44) -> 0.5625 | CX44: =(COUNTIF($B$44:$CS$44,"m")) -> 0 | CY44: =+CX44/($CT$44+$CV$44+$CX$44) -> 0
A45: Afirmado | B45: 1.093 | C45: 1.022 | D45: 1.014 | N45: =0.799-0.1 -> 0.699 | O45: 0.96 | P45: 1.015 | Q45: 1.238 | R45: 1 | S45: 1 | T45: 1 | U45: 1 | V45: 1 | W45: 1 | X45: 1 | Y45: 1 | Z45: 1.002 | AA45: 1.001 | AB45: 1 | AC45: 1 | AD45: 1 | AE45: 1 | AF45: 1.003 | AG45: 1.005 | AH45: 1 | AI45: 1.01 | AJ45: 1.006 | AK45: 1.008 | AL45: 1.003 | AM45: 1.01 | AN45: 1.01 | AO45: 1.015 | AP45: 1.014 | AQ45: 1.008 | AR45: 1.003 | AS45: 1.003 | AT45: 1.006 | BG45: 0.3 | BZ45: 0.532 | CA45: 0.985 | CB45: 1 | CC45: 0.25 | CE45: 0.096 | CF45: 0.995 | CG45: 1.001 | CH45: 0.998 | CI45: 0.997 | CJ45: 1.002 | CK45: 0.989 | CL45: 0.998 | CM45: 0.998 | CN45: 0.996 | CO45: 0.999 | CP45: 0.997 | CQ45: 0.999 | CR45: =0.996+0.031 -> 1.027
A47: Puentes (Son: 9 ) | E47: 1.001 | F47: 1.002 | G47: 1.001 | H47: 1.018 | I47: 1.002 | J47: 0.918 | K47: 1.01 | L47: 0.914 | M47: =0.993+0.1 -> 1.093
CT48: 4 | CU48: =+CT48/($CT$48+$CV$48+$CX$48) -> 0.44444444 | CV48: 1 | CW48: =+CV48/($CT$48+$CV$48+$CX$48) -> 0.11111111 | CX48: 4 | CY48: =+CX48/($CT$48+$CV$48+$CX$48) -> 0.44444444
A49: Cunetas
B50: B | C50: B | D50: B | E50: B | F50: B | G50: B | H50: B | I50: B | J50: B | K50: B | L50: B | M50: B | N50: b | O50: r | P50: r | Q50: R | R50: R | S50: R | T50: R | U50: R | V50: r | W50: r | X50: r | Y50: r | Z50: r | AA50: R | AB50: R | AC50: R | AD50: R | AE50: R | AF50: R | AG50: R | AH50: r | AI50: R | AJ50: B | AK50: b | AL50: B | AM50: B | AN50: R | AO50: r | AP50: R | AQ50: B | AR50: R | AS50: R | AT50: r | CL50: R | CM50: R | CN50: R | CR50: R | CS50: R | CT50: 16 | CU50: =+CT50/($CT$50+$CV$50+$CX$50) -> 0.33333333 | CV50: =(COUNTIF($B$50:$CS$50,"R")) -> 32 | CW50: =+CV50/($CT$50+$CV$50+$CX$50) -> 0.66666667 | CX50: =(COUNTIF($B$50:$CS$50,"M")) -> 0 | CY50: =+CX50/($CT$50+$CV$50+$CX$50) -> 0
A51: Señalización Vertical
B52: B | C52: B | D52: B | E52: b | F52: b | G52: b | H52: b | I52: b | J52: b | K52: b | L52: b | M52: b | N52: R | O52: R | P52: R | Q52: R | R52: R | S52: R | T52: R | U52: R | V52: R | W52: R | X52: R | Y52: R | Z52: R | AA52: R | AB52: R | AC52: R | AD52: R | AE52: R | AF52: R | AG52: R | AH52: R | AI52: R | AJ52: R | AK52: R | AL52: R | AM52: R | AN52: R | AO52: R | AP52: R | AQ52: R | AR52: R | AS52: R | AT52: B | CL52: R | CM52: R | CN52: R | CR52: B | CS52: B | CT52: =(COUNTIF($B$52:$CS$52,"B")) -> 15 | CU52: =+CT52/($CT$52+$CV$52+$CX$52) -> 0.3125 | CV52: 33 | CW52: =+CV52/($CT$52+$CV$52+$CX$52) -> 0.6875 | CX52: =(COUNTIF($B$52:$CS$52,"M")) -> 0 | CY52: =+CX52/($CT$52+$CV$52+$CX$52) -> 0
A53: Señalización horizontal
B54: R | C54: R | D54: R | E54: r | F54: r | G54: r | H54: r | I54: r | J54: r | K54: r | L54: r | M54: R | N54: M | O54: M | P54: M | Q54: M | R54: M | S54: M | T54: M | U54: M | V54: M | W54: M | X54: M | Y54: M | Z54: M | AA54: M | AB54: M | AC54: M | AD54: M | AE54: M | AF54: M | AG54: M | AH54: M | AI54: M | AJ54: M | AK54: M | AL54: M | AM54: R | AN54: R | AO54: R | AP54: R | AQ54: R | AR54: R | AS54: R | AT54: R | CL54: R | CM54: B | CN54: B | CR54: R | CS54: B | CT54: =(COUNTIF($B$54:$CS$54,"B")) -> 3 | CU54: =+CT54/($CT$54+$CV$54+$CX$54) -> 0.046875 | CV54: 36 | CW54: =+CV54/($CT$54+$CV$54+$CX$54) -> 0.5625 | CX54: =(COUNTIF($B$54:$CS$54,"M")) -> 25 | CY54: =+CX54/($CT$54+$CV$54+$CX$54) -> 0.390625
A55: Rocería
B56: B | C56: B | D56: B | E56: B | F56: B | G56: B | H56: B | I56: B | J56: B | K56: B | L56: B | M56: B | N56: B | O56: B | P56: B | Q56: B | R56: B | S56: B | T56: B | U56: B | V56: B | W56: B | X56: B | Y56: B | Z56: B | AA56: B | AB56: B | AC56: B | AD56: B | AE56: B | AF56: B | AG56: B | AH56: B | AI56: B | AJ56: B | AK56: B | AL56: B | AM56: B | AN56: B | AO56: B | AP56: B | AQ56: B | AR56: B | AS56: B | AT56: B | CL56: B | CM56: B | CN56: B | CR56: B | CS56: B | CT56: 48 | CU56: =+CT56/($CT$56+$CV$56+$CX$56) -> 1 | CV56: =(COUNTIF($B$56:$CS$56,"R")) -> 0 | CW56: =+CV56/($CT$56+$CV$56+$CX$56) -> 0 | CX56: =(COUNTIF($B$56:$CS$56,"M")) -> 0 | CY56: =+CX56/($CT$56+$CV$56+$CX$56) -> 0
A57: Alcantarillas | DB57: CONVENCIONES
B58: B | C58: B | D58: B | E58: b | F58: R | G58: R | H58: R | I58: B | J58: R | K58: B | L58: B | M58: B | N58: R | O58: B | P58: B | Q58: B | R58: B | S58: B | T58: B | U58: B | V58: B | W58: B | X58: B | Y58: B | Z58: B | AA58: B | AB58: B | AC58: B | AD58: B | AE58: B | AF58: B | AG58: B | AH58: B | AI58: B | AJ58: B | AK58: B | AL58: B | AM58: B | AN58: B | AO58: R | AP58: B | AQ58: B | AR58: B | AS58: B | AT58: B | CL58: R | CM58: R | CN58: R | CR58: B | CS58: R | CT58: 38 | CU58: =+CT58/($CT$58+$CV$58+$CX$58) -> 0.79166667 | CV58: 10 | CW58: =+CV58/($CT$58+$CV$58+$CX$58) -> 0.20833333 | CX58: =(COUNTIF($B$58:$CS$58,"M")) -> 0 | CY58: =+CX58/($CT$58+$CV$58+$CX$58) -> 0 | DB58: B | DC58: BUENO
A59: Limpiezas de bermas | DB59: R | DC59: REGULAR
B60: b | C60: B | D60: B | E60: b | F60: b | G60: b | H60: b | I60: b | J60: b | K60: b | L60: b | M60: B | N60: B | O60: B | P60: B | Q60: B | R60: B | S60: B | T60: B | U60: B | V60: B | W60: B | X60: B | Y60: B | Z60: B | AA60: B | AB60: B | AC60: B | AD60: B | AE60: B | AF60: B | AG60: B | AH60: B | AI60: B | AJ60: B | AK60: B | AL60: B | AM60: B | AN60: B | AO60: B | AP60: B | AQ60: B | AR60: B | AS60: B | AT60: B | CL60: B | CM60: B | CN60: B | CR60: B | CS60: B | CT60: =(COUNTIF($B$60:$CS$60,"B")) -> 50 | CU60: =+CT60/($CT$60+$CV$60+$CX$60) -> 1 | CV60: =(COUNTIF($B$60:$CS$60,"R")) -> 0 | CW60: =+CV60/($CT$60+$CV$60+$CX$60) -> 0 | CX60: =(COUNTIF($B$60:$CS$60,"M")) -> 0 | CY60: =+CX60/($CT$60+$CV$60+$CX$60) -> 0 | DB60: M | DC60: MALO
A61: NOTAS:
A62: La calificación corresponde al criterio visual a SEPTIEMBRE de 2024.
A63: El pavimento, señalización, bermas, rocería y cunetas se dibujan y analizan por kilómetro; los puentes se hace por ítem
A64: El gráfico de alcantarillas muestra el kilometro pero el porcentaje es sobre el número de obras
A65: NOTA: Indicar en el mapa los PRs y nombre de cada uno de los sitios importantes
A66: Hacer montaje del mapa de la red vial sobre cartografía o mapas aerofotogramétricos
CU67: VOLVER A TABLA DE CONTENIDO

Sheet SEMAFORO VIS 6204
A1: INSTITUTO NACIONAL DE VÍAS
A2: DIRECCIÓN TERRITORIAL ANTIOQUIA
A3: GRAFICO No. 1
A4: ESTADO DE LAS VÍAS CRITERIO DE TRANSITABILIDAD (VISUAL)
A7: NOMBRE DE LA VÍA: | B7: SANTA FÉ DE ANTIOQUIA - MEDELLÍN | BF7: Código de la vía: | BH7: 6204
A9: SECTOR: | B9: 01 | G9: PUENTE AURRÁ - MEDELLÍN | BF9: PR 16+0000 A PR 71+0000
A10: INGENIERO RESIDENTE: | B10: =+DATOS!C10 -> CARLOS EDUARDO GARCIA CASTILLO | BG10: TRIMESTRE EVALUADO | BH10: =+DATOS!C16 -> JUN - SEP DE 2024
B41: SECTOR | BE41: Longitud y Porcentaje
A42: CÓDIGO | B42: 01 | BE42: sobre el total de la vía
A43: PR | BE43: o del ítem
A44: ÍTEM | B44: 16 | F44: 20 | J44: 22 | P44: 30 | Z44: 40 | AJ44: 50 | AT44: 60 | AZ44: 70 | BD44: 71 | BE44: B | BF44: % | BG44: R | BH44: % | BI44: M
BE45: km | BG45: km | BI45: km | BJ45: %
A46: Pavimento
B47: M | C47: M | D47: M | E47: R | F47: R | G47: R | H47: R | I47: M | J47: M | K47: M | L47: M | M47: M | N47: M | O47: M | P47: M | Q47: M | R47: M | S47: M | T47: M | U47: M | V47: M | W47: M | X47: M | Y47: M | Z47: M | AA47: M | AB47: M | AC47: M | AD47: M | AE47: M | AF47: M | AG47: M | AH47: M | AI47: M | AJ47: M | AK47: M | AL47: M | AM47: M | AN47: M | AO47: M | AP47: M | AQ47: M | AR47: M | AS47: M | AT47: M | AU47: M | AV47: M | AW47: M | AX47: M | AY47: M | AZ47: M | BA47: M | BB47: R | BC47: R | BD47: R | BE47: =(COUNTIF($B$47:$BD$47,"B")) -> 0 | BF47: =+BE47/(BI47+BG47+BE47) -> 0 | BG47: =(COUNTIF($B$47:$BD$47,"r")) -> 7 | BH47: =+BG47/(BI47+BG47+BE47) -> 0.12727273 | BI47: =(COUNTIF($B$47:$BD$47,"m")) -> 48 | BJ47: =+BI47/(BI47+BG47+BE47) -> 0.87272727
A48: Afirmado
B49: NO APLICA
A50: Puentes (Son: 13)
B51: M | H51: b | L51: b | V51: r | Z51: b | AA51: b | AE51: b | AF51: b | AH51: b | AK51: b | AT51: b | BE51: 12 | BF51: =+BE51/13 -> 0.92307692 | BG51: 0 | BH51: =+BG51/13 -> 0 | BI51: 1 | BJ51: =+BI51/13 -> 0.076923077
A52: Cunetas
B53: B | C53: B | D53: R | E53: B | F53: B | G53: B | H53: M | I53: B | J53: B | K53: B | L53: B | M53: B | N53: B | O53: B | P53: B | Q53: R | R53: R | S53: R | T53: R | U53: R | V53: B | W53: B | X53: B | Y53: M | Z53: B | AA53: B | AB53: R | AC53: R | AD53: R | AE53: R | AF53: B | AG53: B | AH53: B | AI53: B | AJ53: M | AK53: M | AL53: R | AM53: R | AN53: R | AO53: R | AP53: B | AQ53: B | AR53: B | AS53: B | AT53: B | AU53: B | AV53: B | AW53: R | AX53: R | AY53: B | AZ53: B | BA53: B | BB53: B | BC53: B | BD53: B | BE53: =(COUNTIF($B$53:$BD$53,"B")) -> 35 | BF53: =+BE53/55 -> 0.63636364 | BG53: =(COUNTIF($B$53:$BD$53,"R")) -> 16 | BH53: =+BG53/55 -> 0.29090909 | BI53: =(COUNTIF($B$53:$BD$53,"M")) -> 4 | BJ53: =+BI53/55 -> 0.072727273
A54: Señalización Vertical
B55: R | C55: R | D55: R | E55: R | F55: R | G55: R | H55: R | I55: R | J55: R | K55: R | L55: M | M55: M | N55: R | O55: R | P55: R | Q55: R | R55: R | S55: R | T55: R | U55: R | V55: M | W55: M | X55: R | Y55: R | Z55: R | AA55: R | AB55: R | AC55: R | AD55: R | AE55: R | AF55: R | AG55: R | AH55: R | AI55: R | AJ55: R | AK55: R | AL55: M | AM55: M | AN55: M | AO55: M | AP55: B | AQ55: B | AR55: R | AS55: R | AT55: R | AU55: R | AV55: R | AW55: R | AX55: R | AY55: R | AZ55: R | BA55: B | BB55: B | BC55: B | BD55: B | BE55: =(COUNTIF($B$55:$BD$55,"B")) -> 6 | BF55: =+BE55/55 -> 0.10909091 | BG55: =(COUNTIF($B$55:$BD$55,"R")) -> 41 | BH55: =+BG55/55 -> 0.74545455 | BI55: =(COUNTIF($B$55:$BD$55,"M")) -> 8 | BJ55: =+BI55/55 -> 0.14545455
A56: Señalización horizontal
B57: M | C57: M | D57: M | E57: M | F57: M | G57: M | H57: M | I57: M | J57: M | K57: M | L57: M | M57: M | N57: M | O57: M | P57: M | Q57: M | R57: M | S57: M | T57: M | U57: M | V57: M | W57: M | X57: M | Y57: M | Z57: M | AA57: M | AB57: M | AC57: M | AD57: M | AE57: M | AF57: M | AG57: M | AH57: M | AI57: M | AJ57: M | AK57: M | AL57: M | AM57: M | AN57: M | AO57: M | AP57: M | AQ57: M | AR57: M | AS57: M | AT57: M | AU57: M | AV57: M | AW57: M | AX57: M | AY57: M | AZ57: M | BA57: R | BB57: R | BC57: r | BD57: B | BE57: =(COUNTIF($B$57:$BD$57,"B")) -> 1 | BF57: =+BE57/55 -> 0.018181818 | BG57: =(COUNTIF($B$57:$BD$57,"R")) -> 3 | BH57: =+BG57/55 -> 0.054545455 | BI57: =(COUNTIF($B$57:$BD$57,"M")) -> 51 | BJ57: =+BI57/55 -> 0.92727273
A58: Rocería
B59: m | C59: m | D59: m | E59: m | F59: r | G59: r | H59: r | I59: m | J59: m | K59: m | L59: m | M59: m | N59: m | O59: m | P59: m | Q59: m | R59: m | S59: m | T59: m | U59: m | V59: m | W59: m | X59: m | Y59: m | Z59: m | AA59: m | AB59: m | AC59: m | AD59: m | AE59: m | AF59: m | AG59: m | AH59: m | AI59: m | AJ59: m | AK59: r | AL59: r | AM59: r | AN59: m | AO59: m | AP59: m | AQ59: m | AR59: m | AS59: m | AT59: m | AU59: m | AV59: m | AW59: r | AX59: r | AY59: r | AZ59: r | BA59: r | BB59: r | BC59: r | BD59: r | BE59: =(COUNTIF($B$59:$BD$59,"B")) -> 0 | BF59: =+BE59/55 -> 0 | BG59: =(COUNTIF($B$59:$BD$59,"R")) -> 14 | BH59: =+BG59/55 -> 0.25454545 | BI59: =(COUNTIF($B$59:$BD$59,"M")) -> 41 | BJ59: =+BI59/55 -> 0.74545455
A60: Alcantarillas | BM60: CONVENCIONES
B61: r | C61: r | D61: r | E61: r | F61: r | G61: r | H61: r | I61: r | J61: r | K61: r | L61: r | M61: r | N61: r | O61: r | P61: r | Q61: r | R61: R | S61: R | T61: r | U61: r | V61: r | W61: r | X61: r | Y61: r | Z61: r | AA61: r | AB61: r | AC61: r | AD61: r | AE61: r | AF61: r | AG61: r | AH61: r | AI61: r | AJ61: r | AK61: r | AL61: r | AM61: M | AN61: R | AO61: R | AP61: r | AQ61: r | AR61: r | AS61: r | AT61: r | AU61: r | AV61: r | AW61: r | AX61: r | AY61: r | AZ61: r | BA61: r | BB61: r | BC61: r | BD61: r | BE61: 49 | BF61: =+BE61/55 -> 0.89090909 | BG61: 5 | BH61: =+BG61/55 -> 0.090909091 | BI61: 1 | BJ61: =+BI61/55 -> 0.018181818 | BM61: B | BN61: BUENO
A62: Limpiezas de bermas | BM62: R | BN62: REGULAR
B63: r | C63: r | D63: r | E63: r | F63: r | G63: r | H63: r | I63: r | J63: r | K63: r | L63: r | M63: r | N63: r | O63: r | P63: m | Q63: m | R63: m | S63: m | T63: m | U63: m | V63: m | W63: m | X63: m | Y63: m | Z63: m | AA63: m | AB63: m | AC63: m | AD63: m | AE63: m | AF63: m | AG63: m | AH63: m | AI63: m | AJ63: m | AK63: m | AL63: m | AM63: m | AN63: m | AO63: m | AP63: r | AQ63: r | AR63: r | AS63: r | AT63: r | AU63: r | AV63: r | AW63: r | AX63: r | AY63: r | AZ63: r | BA63: r | BB63: r | BC63: r | BD63: r | BE63: 52 | BF63: =+BE63/55 -> 0.94545455 | BG63: 3 | BH63: =+BG63/55 -> 0.054545455 | BI63: =(COUNTIF($B$63:$BD$63,"M")) -> 26 | BJ63: =+BI63/55 -> 0.47272727 | BM63: M | BN63: MALO
A64: NOTAS:
A65: La calificación corresponde al criterio visual a SEPTIEMBRE de 2024.
A66: Este tramo no cuenta con contrato de mantenimiento rutinario
A67: El pavimento, señalización, bermas, rocería y cunetas se dibujan y analizan por kilómetro; los puentes se hace por ítem
A68: El gráfico de alcantarillas muestra el kilometro pero el porcentaje es sobre el número de obras
A69: NOTA: Indicar en el mapa los PRs y nombre de cada uno de los sitios importantes
A70: Hacer montaje del mapa de la red vial sobre cartografía o mapas aerofotogramétricos
BE71: VOLVER A TABLA DE CONTENIDO

Sheet SEMAFORO VIS 6205
A1: INSTITUTO NACIONAL DE VÍAS
A2: DIRECCIÓN TERRITORIAL ANTIOQUIA
A3: GRAFICO No. 1
A4: ESTADO DE LAS VÍAS CRITERIO DE TRANSITABILIDAD (VISUAL)
A7: NOMBRE DE LA VÍA: | D7: HATILLO - CISNEROS | S7: Código de la vía: | V7: 6205
A9: SECTOR: | B9: 01 | F9: PASO NACIONAL BARBOSA | U9: PR 9+0000 A PR 9+0700
B10: 02 | F10: PASO NACIONAL CISNEROS | U10: PR 53+0000 A PR 54+1158
A12: INGENIERO RESIDENTE: | B12: =+DATOS!C10 -> CARLOS EDUARDO GARCIA CASTILLO | V12: TRIMESTRE EVALUADO | W12: =+DATOS!C16 -> JUN - SEP DE 2024
A38: CÓDIGO | B38: SECTOR | S38: Longitud y Porcentaje
B39: 1 | F39: 2 | S39: sobre el total de la vía
A40: PR | S40: o del ítem
A41: ÍTEM | B41: 9 | D41: 9+700 | F41: 53 | L41: 54 | O41: 54+1158 | S41: B | U41: R | W41: M
S42: km | T42: % | U42: km | V42: % | W42: km | X42: %
A43: Pavimento
S44: =+'ESTADO RED VIS '!K46 -> 0.7 | T44: =+S44/(S44+U44+W44) -> 0.24822695 | U44: =+'ESTADO RED VIS '!K47 -> 1.158 | V44: =+U44/(S44+U44+W44) -> 0.4106383 | W44: =+'ESTADO RED VIS '!K48 -> 0.962 | X44: =+W44/(S44+W44+U44) -> 0.34113475
A45: Afirmado
B46: NO APLICA
A47: Puentes (Son: 0 )
S48: =(COUNTIF($B$48:$Q$48,"B")) -> 0 | T48: 0 | U48: =(COUNTIF($B$48:$R$48,"B")) -> 0 | V48: 0 | W48: =(COUNTIF($B$48:$Q$48,"B")) -> 0 | X48: 0
A49: Cunetas
B50: B | F50: B | L50: B | S50: =(COUNTIF($B$50:$R$50,"B")) -> 3 | T50: =+S50/3 -> 1 | U50: =(COUNTIF($B$50:$Q$50,"R")) -> 0 | V50: =+U50/3 -> 0 | W50: =(COUNTIF($B$50:$Q$50,"M")) -> 0 | X50: =+W50/3 -> 0
A51: Señalización Vertical
B52: R | F52: B | L52: B | S52: =(COUNTIF($B$52:$Q$52,"B")) -> 2 | T52: =+S52/3 -> 0.66666667 | U52: =(COUNTIF($B$52:$Q$52,"R")) -> 1 | V52: =+U52/3 -> 0.33333333 | W52: =(COUNTIF($B$52:$Q$52,"M")) -> 0 | X52: =+W52/3 -> 0
A53: Señalización horizontal
B54: R | F54: B | L54: B | S54: =(COUNTIF($B$54:$Q$54,"B")) -> 2 | T54: =+S54/3 -> 0.66666667 | U54: =(COUNTIF($B$54:$Q$54,"R")) -> 1 | V54: =+U54/3 -> 0.33333333 | W54: =(COUNTIF($B$54:$Q$54,"M")) -> 0 | X54: =+W54/3 -> 0
A55: Rocería
B56: B | F56: B | L56: B | S56: =(COUNTIF($B$56:$Q$56,"B")) -> 3 | T56: =+S56/3 -> 1 | U56: =(COUNTIF($B$56:$Q$56,"R")) -> 0 | V56: =+U56/3 -> 0 | W56: =(COUNTIF($B$56:$Q$56,"M")) -> 0 | X56: =+W56/3 -> 0
A57: Alcantarillas | AA57: CONVENCIONES
B58: B | F58: B | L58: B | S58: =(COUNTIF($B$58:$Q$58,"B")) -> 3 | T58: =+S58/3 -> 1 | U58: =(COUNTIF($B$58:$Q$58,"R")) -> 0 | V58: =+U58/3 -> 0 | W58: =(COUNTIF($B$58:$Q$58,"M")) -> 0 | X58: =+W58/3 -> 0 | AA58: B | AB58: BUENO
A59: Limpiezas de bermas | AA59: R | AB59: REGULAR
B60: B | F60: B | L60: B | S60: =(COUNTIF($B$60:$Q$60,"B")) -> 3 | T60: =+S60/3 -> 1 | U60: =(COUNTIF($B$60:$R$60,"R")) -> 0 | V60: =+U60/3 -> 0 | W60: =(COUNTIF($B$60:$Q$60,"M")) -> 0 | X60: =+W60/3 -> 0 | AA60: M | AB60: MALO
A61: NOTAS:
A62: La calificación corresponde al criterio visual a SEPTIEMBRE de 2024
A63: El pavimento, señalización, bermas, rocería y cunetas se dibujan y analizan por kilómetro; los puentes se hace por ítem
A64: El gráfico de alcantarillas muestra el kilometro pero el porcentaje es sobre el número de obras
A65: NOTA: Indicar en el mapa los PRs y nombre de cada uno de los sitios importantes
A66: Hacer montaje del mapa de la red vial sobre cartografía o mapas aerofotogramétricos
S67: VOLVER A TABLA DE CONTENIDO

Sheet SEMAFORO VIS 6206
A1: INSTITUTO NACIONAL DE VÍAS
A2: DIRECCIÓN TERRITORIAL ANTIOQUIA
A3: GRAFICO No. 1
A4: ESTADO DE LAS VÍAS CRITERIO DE TRANSITABILIDAD (VISUAL)
A7: NOMBRE DE LA VÍA: | B7: CISNEROS - PUERTO BERRÍO - CRUCE RUTA 45 | AD7: Código de la vía: | AE7: 6206
A9: SECTOR: | B9: 01 | F9: PASO NACIONAL CISNEROS | AB9: PR 0+0000 A PR 1+0000
B10: 02 | F10: PASO NACIONAL PUERTO BERRÍO | AB10: PR 95+0198 A PR 97+1261
A12: INGENIERO RESIDENTE: | D12: CARLOS EDUARDO GARCIA CASTILLO | AC12: TRIMESTRE EVALUADO | AD12: =+DATOS!C16 -> JUN - SEP DE 2024
A27: CÓDIGO | AA27: Longitud y Porcentaje
B28: 1 | H28: 2 | AA28: sobre el total de la vía
A29: PR | AA29: o del ítem
A30: ÍTEM | B30: 0 | G30: 1 | H30: 95+0198 | L30: 96 | R30: 97 | V30: 97+1261 | AA30: B | AC30: R | AE30: M
AA31: km | AB31: % | AC31: km | AD31: % | AE31: km | AF31: %
A32: Pavimento
H33: R | I33: R | J33: R | K33: R | L33: R | M33: R | N33: R | O33: R | P33: R | Q33: R | R33: R | S33: R | T33: R | U33: R | V33: R | W33: R | X33: R | Y33: R | AA33: =+'ESTADO RED VIS '!K53 -> 1 | AB33: =+AA33/(AA33+AC33+AE33) -> 0.23685457 | AC33: =+'ESTADO RED VIS '!K54 -> 3.222 | AD33: =+AC33/(AA33+AC33+AE33) -> 0.76314543 | AE33: =+'ESTADO RED VIS '!K55 -> 0 | AF33: =+AE33/(AA33+AC33+AE33) -> 0
A34: Afirmado
B35: NO APLICA
A36: Puentes (Son: 3 )
B37: B | H37: R | T37: R | AA37: =(COUNTIF($B$37:$X$37,"B")) -> 1 | AB37: =+AA37/4.7 -> 0.21276596 | AC37: =(COUNTIF($B$37:$Y$37,"R")) -> 2 | AD37: =+AC37/3 -> 0.66666667 | AE37: =(COUNTIF($B$37:$X$37,"M")) -> 0 | AF37: =+AE37/4.7 -> 0
A38: Cunetas
B39: B | H39: B | N39: B | T39: B | AA39: 4.06 | AB39: =+AA39/4.06 -> 1 | AC39: =(COUNTIF($B$39:$Y$39,"R")) -> 0 | AD39: =+AC39/4.7 -> 0 | AE39: =(COUNTIF($B$39:$Y$39,"M")) -> 0 | AF39: =+AE39/4.7 -> 0
A40: Señalización Vertical
B41: B | H41: R | N41: R | T41: R | AA41: =(COUNTIF($B$41:$Y$41,"B")) -> 1 | AB41: =+AA41/4.7 -> 0.21276596 | AC41: 3.06 | AD41: =+AC41/4.7 -> 0.65106383 | AE41: =(COUNTIF($B$41:$Y$41,"M")) -> 0 | AF41: =+AE41/4.7 -> 0
A42: Señalización horizontal
B43: B | H43: R | I43: R | J43: R | K43: m | L43: m | M43: m | N43: R | O43: R | P43: R | Q43: R | R43: R | S43: R | T43: B | AA43: 2 | AB43: =+AA43/4.7 -> 0.42553191 | AC43: 2.06 | AD43: =+AC43/(AA43+AC43+AE43) -> 0.43277311 | AE43: 0.7 | AF43: =+AE43/4.7 -> 0.14893617
A44: Rocería
B45: B | H45: B | N45: B | T45: B | AA45: 4.06 | AB45: =+AA45/4.06 -> 1 | AC45: =(COUNTIF($B$45:$Y$45,"R")) -> 0 | AD45: 0 | AE45: =(COUNTIF($B$45:$Y$45,"M")) -> 0 | AF45: =+AE45/4.7 -> 0
A46: Alcantarillas | AI46: CONVENCIONES
B47: B | H47: R | N47: R | T47: R | AA47: =(COUNTIF($B$47:$X$47,"B")) -> 1 | AB47: =+AA47/4.06 -> 0.24630542 | AC47: 3.06 | AD47: =+AC47/4.06 -> 0.75369458 | AE47: =(COUNTIF($B$47:$X$47,"M")) -> 0 | AF47: =+AE47/4.7 -> 0 | AI47: B | AJ47: BUENO
A48: Limpiezas de bermas | AI48: R | AJ48: REGULAR
B49: B | H49: B | N49: B | T49: B | AA49: 4.06 | AB49: =+AA49/4.06 -> 1 | AC49: =(COUNTIF($B$49:$Y$49,"R")) -> 0 | AD49: =+AC49/4.7 -> 0 | AE49: =(COUNTIF($A$48:$W$48,"M")) -> 0 | AF49: =+AE49/4.7 -> 0 | AI49: M | AJ49: MALO
A50: NOTAS:
A51: La calificación corresponde al criterio visual a SEPTIEMBRE de 2024
A52: El pavimento, señalización, bermas, rocería y cunetas se dibujan y analizan por kilómetro; los puentes se hace por ítem
A53: El gráfico de alcantarillas muestra el kilometro pero el porcentaje es sobre el número de obras
A54: NOTA: Indicar en el mapa los PRs y nombre de cada uno de los sitios importantes
A55: Hacer montaje del mapa de la red vial sobre cartografía o mapas aerofotogramétricos
AA56: VOLVER A TABLA DE CONTENIDO

Sheet TORTA EST. VIAS VIS 
A1: INSTITUTO NACIONAL DE VÍAS
A2: DIRECCIÓN TERRITORIAL ANTIOQUIA
A4: GRAFICO No. 2
A6: ESTADO DE LAS VÍAS EN TORTA-CRITERIO DE TRANSITABILIDAD (VISUAL)
A8: INGENIERO RESIDENTE: | B8: CARLOS EDUARDO GARCIA CASTILLO
A10: PERIODO EVALUADO: | B10: =+DATOS!C16 -> JUN - SEP DE 2024
A13: CARRETERA | B13: TRIMESTRE ANTERIOR | C13: TRIMESTRE EVALUADO
A16: LA MANSA - PRIMAVERA SECTOR PAVIMENTADO PR 0+0000 al PR 44+0200, PR 88+0100 al PR 90+0000 PR 90+0615 al PR90+0740 PR92+0024 al PR 92+0280 PR 93+0700 al PR 95+0031 | F16: TRIMESTRE ANTERIOR | I16: TRIMESTRE EVALUADO
F17: KM | G17: % | I17: KM | J17: %
F18: 46.148 | G18: =+F18/F21 -> 0.94623744 | I18: =+'SEMAFORO VIS 6003'!CT44 -> 21 | J18: =+I18/I21 -> 0.4375
F19: 2.622 | G19: =+F19/F21 -> 0.053762559 | I19: =+'SEMAFORO VIS 6003'!CV44 -> 27 | J19: =+I19/I21 -> 0.5625
F20: 0 | G20: =+F20/F21 -> 0 | I20: =+'SEMAFORO VIS 6003'!CX44 -> 0 | J20: =+I20/I21 -> 0
F21: =SUM(F18:F20) -> 48.77 | G21: =SUM(G18:G20) -> 1 | I21: =SUM(I18:I20) -> 48 | J21: =SUM(J18:J20) -> 1
F26: TRIMESTRE ANTERIOR | I26: TRIMESTRE EVALUADO
F27: KM | G27: % | I27: KM | J27: %
F28: 0 | G28: =+F28/F31 -> 0 | I28: =+'ESTADO RED VIS '!K37 -> 0 | J28: =+I28/I31 -> 0
F29: 6.6171 | G29: =+F29/F31 -> 0.1202226 | I29: =+'ESTADO RED VIS '!K38 -> 6.4861 | J29: =+I29/I31 -> 0.11784531
A30: SANTA FÉ DE ANTIOQUIA - MEDELLÍN | F30: 48.4233 | G30: =+F30/F31 -> 0.8797774 | I30: =+'ESTADO RED VIS '!K39 -> 48.553 | J30: =+I30/I31 -> 0.88215469
A31: PR 16+0000 A PR 71+0000 | F31: =SUM(F28:F30) -> 55.0404 | G31: 1 | I31: =SUM(I28:I30) -> 55.0391 | J31: =SUM(J28:J30) -> 1
F36: TRIMESTRE ANTERIOR | I36: TRIMESTRE EVALUADO
F37: KM | G37: % | I37: KM | J37: %
A38: HATILLO - CISNEROS | F38: 0.7 | G38: =F38/F41 -> 0.24822695 | I38: =+'ESTADO RED VIS '!K46 -> 0.7 | J38: =I38/I41 -> 0.24822695
A39: (PASO NACIONAL POR BARBOSA) | F39: 1.158 | G39: =+F39/F41 -> 0.4106383 | I39: =+'ESTADO RED VIS '!K47 -> 1.158 | J39: =+I39/I41 -> 0.4106383
A40: PR9+0000 A PR9+0700 | F40: 0.962 | G40: =+F40/F41 -> 0.34113475 | I40: =+'ESTADO RED VIS '!K48 -> 0.962 | J40: =+I40/I41 -> 0.34113475
F41: =SUM(F38:F40) -> 2.82 | G41: =SUM(G38:G40) -> 1 | I41: =SUM(I38:I40) -> 2.82 | J41: =SUM(J38:J40) -> 1
A42: (PASO NACIONAL POR CISNEROS)
A43: PR53+0000 A PR54+1158
F46: TRIMESTRE ANTERIOR | I46: TRIMESTRE EVALUADO
A47: CISNEROS - PUERTO BERRÍO - | F47: KM | G47: % | I47: KM | J47: %
A48: CRUCE RUTA 45 | F48: 1 | G48: =+F48/F51 -> 0.24612355 | I48: =+'ESTADO RED VIS '!K53 -> 1 | J48: =+I48/I51 -> 0.23685457
A49: (PASO NACIONAL POR CISNEROS) | F49: 3.063 | G49: =+F49/F51 -> 0.75387645 | I49: =+'ESTADO RED VIS '!K54 -> 3.222 | J49: =+I49/I51 -> 0.76314543
A50: PR 0+0000 A PR 1+0000 | F50: 0 | G50: =+F50/F51 -> 0 | I50: =+'ESTADO RED VIS '!K55 -> 0 | J50: =+I50/I51 -> 0
F51: =SUM(F48:F50) -> 4.063 | G51: =SUM(G48:G50) -> 1 | I51: =SUM(I48:I50) -> 4.222 | J51: =SUM(J47:J50) -> 1
A52: (PASO NACIONAL POR PUERTO
A53: BERRÍO)
A54: PR 95+0198 A PR 97+1261
A58: CONVENCIONES | B58: NO CAMBIAR ESTOS TIPOS DE COLORES
A59: BUENO
A60: REGULAR
A61: MALO | C61: VOLVER A TABLA DE CONTENIDO

Sheet ESTADO RED TEC
A1: INSTITUTO NACIONAL DE VÍAS
A2: DIRECCIÓN TERRITORIAL ANTIOQUIA
A4: CUADRO No 4
A6: RELACIÓN ESTADO DE LA RED CRITERIO TÉCNICO
A8: INGENIERO RESIDENTE: | C8: =+DATOS!C10 -> CARLOS EDUARDO GARCIA CASTILLO | F8: PERIODO EVALUADO: | G8: =+DATOS!C16 -> JUN - SEP DE 2024
A10: CÓDIGO VÍA | B10: PR INICIAL | C10: PR FINAL | D10: CARRETERA | E10: Kms. | F10: TIPO DE | G10: ESTADO
F11: SUPERFICIE | G11: INICIAL | H11: FINAL
A13: 6003 | B13: 0+0000 | C13: 1+0000 | D13: LA MANSA-PRIMAVERA | E13: 1000 | F13: P | G13: B | H13: B
A15: 6003 | B15: 1+0000 | C15: 2+0000 | D15: LA MANSA-PRIMAVERA | E15: 844 | F15: P | G15: B | H15: B
A17: 6003 | B17: 2+0000 | C17: 3+0000 | D17: LA MANSA-PRIMAVERA | E17: 990 | F17: P | G17: B | H17: B
A19: 6003 | B19: 3+0000 | C19: 4+0000 | D19: LA MANSA-PRIMAVERA | E19: 983 | F19: P | G19: B | H19: B
A21: 6003 | B21: 4+0000 | C21: 5+0000 | D21: LA MANSA-PRIMAVERA | E21: 1000 | F21: P | G21: B | H21: B
A23: 6003 | B23: =+C21 -> 5+0000 | C23: 6+0000 | D23: LA MANSA-PRIMAVERA | E23: 1000 | F23: P | G23: B | H23: B
A25: 6003 | B25: 6+0000 | C25: 7+0000 | D25: LA MANSA-PRIMAVERA | E25: 1000 | F25: P | G25: B | H25: B
A27: 6003 | B27: =+C25 -> 7+0000 | C27: 8+0000 | D27: LA MANSA-PRIMAVERA | E27: =438+160+409 -> 1007 | F27: P | G27: B | H27: B
A29: 6003 | B29: =+C27 -> 8+0000 | C29: 9+0000 | D29: LA MANSA-PRIMAVERA | E29: 864 | F29: P | G29: B | H29: B
A31: 6003 | B31: =+C29 -> 9+0000 | C31: 10+0000 | D31: LA MANSA-PRIMAVERA | E31: 913 | F31: P | G31: B | H31: B
A33: 6003 | B33: 10+0000 | C33: 11+0000 | D33: LA MANSA-PRIMAVERA | E33: 1000 | F33: P | G33: B | H33: B
A35: 6003 | B35: 11+0000 | C35: 12+0000 | D35: LA MANSA-PRIMAVERA | E35: 867 | F35: P | G35: B | H35: B
A37: 6003 | B37: 12+0000 | C37: 13+0000 | D37: LA MANSA-PRIMAVERA | E37: 900 | F37: P | G37: B | H37: B
A39: 6003 | B39: 13+0000 | C39: 14+0000 | D39: LA MANSA-PRIMAVERA | E39: 960 | F39: P | G39: B | H39: B
A41: 6003 | B41: 14+0000 | C41: 16+0000 | D41: LA MANSA-PRIMAVERA | E41: 2253 | F41: P | G41: B | H41: B
A43: 6003 | B43: 16+0000 | C43: 19+0000 | D43: LA MANSA-PRIMAVERA | E43: 3000 | F43: P | G43: R | H43: R
A45: 6003 | B45: 19+0000 | C45: 20+0000 | D45: LA MANSA-PRIMAVERA | E45: 1000 | F45: P | G45: R | H45: M
A47: 6003 | B47: 20+0000 | C47: 22+0000 | D47: LA MANSA-PRIMAVERA | E47: 2000 | F47: P | G47: R | H47: R
A49: 6003 | B49: 22+0000 | C49: 23+0000 | D49: LA MANSA-PRIMAVERA | E49: 1000 | F49: P | G49: M | H49: M
A51: 6003 | B51: 23+0000 | C51: 35+0000 | D51: LA MANSA-PRIMAVERA | E51: 12027 | F51: P | G51: R | H51: R
N52: VÍA PAVIMENTADA RUTA 6003
A53: 6003 | B53: 35+0000 | C53: 36+0000 | D53: LA MANSA-PRIMAVERA | E53: 1008 | F53: P | G53: R | H53: B | N53: =+O53/$O$58 -> 0 | O53: =+(SUMIF(H$12:H$72,"MB",E$13:E$73))/1000 -> 0 | P53: MB
N54: =+O54/$O$58 -> 0.34820117 | O54: =+(SUMIF(H$13:H$73,"B",E$13:E$73))/1000 -> 16.589 | P54: B
A55: 6003 | B55: 36+0000 | C55: 40+0000 | D55: LA MANSA-PRIMAVERA | E55: 4038 | F55: P | G55: R | H55: R | N55: =+O55/$O$58 -> 0.60700642 | O55: =+(SUMIF(H$13:H$73,"R",E$13:E$73))/1000 -> 28.919 | P55: R
N56: =+O56/$O$58 -> 0.04479241 | O56: =+(SUMIF(H$13:H$73,"M",E$13:E$73))/1000 -> 2.134 | P56: M
A57: 6003 | B57: 40+0000 | C57: 41+0000 | D57: LA MANSA-PRIMAVERA | E57: 1014 | F57: P | G57: R | H57: R | N57: =+O57/$O$58 -> 0 | O57: =+(SUMIF(H$13:H$73,"MM",E$13:E$73))/1000 -> 0 | P57: MM
N58: =SUM(N53:N57) -> 1 | O58: =SUM(O53:O57) -> 47.642
A59: 6003 | B59: 41+0000 | C59: 44+0200 | D59: LA MANSA-PRIMAVERA | E59: 3214 | F59: P | G59: M | H59: R
A61: 6003 | B61: 88+0100 | C61: 89+0000 | D61: LA MANSA-PRIMAVERA | E61: 898 | F61: P | G61: R | H61: R
A63: 6003 | B63: 89+0000 | C63: 90+0000 | D63: LA MANSA-PRIMAVERA | E63: 998 | F63: P | G63: R | H63: R
A65: 6003 | B65: 93+0420 | C65: 94+0000 | D65: LA MANSA-PRIMAVERA | E65: 182 | F65: P | G65: B | H65: R
A67: 6003 | B67: 94+0000 | C67: 95+0000 | D67: LA MANSA-PRIMAVERA | E67: 996 | F67: P | G67: R | H67: R
A69: 6003 | B69: 95+0000 | C69: 95+0031 | D69: LA MANSA-PRIMAVERA | E69: 31 | F69: P | G69: R | H69: R
A71: 6003 | B71: 90+0615 | C71: 90+0740 | D71: LA MANSA-PRIMAVERA | E71: 134 | F71: P | G71: M | H71: M | L71: VÍA ANTIGUA LOMA LINDA
A73: 6003 | B73: 92+0024 | C73: 92+0280 | D73: LA MANSA-PRIMAVERA | E73: 521 | F73: P | G73: R | H73: R | L73: VÍA ANTIGUA KACHOTIS
A75: 6204 | B75: 16+0000 | C75: 17+0000 | D75: PUENTE AURRA - MEDELLIN | E75: 932.5 | F75: P | G75: M | H75: M | N75: VÍA PAVIMENTADA RUTA 6204
N76: =+O76/$O$81 -> 0 | O76: =+SUMIF(H$75:H$183,"MB",E$75:E$183)/1000 -> 0 | P76: MB
A77: 6204 | B77: =+C75 -> 17+0000 | C77: 18+0000 | D77: PUENTE AURRA - MEDELLIN | E77: 1056.5 | F77: P | G77: M | H77: M | N77: =+O77/$O$81 -> 0 | O77: =+SUMIF(H$75:H$183,"B",E$75:E$183)/1000 -> 0 | P77: B
N78: =+O78/$O$81 -> 0.090973096 | O78: =+SUMIF(H$75:H$183,"R",E$75:E$183)/1000 -> 5.0264 | P78: R
A79: 6204 | B79: 18+0000 | C79: 19+0000 | D79: PUENTE AURRA - MEDELLIN | E79: 1024.3 | F79: P | G79: M | H79: M | N79: =+O79/$O$81 -> 0.79758197 | O79: =+SUMIF(H$75:H$183,"M",E$75:E$183)/1000 -> 44.0676 | P79: M
N80: =+O80/$O$81 -> 0.11144494 | O80: =+SUMIF(H$75:H$183,"MM",E$75:E$183)/1000 -> 6.1575 | P80: MM
A81: 6204 | B81: 19+0000 | C81: 20+0000 | D81: PUENTE AURRA - MEDELLIN | E81: 959.5 | F81: P | G81: M | H81: M | N81: =SUM(N76:N80) -> 1 | O81: =SUM(O76:O80) -> 55.2515
A83: 6204 | B83: 20+0000 | C83: 21+0000 | D83: PUENTE AURRA - MEDELLIN | E83: 1000.3 | F83: P | G83: M | H83: M
A85: 6204 | B85: 21+0000 | C85: 22+0000 | D85: PUENTE AURRA - MEDELLIN | E85: 686 | F85: P | G85: M | H85: M
A87: 6204 | B87: 22+0000 | C87: 23+0000 | D87: PUENTE AURRA - MEDELLIN | E87: 1026.6 | F87: P | G87: M | H87: M
A89: 6204 | B89: 23+0000 | C89: 24+0000 | D89: PUENTE AURRA - MEDELLIN | E89: 1012.9 | F89: P | G89: M | H89: M
A91: 6204 | B91: 24+0000 | C91: 25+0000 | D91: PUENTE AURRA - MEDELLIN | E91: 956.3 | F91: P | G91: M | H91: M
A93: 6204 | B93: 25+0000 | C93: 26+0000 | D93: PUENTE AURRA - MEDELLIN | E93: 988.9 | F93: P | G93: M | H93: M
A95: 6204 | B95: 26+0000 | C95: 27+0000 | D95: PUENTE AURRA - MEDELLIN | E95: 951.7 | F95: P | G95: M | H95: M
A97: 6204 | B97: 27+0000 | C97: 28+0000 | D97: PUENTE AURRA - MEDELLIN | E97: 1000.3 | F97: P | G97: M | H97: M
A99: 6204 | B99: 28+0000 | C99: 29+0000 | D99: PUENTE AURRA - MEDELLIN | E99: 1035.5 | F99: P | G99: M | H99: M
A101: 6204 | B101: 29+0000 | C101: 30+0000 | D101: PUENTE AURRA - MEDELLIN | E101: 946.5 | F101: P | G101: M | H101: M
A103: 6204 | B103: 30+0000 | C103: 31+0000 | D103: PUENTE AURRA - MEDELLIN | E103: 964.8 | F103: P | G103: M | H103: M
A105: 6204 | B105: 31+0000 | C105: 32+0000 | D105: PUENTE AURRA - MEDELLIN | E105: 925.6 | F105: P | G105: M | H105: M
... A183: 6204 | B183: 70+0000 | C183: 71+0000 | D183: PUENTE AURRA - MEDELLIN | E183: 1022 | F183: P | G183: R | H183: R
A185: 6205 | B185: 09+0000 | C185: 09+0700 | D185: HATILLO - CISNEROS | E185: 700 | F185: P | G185: R | H185: R | L185: CALZADA SENCILLA | N185: VÍA PAVIMENTADA RUTA 6205
N186: =+O186/$O$191 -> 0 | O186: =+SUMIF(H$185:H$195,"MB",E$185:E$195)/1000 -> 0 | P186: MB
A187: 6205 | B187: 53+0000 | C187: 54+0000 | D187: HATILLO - CISNEROS | E187: 962 | F187: P | G187: M | H187: M | L187: CALZADA SENCILLA | N187: =+O187/$O$191 -> 0 | O187: =+SUMIF(H$185:H$195,"B",E$185:E$195)/1000 -> 0 | P187: B
N188: =+O188/$O$191 -> 0.35825856 | O188: =+SUMIF(H$185:H$195,"R",E$185:E$195)/1000 -> 1.078 | P188: R
A189: 6205 | B189: 54+0000 | C189: 54+0537 | D189: HATILLO - CISNEROS | E189: 537 | F189: P | G189: M | H189: M | L189: CALZADA SENCILLA | N189: =+O189/$O$191 -> 0.64174144 | O189: =+SUMIF(H$185:H$195,"M",E$185:E$195)/1000 -> 1.931 | P189: M
N190: =+O190/$O$191 -> 0 | O190: =+SUMIF(H$185:H$195,"MM",E$185:E$195)/1000 -> 0 | P190: MM
A191: 6205 | B191: 54+0537 | C191: 54+0726 | D191: HATILLO - CISNEROS | E191: 189 | F191: P | G191: R | H191: R | L191: CALZADA DERECHA | N191: =SUM(N186:N190) -> 1 | O191: =SUM(O186:O190) -> 3.009
A193: 6205 | B193: 54+0537 | C193: 54+0726 | D193: HATILLO - CISNEROS | E193: 189 | F193: P | G193: R | H193: R | L193: CALZADA IZQUIERDA
A195: 6205 | B195: 54+0726 | C195: 54+1158 | D195: HATILLO - CISNEROS | E195: 432 | F195: P | G195: M | H195: M | L195: CALZADA SENCILLA
A197: 6206 | B197: 00+0000 | C197: 01+0000 | D197: CISNEROS - PUERTO BERRIO - CRUCE RUTA 45 | E197: 1000 | F197: P | G197: R | H197: R | L197: CALZADA SENCILLA
A199: 6206 | B199: 95+0198 | C199: 96+0000 | D199: CISNEROS - PUERTO BERRIO - CRUCE RUTA 45 | E199: 804 | F199: P | G199: M | H199: M | L199: CALZADA SENCILLA | N199: VÍA PAVIMENTADA RUTA 6206
N200: =+O200/O205 -> 0 | O200: =+SUMIF(H$197:H$209,"MB",E$197:E$209)/1000 -> 0 | P200: MB
A201: 6206 | B201: 96+0000 | C201: 96+0553 | D201: CISNEROS - PUERTO BERRIO - CRUCE RUTA 45 | E201: 553 | F201: P | G201: M | H201: M | L201: CALZADA SENCILLA | N201: =+O201/O205 -> 0 | O201: =+SUMIF(H$197:H$209,"B",E$197:E$209)/1000 -> 0 | P201: B
N202: =+O202/O205 -> 0.21767523 | O202: =+SUMIF(H$197:H$209,"R",E$197:E$209)/1000 -> 1 | P202: R
A203: 6206 | B203: 96+0553 | C203: 96+0909 | D203: CISNEROS - PUERTO BERRIO - CRUCE RUTA 45 | E203: 356 | F203: P | G203: M | H203: M | L203: CALZADA DERECHA | N203: =+O203/O205 -> 0.78232477 | O203: =+SUMIF(H$197:H$209,"M",E$197:E$209)/1000 -> 3.594 | P203: M
N204: =+O204/O205 -> 0 | O204: =+SUMIF(H$197:H$209,"MM",E$197:E$209)/1000 -> 0 | P204: MM
A205: 6206 | B205: 96+0553 | C205: 96+0909 | D205: CISNEROS - PUERTO BERRIO - CRUCE RUTA 45 | E205: 356 | F205: P | G205: M | H205: M | L205: CALZADA IZQUIERDA | N205: =SUM(N200:N204) -> 1 | O205: =SUM(O200:O204) -> 4.594
A207: 6206 | B207: 96+0909 | C207: 97+0000 | D207: CISNEROS - PUERTO BERRIO - CRUCE RUTA 45 | E207: 91 | F207: P | G207: M | H207: M | L207: CALZADA SENCILLA
A209: 6206 | B209: 97+0000 | C209: 97+1261 | D209: CISNEROS - PUERTO BERRIO - CRUCE RUTA 45 | E209: 1434 | F209: P | G209: M | H209: M | L209: CALZADA SENCILLA
A211: Nota: La información contenida es un ejemplo sobre la forma de diligenciar este cuadro.Debe presentarse a color SIN CAMBIAR ESTOS TIPOS DE COLORES.
A212: Esta informacion se deberá presentar cada seis meses en un informe especifico en CD e incorporarlo en el trimestral
A213: que le corresponda.
E214: CONVENCIONES | G214: NO CAMBIAR ESTOS TIPOS DE COLORES
E215: MB | F215: MUY BUENO
E216: B | F216: BUENO
E217: R | F217: REGULAR
E218: M | F218: MALO
E219: MM | F219: MUY MALO
G221: VOLVER A TABLA DE CONTENIDO

Sheet SEMAFORO TEC 6003
A1: INSTITUTO NACIONAL DE VÍAS
A2: DIRECCIÓN TERRITORIAL ANTIOQUIA
A3: GRAFICO No. 3
A4: ESTADO DE LA RED CRITERIO TÉCNICO
A6: NOMBRE DE LA VÍA: | B6: La Mansa - Primavera | CU6: Código de la vía: | CX6: 6003
A8: SECTOR | B8: 01 | H8: LA MANSA - PEÑALISA | BI8: PR 0+0000 A PR 44+0200
B9: 02 | H9: PEAJE AMAGA | BI9: PR 88+0100 A PR90+0000
B10: 03 | H10: LOMA LINDA | BI10: PR 90+0615 A PR 90+0740 | CS10: SECTOR DE LA VÍA ANTIGUA, LADO DERECHO DE LOS PUENTES LOMA LINDA
B11: 04 | H11: KACHOTIS | BI11: PR 92+0024 A PR 92+0280 | CS11: SECTOR DE LA VÍA ANTIGUA, LADO IZQUIERDO DE LOS TÚNELES KACHOTIS
B12: 05 | H12: PRIMAVERA | BI12: PR 93+0700 A PR 95+0031
A13: INGENIERO RESIDENTE: | C13: =+DATOS!C10 -> CARLOS EDUARDO GARCIA CASTILLO | CT13: PERIODO EVALUADO: | CU13: =+DATOS!C16 -> JUN - SEP DE 2024
A37: CÓDIGO | B37: SECTOR | CU37: Longitud y Porcentaje
B38: 01 | CJ38: 02 | CO38: 03 | CU38: sobre el total de la vía
A39: PR | CU39: o del ítem
A40: ÍTEM | B40: 75 | I40: 10 | S40: 20 | AC40: 30 | AM40: 40 | AW40: 50 | BG40: 60 | BQ40: 70 | CA40: 80 | CK40: 90 | CP40: 95 | CS40: MB | CU40: B | CW40: R | CY40: M | DA40: MM
CS41: km | CT41: % | CU41: km | CV41: % | CW41: km | CX41: % | CY41: km | CZ41: % | DA41: km | DB41: %
A42: Pavimento | CS42: MB | CT42: MB
B43: B | C43: B | D43: B | E43: B | F43: B | G43: B | H43: B | I43: B | J43: B | K43: B | L43: B | M43: b | N43: b | O43: b | P43: r | Q43: R | R43: R | S43: R | T43: m | U43: m | V43: R | W43: R | X43: r | Y43: R | Z43: R | AA43: r | AB43: r | AC43: r | AD43: R | AE43: R | AF43: R | AG43: R | AH43: R | AI43: R | AJ43: r | AK43: b | AL43: r | AM43: R | AN43: R | AO43: R | AP43: r | AQ43: R | AR43: r | AS43: R | CL43: R | CM43: R | CN43: r | CQ43: m | CR43: r | CS43: =+'ESTADO RED TEC'!O53 -> 0 | CT43: =+CS43/($CS$43+$CU$43+$CW$43+$CY$43+$DA$43) -> 0 | CU43: =+'ESTADO RED TEC'!O54 -> 16.589 | CV43: =+CU43/($CS$43+$CU$43+$CW$43+$CY$43+$DA$43) -> 0.34820117 | CW43: =+'ESTADO RED TEC'!O55 -> 28.919 | CX43: =+CW43/($CS$43+$CU$43+$CW$43+$CY$43+$DA$43) -> 0.60700642 | CY43: =+'ESTADO RED TEC'!O56 -> 2.134 | CZ43: =+CY43/($CS$43+$CU$43+$CW$43+$CY$43+$DA$43) -> 0.04479241 | DA43: =+'ESTADO RED TEC'!O57 -> 0 | DB43: =+DA43/($CS$43+$CU$43+$CW$43+$CY$43+$DA$43) -> 0 | DC43: =+CT43+CV43+CX43+CZ43+DB43 -> 1
A44: Afirmado | CS44: MB | CT44: MB
DC45: =+CT45+CV45+CX45+CZ45+DB45 -> 0
A46: Puentes(Son: 9) | CS46: MB | CT46: MB
G47: MB | I47: MB | N47: MB | AG47: R | AH47: M | AI47: M | AK47: M | AM47: B | AP47: M | CS47: 3 | CT47: =+CS47/(CS47+CU47+CW47+CY47+DA47) -> 0.33333333 | CU47: 1 | CV47: =+CU47/(CS47+CU47+CW47+CY47+DA47) -> 0.11111111 | CW47: 1 | CX47: =+CW47/(CS47+CU47+CW47+CY47+DA47) -> 0.11111111 | CY47: 4 | CZ47: =+CY47/(CS47+CU47+CW47+CY47+DA47) -> 0.44444444 | DA47: 0 | DB47: =+DA47/(CS47+CU47+CW47+CY47+DA47) -> 0 | DC47: =+CT47+CV47+CX47+CZ47+DB47 -> 1
A48: Cunetas | CS48: MB | CT48: MB
B49: MB | C49: MB | D49: MB | E49: MB | F49: MB | G49: MB | H49: MB | I49: MB | J49: MB | K49: MB | L49: MB | M49: MB | N49: MB | O49: R | P49: B | Q49: M | R49: R | S49: R | T49: B | U49: B | V49: R | W49: B | X49: B | Y49: B | Z49: B | AA49: B | AB49: B | AC49: B | AD49: B | AE49: B | AF49: B | AG49: B | AH49: B | AI49: B | AJ49: B | AK49: B | AL49: B | AM49: B | AN49: B | AO49: B | AP49: B | AQ49: R | AR49: B | AS49: B | CL49: B | CM49: B | CQ49: MB | CR49: B | CS49: 14 | CT49: 0.2937 | CU49: 23 | CV49: 0.4826 | CW49: 8 | CX49: 0.1679 | CY49: 2.66 | CZ49: 0.0558 | DA49: 0 | DB49: 0 | DC49: =+CT49+CV49+CX49+CZ49+DB49 -> 1
A50: Señalización Vertical | CS50: MB | CT50: MB
B51: b | C51: b | D51: r | E51: r | F51: r | G51: r | H51: r | I51: b | J51: r | K51: b | L51: r | M51: b | N51: B | O51: R | P51: m | Q51: R | R51: B | S51: B | T51: B | U51: R | V51: R | W51: R | X51: B | Y51: R | Z51: m | AA51: R | AB51: m | AC51: R | AD51: R | AE51: B | AF51: B | AG51: R | AH51: R | AI51: m | AJ51: R | AK51: m | AL51: R | AM51: B | AN51: R | AO51: B | AP51: B | AQ51: B | AR51: B | AS51: R | CL51: B | CM51: b | CQ51: B | CR51: B | CS51: 0 | CT51: 0 | CU51: 13.5 | CV51: 0.2833 | CW51: 31 | CX51: 0.6504 | CY51: 3.16 | CZ51: 0.0663 | DA51: 0 | DB51: 0 | DC51: =+CT51+CV51+CX51+CZ51+DB51 -> 1
A52: Señalización horizontal | CS52: MB | CT52: MB
B53: R | C53: R | D53: R | E53: m | F53: R | G53: r | H53: r | I53: r | J53: r | K53: r | L53: r | M53: r | N53: m | O53: M | P53: r | Q53: m | R53: r | S53: R | T53: m | U53: R | V53: R | W53: R | X53: R | Y53: m | Z53: m | AA53: R | AB53: m | AC53: m | AD53: R | AE53: R | AF53: M | AG53: M | AH53: r | AI53: R | AJ53: R | AK53: m | AL53: R | AM53: R | AN53: R | AO53: R | AP53: R | AQ53: R | AR53: R | AS53: R | CL53: r | CM53: B | CQ53: B | CR53: R | CS53: 0 | CT53: 0 | CU53: 8 | CV53: 0.1679 | CW53: 25.66 | CX53: 0.5384 | CY53: 8 | CZ53: 0.1679 | DA53: 6 | DB53: 0.1259 | DC53: =+CT53+CV53+CX53+CZ53+DB53 -> 1.0001
A54: Rocería | CS54: MB | CT54: MB | DE54: CONVENCIONES | DG54: NO CAMBIAR ESTOS TIPOS DE COLORES
B55: B | C55: B | D55: B | E55: B | F55: B | G55: B | H55: B | I55: B | J55: B | K55: B | L55: B | M55: B | N55: B | O55: B | P55: B | Q55: B | R55: B | S55: B | T55: B | U55: B | V55: B | W55: B | X55: B | Y55: B | Z55: B | AA55: B | AB55: B | AC55: B | AD55: B | AE55: B | AF55: B | AG55: B | AH55: B | AI55: B | AJ55: B | AK55: B | AL55: B | AM55: B | AN55: B | AO55: B | AP55: B | AQ55: B | AR55: B | AS55: B | CL55: B | CM55: B | CQ55: B | CR55: B | CS55: 0 | CT55: 0 | CU55: 47.66 | CV55: 1 | CW55: 0 | CX55: 0 | CY55: 0 | CZ55: 0 | DA55: 0 | DB55: 0 | DC55: =+CT55+CV55+CX55+CZ55+DB55 -> 1 | DE55: MB | DF55: MUY BUENO
A56: Alcantarillas | CS56: MB | CT56: MB | DE56: B | DF56: BUENO
B57: MB | C57: MB | D57: B | E57: B | K57: M | L57: mb | M57: B | N57: R | O57: R | P57: B | Q57: B | R57: M | S57: R | T57: B | U57: B | V57: R | W57: B | X57: R | Y57: M | Z57: B | AA57: B | AB57: R | AC57: B | AD57: R | AE57: B | AF57: R | AG57: B | AH57: B | AI57: R | AJ57: R | AK57: M | AL57: R | AM57: R | AN57: R | AO57: R | AP57: B | AQ57: R | AR57: R | AS57: R | CL57: r | CM57: R | CQ57: MB | CR57: R | CS57: 5 | CT57: 0.1049 | CU57: 17 | CV57: 0.3567 | CW57: 21.66 | CX57: 0.4545 | CY57: 4 | CZ57: 0.0839 | DA57: 0 | DB57: 0 | DC57: =+CT57+CV57+CX57+CZ57+DB57 -> 1 | DE57: R | DF57: REGULAR
A58: Limpiezas de bermas | CS58: MB | CT58: MB | DE58: M | DF58: MALO
B59: B | C59: B | D59: B | E59: B | F59: B | G59: B | H59: B | I59: B | J59: B | K59: B | L59: B | M59: B | N59: B | O59: B | P59: B | Q59: B | R59: B | S59: B | T59: B | U59: B | V59: B | W59: B | X59: B | Y59: B | Z59: B | AA59: B | AB59: B | AC59: B | AD59: B | AE59: B | AF59: B | AG59: B | AH59: B | AI59: B | AJ59: B | AK59: B | AL59: B | AM59: B | AN59: B | AO59: B | AP59: B | AQ59: B | AR59: B | AS59: B | CL59: b | CM59: B | CQ59: B | CR59: B | CS59: 0 | CT59: 0 | CU59: 47.66 | CV59: 1 | CW59: 0 | CX59: 0 | CY59: 0 | CZ59: 0 | DA59: 0 | DB59: 0 | DC59: =+CT59+CV59+CX59+CZ59+DB59 -> 1 | DE59: MM | DF59: MUY MALO
A61: NOTA: Indicar en el mapa los PRs y nombres de cada uno de los sitios importantes
A62: Hacer montaje del mapa de la red vial sobre cartografía o mapas aerofotogramétricos
CU63: VOLVER A TABLA DE CONTENIDO

Sheet SEMAFORO TEC 6204
A1: INSTITUTO NACIONAL DE VÍAS
A2: DIRECCIÓN TERRITORIAL ANTIOQUIA
A3: GRAFICO No. 3
A4: ESTADO DE LA RED CRITERIO TÉCNICO
A7: NOMBRE DE LA VÍA: | B7: SANTA FÉ DE ANTIOQUIA - MEDELLÍN | BF7: Código de la vía: | BH7: 6204
A9: SECTOR | B9: 01 | I9: PUENTE AURRÁ - MEDELLÍN | BF9: PR 16+0000 A PR 71+0000
A11: INGENIERO RESIDENTE: | E11: =+DATOS!C10 -> CARLOS EDUARDO GARCIA CASTILLO | BH11: PERIODO EVALUADO: | BI11: =+DATOS!C16 -> JUN - SEP DE 2024
A43: CÓDIGO | B43: SECTOR | BF43: Longitud y Porcentaje
A44: 6204 | B44: 01 | BF44: sobre el total de la vía
A45: PR | BF45: o del ítem
A46: ÍTEM | B46: 16 | F46: 20 | J46: 25 | K46: 25 | P46: 30 | U46: 35 | Z46: 40 | AE46: 45 | AJ46: 50 | AO46: 55 | AT46: 60 | AY46: 65 | BD46: 70 | BF46: MB | BH46: B | BJ46: R | BL46: M | BN46: MM
BF47: km | BG47: % | BH47: km | BI47: % | BJ47: km | BK47: % | BL47: km | BM47: % | BN47: km | BO47: %
A48: Pavimento | BF48: MB | BG48: MB
B49: M | C49: M | D49: M | E49: M | F49: M | G49: M | H49: M | I49: M | J49: M | K49: M | L49: M | M49: M | N49: M | O49: M | P49: M | Q49: M | R49: M | S49: M | T49: M | U49: M | V49: M | W49: M | X49: M | Y49: M | Z49: M | AA49: M | AB49: M | AC49: M | AD49: M | AE49: M | AF49: mm | AG49: M | AH49: M | AI49: M | AJ49: M | AK49: r | AL49: MM | AM49: M | AN49: M | AO49: R | AP49: M | AQ49: M | AR49: M | AS49: MM | AT49: mm | AU49: mm | AV49: MM | AW49: MM | AX49: M | AY49: M | AZ49: M | BA49: M | BB49: R | BC49: R | BD49: R | BF49: =+'ESTADO RED TEC'!O76 -> 0 | BG49: =+BF49/($BF$49+$BH$49+$BJ$49+$BL$49+$BN$49) -> 0 | BH49: =+'ESTADO RED TEC'!O77 -> 0 | BI49: =+BH49/($BF$49+$BH$49+$BJ$49+$BL$49+$BN$49) -> 0 | BJ49: =+'ESTADO RED TEC'!O78 -> 5.0264 | BK49: =+BJ49/($BF$49+$BH$49+$BJ$49+$BL$49+$BN$49) -> 0.090973096 | BL49: =+'ESTADO RED TEC'!O79 -> 44.0676 | BM49: =+BL49/($BF$49+$BH$49+$BJ$49+$BL$49+$BN$49) -> 0.79758197 | BN49: =+'ESTADO RED TEC'!O80 -> 6.1575 | BO49: =+BN49/($BF$49+$BH$49+$BJ$49+$BL$49+$BN$49) -> 0.11144494
A50: Afirmado | B50: NO APLICA | BF50: MB | BG50: MB
BF51: 0 | BG51: 0 | BH51: 0 | BI51: 0 | BJ51: 0 | BK51: =+BJ51/2.488 -> 0 | BL51: 0 | BM51: =+BL51/2.488 -> 0 | BN51: 0 | BO51: 0
A52: Puentes (Son: 13) | BF52: MB | BG52: MB
B53: R | G53: B | I53: B | L53: mb | V53: B | Y53: B | Z53: B | AA53: B | AD53: B | AF53: B | AH53: B | AL53: B | BF53: 1 | BG53: 0.0769 | BH53: 11 | BI53: 0.8462 | BJ53: 1 | BK53: 0.0769 | BL53: 0 | BM53: 0 | BN53: 0 | BO53: 0
A54: Cunetas | BF54: MB | BG54: MB
B55: B | C55: R | D55: B | E55: B | F55: B | G55: B | H55: B | I55: B | L55: MM | M55: B | N55: B | O55: B | P55: R | Q55: R | R55: R | S55: R | T55: R | U55: B | V55: MM | W55: B | X55: B | Y55: MM | Z55: B | AA55: B | AB55: R | AC55: R | AD55: R | AE55: B | AF55: R | AG55: B | AH55: B | AI55: B | AJ55: B | AK55: B | AL55: B | AM55: MM | AN55: R | AO55: R | AP55: R | AQ55: B | AR55: R | AS55: B | AT55: R | AU55: B | AV55: R | AW55: R | AX55: B | AY55: B | AZ55: B | BA55: B | BB55: B | BC55: B | BD55: B | BF55: 0 | BG55: 0 | BH55: 34.54 | BI55: 0.62994272 | BJ55: 16 | BK55: 0.28882378 | BL55: 4.5 | BM55: 0.081231689 | BN55: 0 | BO55: 0
A56: Señalización Vertical | BF56: MB | BG56: MB
B57: R | C57: R | D57: R | E57: R | F57: R | G57: R | H57: R | I57: R | J57: R | K57: R | L57: MM | M57: MM | N57: R | O57: R | P57: R | Q57: R | R57: R | S57: R | T57: R | U57: R | V57: R | W57: R | X57: MM | Y57: MM | Z57: R | AA57: R | AB57: B | AC57: B | AD57: B | AE57: B | AF57: B | AG57: B | AH57: B | AI57: B | AJ57: MM | AK57: MM | AL57: MM | AM57: MM | AN57: B | AO57: B | AP57: B | AQ57: B | AR57: R | AS57: R | AT57: R | AU57: R | AV57: R | AW57: R | AX57: R | AY57: R | AZ57: R | BA57: R | BB57: R | BC57: R | BD57: R | BF57: 0 | BG57: =+BF57/($BF$57+$BH$57+$BJ$57+$BL$57+$BN$57) -> 0 | BH57: 12 | BI57: =+BH57/($BF$57+$BH$57+$BJ$57+$BL$57+$BN$57) -> 0.21802326 | BJ57: 34.54 | BK57: =+BJ57/($BF$57+$BH$57+$BJ$57+$BL$57+$BN$57) -> 0.6275436 | BL57: 8.5 | BM57: =+BL57/($BF$57+$BH$57+$BJ$57+$BL$57+$BN$57) -> 0.15443314 | BN57: 0 | BO57: =+BN57/($BF$57+$BH$57+$BJ$57+$BL$57+$BN$57) -> 0
A58: Señalización horizontal | BF58: MB | BG58: MB
B59: MM | C59: MM | D59: MM | E59: MM | F59: MM | G59: MM | H59: MM | I59: MM | J59: MM | K59: MM | L59: MM | M59: MM | N59: MM | O59: MM | P59: MM | Q59: MM | R59: MM | S59: MM | T59: MM | U59: MM | V59: MM | W59: MM | X59: MM | Y59: MM | Z59: MM | AA59: MM | AB59: MM | AC59: MM | AD59: MM | AE59: MM | AF59: MM | AG59: MM | AH59: MM | AI59: MM | AJ59: MM | AK59: MM | AL59: MM | AM59: MM | AN59: MM | AO59: MM | AP59: MM | AQ59: MM | AR59: MM | AS59: MM | AT59: MM | AU59: MM | AV59: MM | AW59: MM | AX59: MM | AY59: MM | AZ59: R | BA59: R | BB59: R | BC59: R | BD59: R | BF59: 0 | BG59: =+BF59/($BF$59+$BH$59+$BJ$59+$BL$59+$BN$59) -> 0 | BH59: 0 | BI59: =+BH59/($BF$59+$BH$59+$BJ$59+$BL$59+$BN$59) -> 0 | BJ59: 3.9 | BK59: =+BJ59/($BF$59+$BH$59+$BJ$59+$BL$59+$BN$59) -> 0.070857558 | BL59: 0 | BM59: =+BL59/($BF$59+$BH$59+$BJ$59+$BL$59+$BN$59) -> 0 | BN59: 51.14 | BO59: =+BN59/($BF$59+$BH$59+$BJ$59+$BL$59+$BN$59) -> 0.92914244
A60: Rocería | BF60: MB | BG60: MB | BR60: CONVENCIONES | BT60: NO CAMBIAR ESTOS TIPOS DE COLORES
B61: B | C61: B | D61: B | E61: B | F61: B | G61: B | H61: B | I61: B | J61: B | K61: B | L61: B | M61: B | N61: B | O61: B | P61: B | Q61: B | R61: B | S61: B | T61: B | U61: B | V61: B | W61: B | X61: B | Y61: B | Z61: MM | AA61: MM | AB61: MM | AC61: MM | AD61: MM | AE61: MM | AF61: MM | AG61: MM | AH61: MM | AI61: MM | AJ61: MM | AK61: MM | AL61: MM | AM61: MM | AN61: MM | AO61: MM | AP61: MM | AQ61: MM | AR61: MM | AS61: MM | AT61: MM | AU61: MM | AV61: MM | AW61: MM | AX61: MM | AY61: MM | AZ61: MM | BA61: MM | BB61: R | BC61: R | BD61: B | BF61: 0 | BG61: 0 | BH61: 46.64 | BI61: 0.72205946 | BJ61: 6 | BK61: 0.069046936 | BL61: 2.4 | BM61: 0.2088918 | BN61: 0 | BO61: 0 | BR61: MB | BS61: MUY BUENO
A62: Alcantarillas | BF62: MB | BG62: MB | BR62: B | BS62: BUENO
B63: B | C63: B | D63: B | E63: B | F63: B | G63: B | H63: B | I63: B | J63: B | K63: B | L63: B | M63: B | N63: B | O63: B | P63: R | Q63: R | R63: B | S63: B | T63: B | U63: B | V63: B | W63: B | X63: B | Y63: B | Z63: B | AA63: B | AB63: B | AC63: B | AD63: B | AE63: B | AF63: B | AG63: B | AH63: B | AI63: B | AJ63: R | AK63: R | AL63: R | AM63: R | AN63: R | AO63: R | AP63: B | AQ63: B | AR63: B | AS63: B | AT63: B | AU63: B | AV63: B | AW63: B | AX63: B | AY63: B | AZ63: B | BA63: B | BB63: B | BC63: B | BD63: B | BF63: 0 | BG63: 0 | BH63: 48.04 | BI63: 0.90974076 | BJ63: 5 | BK63: 0.090257432 | BL63: 2 | BM63: 0 | BN63: 0 | BO63: 0 | BR63: R | BS63: REGULAR
A64: Limpiezas de bermas | BF64: MB | BG64: MB | BR64: M | BS64: MALO
B65: B | C65: B | D65: B | E65: B | F65: B | G65: B | H65: B | I65: B | J65: B | K65: B | L65: B | M65: B | N65: B | O65: B | P65: B | Q65: B | R65: B | S65: B | T65: B | U65: B | V65: B | W65: B | X65: B | Y65: B | Z65: b | AA65: r | AB65: b | AC65: r | AD65: r | AE65: r | AF65: r | AG65: r | AH65: r | AI65: r | AJ65: r | AK65: r | AL65: r | AM65: M | AN65: r | AO65: M | AP65: M | AQ65: M | AR65: M | AS65: M | AT65: M | AU65: M | AV65: M | AW65: M | AX65: M | AY65: M | AZ65: R | BA65: R | BB65: R | BC65: R | BD65: R | BF65: 0 | BG65: 0 | BH65: 37 | BI65: 0.72205946 | BJ65: 6.04 | BK65: 0.069046936 | BL65: 12 | BM65: 0.2088918 | BN65: 0 | BO65: 0 | BR65: MM | BS65: MUY MALO
A67: NOTA: Indicar en el mapa los PRs y nombres de cada uno de los sitios importantes
A68: Hacer montaje del mapa de la red vial sobre cartografía o mapas aerofotogramétricos
BK69: VOLVER A TABLA DE CONTENIDO

Sheet SEMAFORO TEC 6205
A1: INSTITUTO NACIONAL DE VÍAS
A2: DIRECCIÓN TERRITORIAL ANTIOQUIA
A3: GRAFICO No. 3
A4: ESTADO DE LA RED CRITERIO TÉCNICO
A7: NOMBRE DE LA VÍA: | D7: HATILLO - CISNEROS | S7: Código de la vía: | V7: 6205
A9: SECTOR: | B9: 01 | F9: PASO NACIONAL BARBOSA | U9: PR 9+0000 A PR 9+0700
B10: 02 | F10: PASO NACIONAL CISNEROS | U10: PR 53+0000 A PR 54+1158
A13: INGENIERO RESIDENTE: | D13: CARLOS EDUARDO GARCIA CASTILLO | U13: PERIODO EVALUADO: | V13: =+DATOS!C16 -> JUN - SEP DE 2024
A44: CÓDIGO | B44: SECTOR | S44: Longitud y Porcentaje
A45: 6205 | B45: 01 | F45: 02 | S45: sobre el total de la vía
A46: PR | E46: 9+700 | N46: 54+0537 | O46: 54+0762 | Q46: 54+1158 | S46: o del ítem
A47: ÍTEM | B47: 9 | F47: 53 | L47: 54 | S47: MB | U47: B | W47: R | Y47: M | AA47: MM
S48: km | T48: % | U48: km | V48: % | W48: km | X48: % | Y48: km | Z48: % | AA48: km | AB48: %
A49: Pavimento | N49: CD | S49: MB | T49: MB
B50: R | C50: R | D50: R | E50: R | F50: M | G50: M | H50: M | I50: M | J50: M | K50: M | L50: R | M50: R | N50: CI | P50: R | Q50: M | S50: 0 | T50: =+S50/($S$50+$U$50+$W$50+$Y$50+$AA$50) -> 0 | U50: =+'ESTADO RED TEC'!Q187 -> 0 | V50: =+U50/($S$50+$U$50+$W$50+$Y$50+$AA$50) -> 0 | W50: =+'ESTADO RED TEC'!O188 -> 1.078 | X50: =+W50/($S$50+$U$50+$W$50+$Y$50+$AA$50) -> 0.35825856 | Y50: =+'ESTADO RED TEC'!O189 -> 1.931 | Z50: =+Y50/($S$50+$U$50+$W$50+$Y$50+$AA$50) -> 0.64174144 | AA50: =+'ESTADO RED TEC'!O190 -> 0 | AB50: =+AA50/($S$50+$U$50+$W$50+$Y$50+$AA$50) -> 0
A51: Afirmado | S51: MB | T51: MB
S52: 0 | T52: 0 | U52: 0 | V52: 0 | W52: 0 | X52: 0 | Y52: 0 | Z52: 0 | AA52: 0 | AB52: 0
A53: Puentes (Son: 0 ) | S53: MB | T53: MB
S54: 0 | T54: 0 | U54: 0 | V54: 0 | W54: 0 | X54: 0 | Y54: 0 | Z54: 0 | AA54: 0 | AB54: 0
A55: Cunetas | S55: MB | T55: MB
B56: B | C56: B | D56: B | E56: B | F56: B | G56: B | H56: B | I56: B | J56: B | K56: B | L56: B | M56: B | N56: B | O56: B | P56: B | Q56: B | S56: 0 | T56: 0 | U56: 3.01 | V56: 1 | W56: 0 | X56: 0 | Y56: 0 | Z56: 0 | AA56: 0 | AB56: 0
A57: Señalización Vertical | S57: MB | T57: MB
B58: R | C58: R | D58: R | E58: R | F58: R | G58: R | H58: R | I58: R | J58: R | K58: R | L58: R | M58: R | N58: R | O58: R | P58: R | Q58: R | S58: 0 | T58: 0 | U58: 0 | V58: 0 | W58: 3.01 | X58: 1 | Y58: 0 | Z58: 0 | AA58: 0 | AB58: 0
A59: Señalización horizontal | S59: MB | T59: MB
B60: R | C60: R | D60: R | E60: m | F60: m | G60: m | H60: m | I60: m | J60: m | K60: m | L60: m | M60: R | N60: R | O60: R | P60: R | Q60: R | S60: 0 | T60: 0 | U60: 0 | V60: 0 | W60: =1.15+0.189 -> 1.339 | X60: 0.4106383 | Y60: 1.67 | Z60: 0.5893617 | AA60: 0 | AB60: 0
A61: Rocería | S61: MB | T61: MB | AE61: CONVENCIONES | AG61: NO CAMBIAR ESTOS TIPOS DE COLORES
B62: B | C62: B | D62: B | E62: B | F62: B | G62: B | H62: B | I62: B | J62: B | K62: B | L62: B | M62: B | N62: B | O62: B | P62: B | Q62: B | S62: 0 | T62: 0 | U62: 2.85 | V62: 1 | W62: 0 | X62: 0 | Y62: 0 | Z62: 0 | AA62: 0 | AB62: 0 | AE62: MB | AF62: MUY BUENO
A63: Alcantarillas | S63: MB | T63: MB | AE63: B | AF63: BUENO
B64: R | C64: R | D64: R | E64: R | F64: R | G64: R | H64: R | I64: R | J64: R | K64: R | L64: R | M64: R | N64: R | O64: R | P64: R | Q64: R | S64: 0 | T64: 0 | U64: 0 | V64: 0 | W64: 3.01 | X64: 1 | Y64: 0 | Z64: 0 | AA64: 0 | AB64: 0 | AE64: R | AF64: REGULAR
A65: Limpiezas de bermas | S65: MB | T65: MB | AE65: M | AF65: MALO
B66: B | C66: B | D66: B | E66: B | F66: B | G66: B | H66: B | I66: B | J66: B | K66: B | L66: B | M66: B | N66: B | O66: B | P66: B | Q66: B | S66: 0 | T66: 0 | U66: 3.01 | V66: 1 | W66: 0 | X66: 0 | Y66: 0 | Z66: 0 | AA66: 0 | AB66: 0 | AE66: MM | AF66: MUY MALO
A68: NOTA: Indicar en el mapa los PRs y nombres de cada uno de los sitios importantes
A69: Hacer montaje del mapa de la red vial sobre cartografía o mapas aerofotogramétricos
W70: VOLVER A TABLA DE CONTENIDO

Sheet SEMAFORO TEC 6206
A1: INSTITUTO NACIONAL DE VÍAS
A2: DIRECCIÓN TERRITORIAL ANTIOQUIA
A3: GRAFICO No. 3
A4: ESTADO DE LA RED CRITERIO TÉCNICO
A7: NOMBRE DE LA VÍA: | B7: CISNEROS - PUERTO BERRÍO - CRUCE RUTA 45 | AB7: Código de la vía: | AD7: 6206
A9: SECTOR: | B9: 01 | F9: PASO NACIONAL CISNEROS | V9: PR 0+0000 A PR 1+0000
B10: 02 | F10: PASO NACIONAL. PUERTO BERRÍO | V10: PR 95+0198 A PR 97+1261
A13: INGENIERO RESIDENTE: | D13: CARLOS EDUARDO GARCIA CASTILLO | AB13: PERIODO EVALUADO: | AC13: =+DATOS!C16 -> JUN - SEP DE 2024
A34: CÓDIGO | B34: SECTOR | AA34: Longitud y Porcentaje
A35: 6206 | B35: 01 | H35: 02 | AA35: sobre el total de la vía
A36: PR | B36: 0 | G36: 1 | H36: 95 | N36: 96 | Q36: 96+0553 | R36: 96+0909 | T36: 97 | Y36: 97+1261 | AA36: o del ítem
A37: ÍTEM | AA37: MB | AC37: B | AE37: R | AG37: M | AI37: MM
AA38: km | AB38: % | AC38: km | AD38: % | AE38: km | AF38: % | AG38: km | AH38: % | AI38: km | AJ38: %
A39: Pavimento | Q39: CD | AA39: MB | AB39: MB
B40: R | H40: M | N40: M | Q40: CI | T40: M | AA40: =+'ESTADO RED TEC'!O200 -> 0 | AB40: =+AA40/($AA$40+$AC$40+$AE$40+$AG$40+$AI$40) -> 0 | AC40: =+'ESTADO RED TEC'!O201 -> 0 | AD40: =+AC40/($AA$40+$AC$40+$AE$40+$AG$40+$AI$40) -> 0 | AE40: =+'ESTADO RED TEC'!O202 -> 1 | AF40: =+AE40/($AA$40+$AC$40+$AE$40+$AG$40+$AI$40) -> 0.21767523 | AG40: =+'ESTADO RED TEC'!O203 -> 3.594 | AH40: =+AG40/($AA$40+$AC$40+$AE$40+$AG$40+$AI$40) -> 0.78232477 | AI40: =+'ESTADO RED TEC'!O204 -> 0 | AJ40: =+AI40/($AA$40+$AC$40+$AE$40+$AG$40+$AI$40) -> 0
A41: Afirmado | AA41: MB | AB41: MB
I42: NO APLICA | AA42: 0 | AB42: 0 | AC42: 0 | AD42: 0 | AE42: 0 | AF42: 0 | AG42: 0 | AH42: 0 | AI42: 0 | AJ42: 0
A43: Puentes (Son: 3 ) | AA43: MB | AB43: MB
B44: R | H44: R | X44: R | Y44: R | AA44: 0 | AB44: 0 | AC44: 0 | AD44: 0 | AE44: 3 | AF44: 1 | AG44: 0 | AH44: 0 | AI44: 0 | AJ44: 0
A45: Cunetas | AA45: MB | AB45: MB
B46: B | H46: B | N46: B | T46: B | AA46: 0 | AB46: 0 | AC46: 4.42 | AD46: 1 | AE46: 0 | AF46: 0 | AG46: 0 | AH46: 0 | AI46: 0 | AJ46: 0
A47: Señalización Vertical | AA47: MB | AB47: MB
B48: R | H48: R | N48: R | T48: R | AA48: 0 | AB48: 0 | AC48: 0 | AD48: 0 | AE48: 4.42 | AF48: 1 | AG48: 0 | AH48: 0 | AI48: 0 | AJ48: 0
A49: Señalización horizontal | AA49: MB | AB49: MB
B50: B | H50: B | N50: B | T50: B | AA50: 0 | AB50: 0 | AC50: 4.42 | AD50: 0 | AE50: 0 | AF50: 0 | AG50: 0 | AH50: 0 | AI50: 0 | AJ50: 0
A51: Rocería | AA51: MB | AB51: MB | AM51: CONVENCIONES | AO51: NO CAMBIAR ESTOS TIPOS DE COLORES
B52: B | H52: B | N52: B | T52: B | AA52: 0 | AB52: 0 | AC52: 4.42 | AD52: 1 | AE52: 0 | AF52: 0 | AG52: 0 | AH52: 0 | AI52: 0 | AJ52: 0 | AM52: MB | AN52: MUY BUENO
A53: Alcantarillas | AA53: MB | AB53: MB | AM53: B | AN53: BUENO
B54: R | H54: R | N54: R | T54: R | AA54: 0 | AB54: 0 | AC54: 0 | AD54: 0 | AE54: 4.42 | AF54: 1 | AG54: 0 | AH54: 0 | AI54: 0 | AJ54: 0 | AM54: R | AN54: REGULAR
A55: Limpiezas de bermas | AA55: MB | AB55: MB | AM55: M | AN55: MALO
B56: B | H56: B | N56: B | T56: B | AA56: 0 | AB56: =+AA56/($AA$56+$AC$56+$AE$56+$AG$56+$AI$56) -> 0 | AC56: 4.42 | AD56: =+AC56/($AA$56+$AC$56+$AE$56+$AG$56+$AI$56) -> 1 | AE56: 0 | AF56: =+AE56/($AA$56+$AC$56+$AE$56+$AG$56+$AI$56) -> 0 | AG56: 0 | AH56: =+AG56/($AA$56+$AC$56+$AE$56+$AG$56+$AI$56) -> 0 | AI56: 0 | AJ56: =+AI56/($AA$56+$AC$56+$AE$56+$AG$56+$AI$56) -> 0 | AM56: MM | AN56: MUY MALO
A58: NOTA: Indicar en el mapa los PRs y nombres de cada uno de los sitios importantes
A59: Hacer montaje del mapa de la red vial sobre cartografía o mapas aerofotogramétricos
AC60: VOLVER A TABLA DE CONTENIDO

Sheet TORTA EST. VIAS TEC
A1: INSTITUTO NACIONAL DE VÍAS
A2: DIRECCIÓN TERRITORIAL ANTIOQUIA
A4: GRÁFICO No. 4
A6: ESTADO DE LA RED EN TORTA - CRITERIO TÉCNICO
A8: INGENIERO RESIDENTE: | B8: CARLOS EDUARDO GARCIA CASTILLO
A10: PERIODO EVALUADO: | B10: =+'SEMAFORO TEC 6206'!AC13 -> JUN - SEP DE 2024
B12: TRIMESTRE ANTERIOR | C12: TRIMESTRE EVALUADO
A13: CARRETERA
F14: TRIMESTRE ANTERIOR | J14: TRIMESTRE EVALUADO
A15: LA MANSA - PRIMAVERA SECTORES EN AFIRMADO PR 7+0438 al PR 7+0538 | F15: KM | G15: % | J15: KM | K15: %
F16: 0 | G16: 0 | H16: MB | J16: 0 | K16: =+'ESTADO RED TEC'!N18 -> 0 | L16: MB
F17: 0 | G17: 0 | H17: B | J17: 0 | K17: =+'ESTADO RED TEC'!N19 -> 0 | L17: B
F18: 0.16 | G18: 1 | H18: R | J18: =+'ESTADO RED TEC'!O20 -> 0 | K18: =+'ESTADO RED TEC'!N20 -> 0 | L18: R
F19: 0 | G19: 0 | H19: M | J19: =+'ESTADO RED TEC'!O21 -> 0 | K19: =+'ESTADO RED TEC'!N21 -> 0 | L19: M
F20: 0 | G20: 0 | H20: MM | J20: =+'ESTADO RED TEC'!O22 -> 0 | K20: =+'ESTADO RED TEC'!N22 -> 0 | L20: MM
F21: =SUM(F16:F20) -> 0.16 | G21: 100 | J21: =SUM(J16:J20) -> 0 | K21: =SUM(K16:K20) -> 0
F24: TRIMESTRE ANTERIOR | J24: TRIMESTRE EVALUADO
A25: LA MANSA - PRIMAVERA SECTOR PAVIMENTADO PR 0+0000 al PR 44+0200, PR 88+0100 al PR 90+0000 PR 93+0700 al PR 95+0031 PR 90+0615 al PR 90+0740 PR 92+0024 al PR 92+0280 | F25: KM | G25: % | J25: KM | K25: %
F26: 0 | G26: 0 | H26: MB | J26: =+'ESTADO RED TEC'!O53 -> 0 | K26: =+'ESTADO RED TEC'!N53 -> 0 | L26: MB
F27: 16.429 | G27: 0.34585912 | H27: B | J27: =+'ESTADO RED TEC'!O54 -> 16.589 | K27: =+'ESTADO RED TEC'!N54 -> 0.34820117 | L27: B
F28: 29.923 | G28: 0.62993137 | H28: R | J28: =+'ESTADO RED TEC'!O55 -> 28.919 | K28: =+'ESTADO RED TEC'!N55 -> 0.60700642 | L28: R
F29: 1.15 | G29: 0.024209507 | H29: M | J29: =+'ESTADO RED TEC'!O56 -> 2.134 | K29: =+'ESTADO RED TEC'!N56 -> 0.04479241 | L29: M
F30: 0 | G30: 0 | H30: MM | J30: =+'ESTADO RED TEC'!O57 -> 0 | K30: =+'ESTADO RED TEC'!N57 -> 0 | L30: MM
F31: =SUM(F26:F30) -> 47.502 | G31: =SUM(G26:G30) -> 1 | J31: =SUM(J26:J30) -> 47.642 | K31: =SUM(K26:K30) -> 1
F35: TRIMESTRE ANTERIOR | J35: TRIMESTRE EVALUADO
F36: KM | G36: % | J36: KM | K36: %
F37: 0 | G37: 0 | H37: MB | J37: =+'ESTADO RED TEC'!O76 -> 0 | K37: =+'ESTADO RED TEC'!N76 -> 0 | L37: MB
A38: SANTA FÉ DE ANTIOQUIA - MEDELLÍN | F38: 0 | G38: 0 | H38: B | J38: =+'ESTADO RED TEC'!O77 -> 0 | K38: =+'ESTADO RED TEC'!N77 -> 0 | L38: B
A39: PR 16+0000 A PR 71+0000 | F39: 4.8139 | G39: 0.087463435 | H39: R | J39: =+'ESTADO RED TEC'!O78 -> 5.0264 | K39: =+'ESTADO RED TEC'!N78 -> 0.090973096 | L39: R
F40: 48.2217 | G40: 0.87613692 | H40: M | J40: =+'ESTADO RED TEC'!O79 -> 44.0676 | K40: =+'ESTADO RED TEC'!N79 -> 0.79758197 | L40: M
F41: 2.0034 | G41: 0.036399644 | H41: MM | J41: =+'ESTADO RED TEC'!O80 -> 6.1575 | K41: =+'ESTADO RED TEC'!N80 -> 0.11144494 | L41: MM
F42: =SUM(F37:F41) -> 55.039 | G42: =SUM(G37:G41) -> 1 | J42: =SUM(J37:J41) -> 55.2515 | K42: =SUM(K37:K41) -> 1
F46: TRIMESTRE ANTERIOR | J46: TRIMESTRE EVALUADO
F47: KM | G47: % | J47: KM | K47: %
A48: HATILLO - CISNEROS | F48: 0 | G48: 0 | H48: MB | J48: =+'ESTADO RED TEC'!O186 -> 0 | K48: =+'ESTADO RED TEC'!N186 -> 0 | L48: MB
A49: (PASO NACIONAL POR BARBOSA) | F49: 0 | G49: 0 | H49: B | J49: =+'ESTADO RED TEC'!O187 -> 0 | K49: =+'ESTADO RED TEC'!N187 -> 0 | L49: B
A50: PR 9+0000 A PR 9+0700 | F50: 1.615 | G50: 0.35825856 | H50: R | J50: =+'ESTADO RED TEC'!O188 -> 1.078 | K50: =+'ESTADO RED TEC'!N188 -> 0.35825856 | L50: R
F51: 1.394 | G51: 0.64174144 | H51: M | J51: =+'ESTADO RED TEC'!O189 -> 1.931 | K51: =+'ESTADO RED TEC'!N189 -> 0.64174144 | L51: M
A52: (PASO NACIONAL POR CISNEROS) | F52: 0 | G52: 0 | H52: MM | J52: =+'ESTADO RED TEC'!O190 -> 0 | K52: =+'ESTADO RED TEC'!N190 -> 0 | L52: MM
A53: PR 53+0000 A PR 54+1158 | F53: =SUM(F48:F52) -> 3.009 | G53: =SUM(G48:G52) -> 1 | J53: =SUM(J48:J52) -> 3.009 | K53: =SUM(K48:K52) -> 1
F57: TRIMESTRE ANTERIOR | J57: TRIMESTRE EVALUADO
A58: CISNEROS - PUERTO BERRÍO - | F58: KM | G58: % | J58: KM | K58: %
A59: CRUCE RUTA 45 | F59: 0 | G59: 0 | H59: MB | J59: =+'ESTADO RED TEC'!O200 -> 0 | K59: =+'ESTADO RED TEC'!N200 -> 0 | L59: MB
A60: (PASO NACIONAL POR CISNEROS) | F60: 0 | G60: 0 | H60: B | J60: =+'ESTADO RED TEC'!O201 -> 0 | K60: =+'ESTADO RED TEC'!N201 -> 0 | L60: B
A61: PR 0+0000 A PR 1+0000 | F61: 1 | G61: 0.22629554 | H61: R | J61: =+'ESTADO RED TEC'!O202 -> 1 | K61: =+'ESTADO RED TEC'!N202 -> 0.21767523 | L61: R
F62: 3.419 | G62: 0.77370446 | H62: M | J62: =+'ESTADO RED TEC'!O203 -> 3.594 | K62: =+'ESTADO RED TEC'!N203 -> 0.78232477 | L62: M
A63: (PASO NACIONAL POR PUERTO | F63: 0 | G63: 0 | H63: MM | J63: =+'ESTADO RED TEC'!O204 -> 0 | K63: =+'ESTADO RED TEC'!N204 -> 0 | L63: MM
A64: BERRÍO) | F64: =SUM(F59:F63) -> 4.419 | G64: =SUM(G59:G63) -> 1 | J64: =SUM(J59:J63) -> 4.594 | K64: =SUM(K59:K63) -> 1
A65: PR 95+0198 A PR 97+1261
A69: CONVENCIONES | B69: NO CAMBIAR ESTOS TIPOS DE COLORES
A70: MUY BUENO
A71: BUENO
A72: REGULAR
A73: MALO
A74: MUY MALO | C74: VOLVER A TABLA DE CONTENIDO
A76: NOTA: El tramo PR 7+0438 al PR 7+0538, de la via 6003 que se encontraba en afirmado ya fue pavimentado.

Sheet MAPA 1 EST RED 
A1: INSTITUTO NACIONAL DE VÍAS
A2: DIRECCIÓN TERRITORIAL ANTIOQUIA
A4: MAPA No. 1
A5: ESTADO DE LA RED Y SITIOS CRÍTICOS DE INESTABILIDAD
B7: INCLUIR AQUÍ EL MAPA CON EL ESTADO GENERAL DE LA RED VIAL A CARGO (CON COLORES
B8: DEL CRITERIO TÉCNICO) Y LA UBICACIÓN CON PR DE LOS SITIOS CRÍTICOS DE INESTABILIDAD
H33: CONVENCIONES
H34: MB | I34: MUY BUENO
H35: B | I35: BUENO
H36: R | I36: REGULAR
H37: M | I37: MALO
H38: MM | I38: MUY MALO
A39: NOTA: | B39: Ubicar en el mapa municipios, PRs de sitios importantes y lugares donde hay
B40: cambios en el estado de la red y sitios críticos de inestabilidad.
A42: RELACIÓN SITIOS CRÍTICOS DE INESTABILIDAD
A43: No. | B43: CÓDIGO VÍA | C43: SECTOR | D43: PR | E43: DESCRIPCIÓN DEL PROBLEMA
A44: 1 | B44: 6003 | C44: La Mansa | D44: 1+0920 | E44: Hundimiento / costado IZQ
A45: 2 | B45: 6003 | C45: La Mansa | D45: 2+0000 | E45: Hundimiento / costado IZQ
A46: 3 | B46: 6003 | C46: La Mansa | D46: 2+0600 | E46: Hundimiento / costado IZQ
A47: 4 | B47: 6003 | C47: La Mansa | D47: 4+0060 | E47: Hundimiento / costado DER
A48: 5 | B48: 6003 | C48: La Mansa | D48: 5+0800 | E48: Talud superior inestable / Vivienda cercana
A49: 6 | B49: 6003 | C49: La Mansa | D49: 6+0800 | E49: Hundimiento / costado IZQ
A50: 7 | B50: 6003 | C50: C Bolivar | D50: 10+0000 | E50: Volcamiento muro alcantarilla
A51: 8 | B51: 6003 | C51: C Bolivar | D51: 19+0200 | E51: Hundimiento / Desconfinamiento de banca.
A52: 9 | B52: 6003 | C52: Peñalisa | D52: 40+0200 | E52: Talud superior inestable / Derrumbe
A53: 10 | B53: 6003 | C53: El Camionero | D53: 88+0500 | E53: Desconfinamiento de banca.
A54: 11 | B54: 6003 | C54: Kachotis | D54: 92+0325 | E54: Desconfinamiento de banca.
A55: 12 | B55: 6204 | C55: San Jeronimo | D55: 16+0200 | E55: Socavación aleta puente Aurrá II - Placa fracturada - Acero de refuerzo expuesto
... A140: 97 | B140: 6206 | C140: Cisneros | D140: 0+0203 | E140: Pérdida de banca.
E142: VOLVER A TABLA DE CONTENIDO

Sheet NECESIDADES PREVENTIVAS VIA 
A1: INSTITUTO NACIONAL DE VÍAS
A2: DIRECCIÓN TERRITORIAL ANTIOQUIA
A4: CUADRO No. 5
A6: NECESIDADES PREVENTIVAS DE LA VÍA
A7: MANTENIMIENTO PERIÓDICO
A9: INGENIERO RESIDENTE: | B9: CARLOS EDUARDO GARCIA CASTILLO | F9: TRIMESTRE EVALUADO: | G9: =+'TORTA EST. VIAS TEC'!$B$10 -> JUN - SEP DE 2024
A11: CARRETERA | B11: CÓDIGO | C11: PR inicial | D11: PR final | E11: DESCRIPCIÓN DE LA NECESIDAD | F11: COSTO ESTIMADO ($) | G11: OBSERVACIONES
A12: LA MANSA - PRIMAVERA | B12: 6003 | C12: 0+0000 88+0100 93+0420 | D12: 44+0200 90+0000 95+0031 | E12: Mejoramiento del drenaje | F12: ='CANT OBRA 6003'!H95+'CANT OBRA 6003'!H106 -> 8892782028 | G12: Reemplazo de obras por baja capacidad hidráulica y/o daños, cunetas y filtros.
B13: 6003 | C13: 7+0438 16+0500 88+0100 93+0420 | D13: 10+0500 44+0200 90+0000 95+0031 | E13: Mejoramiento estructura del pavimento | F13: =+'CANT OBRA 6003'!H115+'CANT OBRA 6003'!H133+'CANT OBRA 6003'!H144 -> 68353588225 | G13: Parcheo estructural, refuerzo y renivelaciones.
B14: 6003 | C14: 0+0000 88+0100 93+0420 | D14: 44+0200 90+0000 95+0031 | E14: Limpieza de calzada y evacuación de derrumbes | F14: =+'CANT OBRA 6003'!H123 -> 634465442 | G14: Remoción de derrumbes. | K14: 16
A15: SANTA FÉ DE ANTIOQUIA - MEDELLÍN | B15: 6204 | C15: 16+0000 | D15: 71+0000 | E15: Mejoramiento estructura del pavimento | F15: =+'CANT OBRA 6204'!H374+'CANT OBRA 6204'!H384 -> 1.2472885e+11 | G15: Parcheo estructural, refuerzo y renivelaciones. | K15: 7500
B16: 6204 | C16: 16+0000 | D16: 71+0000 | E16: Limpieza de calzada y evacuación de derrumbes | F16: =+'CANT OBRA 6204'!H391 -> 799426457 | G16: Remoción de derrumbes. | K16: =+K14*K15 -> 120000
A17: HATILLO - CISNEROS | B17: 6205 | C17: 90000 | D17: 90700 | E17: Mejoramiento estructura del pavimento | F17: =+'CANT OBRA 6205'!H24 -> 771201928 | G17: Parcheo estructural, refuerzo y renivelaciones.
B18: 6205 | C18: 53+0000 | D18: 54+1158 | E18: Mejoramiento estructura del pavimento | F18: =+'CANT OBRA 6205'!H44 -> 309795021 | G18: Parcheo estructural, refuerzo y renivelaciones.
A19: CISNEROS - PUERTO BERRÍO - CRUCE RUTA 45 | B19: 6206 | C19: 0+0000 | D19: 1+0000 | E19: Mejoramiento estructura del pavimento | F19: =+'CANT OBRA 6206'!H64 -> 142272168 | G19: Parcheo estructural, refuerzo y renivelaciones.
B20: 6206 | C20: 95+0198 | D20: 97+1261 | E20: Mejoramiento estructura del pavimento | F20: =+'CANT OBRA 6206'!H53 -> 703081709 | G20: Parcheo estructural, refuerzo y renivelaciones.
A22: LOS VALORES REGISTRADOS EN LA COLUMNA COSTO ESTIMADO, DEBEN ESTAR ENLAZADOS CON EL HIPERVINCULO DEL CUADRO No. 7 "CALCULO DE CANTIDADES Y COSTOS ESTIMADOS DE NECESIDADES DE LAS VIAS", RESPECTIVO.
A23: NOTA (1): El costo debe incluir AIU e IVA (19% sobre utilidades)
F24: VOLVER A TABLA DE CONTENIDO

Sheet NECESIDADES CRITICAS VIA 
A1: INSTITUTO NACIONAL DE VÍAS
A2: DIRECCIÓN TERRITORIAL ANTIOQUIA
A4: CUADRO No. 6
A6: NECESIDADES CRÍTICAS DE LAS VÍAS
A7: MANTENIMIENTO PERIÓDICO
A10: ADMINISTRADOR (ING. RESIDENTE): | C10: CARLOS EDUARDO GARCIA CASTILLO | F10: TRIMESTRE EVALUADO: | G10: =+'NECESIDADES PREVENTIVAS VIA '!G9 -> JUN - SEP DE 2024
A12: CARRETERA | B12: CÓDIGO | C12: PR inicial | D12: PR final | E12: DESCRIPCIÓN DE LA NECESIDAD | F12: COSTO ESTIMADO ($) | G12: OBSERVACIONES
A13: LA MANSA-PRIMAVERA | B13: 6003 | C13: 05+0800 19+0160 19+0350 23+0970 36+0275 92+0180 | D13: 05+0830 19+0210 19+0500 24+0000 36+0340 92+0200 | E13: Se requiere muro de contención por inestabilidad del talud inferior | F13: =+'CANT OBRA 6003'!H34+'CANT OBRA 6003'!H45+'CANT OBRA 6003'!H58+'CANT OBRA 6003'!H74+'CANT OBRA 6003'!H74+'CANT OBRA 6003'!H84 -> 16207023726 | G13: Prioritarios para la estabilidad de la vía y seguridad de los usuarios
C14: 40+0200 | D14: 40+0250 | E14: Tratamiento y obras de protección taludes | F14: =+'CANT OBRA 6003'!H84 -> 1492005449 | G14: Es importante el tratamiento de los taludes más inestables por la alta posibilidad de accidentes
C15: 35+0100 | D15: 35+0114 | E15: Baranda en concreto cerramiento muro | F15: =+'CANT OBRA 6003'!H161 -> 3762647 | G15: Cerramiento muro por discontinuidad del New Jersey
A16: SANTA FE DE ANTIOQUIA - SAN JERÓNIMO | B16: 6204 | C16: 41+0800 53+0710 65+0850 67+0390 | D16: 41+0802 53+0713 65+0854 67+0394 | E16: Reparación o reconstrucción obras de drenaje | F16: =+'CANT OBRA 6204'!H28+'CANT OBRA 6204'!H42+'CANT OBRA 6204'!H49+'CANT OBRA 6204'!H56+'CANT OBRA 6204'!H401 -> 1.1477701e+10 | G16: Actualmente esta instalada una alcantarilla metálica en muy malas condiciones y se presenta daño en calzada.
C17: 69+0975 | D17: 70+0000 | E17: Construcción de muros cabezal por reptación talud inferior | F17: =+'CANT OBRA 6204'!H363 -> 23779402515 | G17: Asentamientos producidos por fallas en el talud inferior.
C18: 27+0620 28+0270 36+0090 38+0100 44+0020 45+0340 46+0100 61+0110 62+0740 62+0980 64+0150 66+0515 66+0910 67+0100 67+0400 68+0900 69+0975 | D18: 27+0624 28+0275 36+0105 38+0103 44+0040 45+0360 46+0130 61+0150 62+0770 62+0995 64+0170 66+0530 66+0950 67+0180 67+0460 68+0930 70+0000 | E18: Se requiere muro de contención por inestabilidad del talud inferior | F18: =+'CANT OBRA 6204'!H68+'CANT OBRA 6204'!H80+'CANT OBRA 6204'!H96+'CANT OBRA 6204'!H112+'CANT OBRA 6204'!H128+'CANT OBRA 6204'!H145+'CANT OBRA 6204'!H161+'CANT OBRA 6204'!H178+'CANT OBRA 6204'!H192+'CANT OBRA 6204'!H209+'CANT OBRA 6204'!H226+'CANT OBRA 6204'!H243+'CANT OBRA 6204'!H290+'CANT OBRA 6204'!H260+'CANT OBRA 6204'!H276+'CANT OBRA 6204'!H304+'CANT OBRA 6204'!H326+'CANT OBRA 6204'!H348 -> 1.0152464e+10 | G18: Prioritarios para la estabilidad de la vía y seguridad de los usuarios
C19: 45+0450 | D19: 45+0770 | E19: Se requiere rehabilitar el paso a las condiciones iniciales de rasante | F19: =+'CANT OBRA 6204'!H161 -> 2.9585577e+09 | G19: Prioritario para la estabilidad de la vía y seguridad de los usuarios
A20: HATILLO -CISNEROS | B20: 6205 | C20: 54+0000 | D20: 54+1168 | E20: Fresado de pavimento existente y colocación carpeta asfáltica, paso urbano Cisneros PR54+0000 a PR54+1158. | F20: =+'CANT OBRA 6205'!H34 -> 1.5850178e+09 | G20: Reemplazo de carpeta asfáltica
C21: 53+0210 | D21: 53+0230 | E21: Se requiere muro de contención por inestabilidad del talud inferior | F21: =+'CANT OBRA 6205'!H55 -> 503210550 | G21: Prioritarios para la estabilidad de la vía y seguridad de los usuarios
A22: CISNEROS - PUERTO BERRÍO - CRUCE RUTA 45 | B22: 6206 | C22: 0+0203 | D22: 00+0218 | E22: Construcción de muro Piloteado | F22: =+'CANT OBRA 6206'!H31 -> 375191084 | G22: Socavación por acción del Rio Nus
C23: 950198 | D23: 970600 | E23: Fresado de pavimento existente y colocación carpeta asfáltica, paso urbano Puerto Berrío PR95+0198 a PR97+1261. | F23: =+'CANT OBRA 6206'!H43 -> 2690126426 | G23: Reemplazo de carpeta asfáltica
A25: LOS VALORES REGISTRADOS EN LA COLUMNA COSTO ESTIMADO, DEBEN ESTAR ENLAZADOS CON EL HIPERVÍNCULO DEL CUADRO No. 7 "CALCULO DE CANTIDADES Y COSTOS ESTIMADOS DE NECESIDADES DE LAS VÍAS", RESPECTIVO.
A26: NOTA (1): El costo debe incluir AIU e IVA (19% sobre utilidades)
F27: VOLVER A TABLA DE CONTENIDO

Sheet CANT OBRA 6003
A1: INSTITUTO NACIONAL DE VÍAS
A2: DIRECCIÓN TERRITORIAL ANTIOQUIA
A3: CUADRO No. 7
A5: CÁLCULO DE CANTIDADES Y COSTOS ESTIMADOS DE NECESIDADES
A6: DE LAS VÍAS (PREVENTIVAS Ó CRÍTICAS Ó PUENTES Ó PONTONES)
A7: INGENIERO RESIDENTE: | D7: =+DATOS!C10 -> CARLOS EDUARDO GARCIA CASTILLO | G7: TRIMESTRE EVALUADO: | H7: =+'NECESIDADES CRITICAS VIA '!G10 -> JUN - SEP DE 2024
A8: CARRETERA: | C8: 6003 LA MANSA - PRIMAVERA | E8: SECTOR: | F8: LA MANSA - PRIMAVERA
A10: ÍTEM DE PAGO | B10: ESPECIFICACIONES
B11: GENERAL | C11: PARTICULAR | D11: DESCRIPCIÓN | E11: UND. | F11: CANTIDAD | G11: VALOR UNITARIO ( $ ) | H11: VALOR TOTAL ( $ )
A13: 1. Descripción de la actividad : OBRAS DE PROTECCIÓN Y RECUPERACIÓN DE BANCA | BK13: 5/8 | BL13: =25/16 -> 1.5625
D14: PR 5+0800 al PR 5+0830
A15: 320.1.1 | B15: 320-1 | D15: SUB‐BASE GRANULAR CLASE A | E15: M³ | F15: =30*10*0.3 -> 90 | G15: 125538.37 | H15: =ROUND(F15*G15,0) -> 11298453
A16: 600.1.1 | B16: 600-13 | D16: EXCAVACIONES VARIAS SIN CLASIFICAR | E16: M³ | F16: =30*3/2 -> 45 | G16: 31141.31 | H16: =ROUND(F16*G16,0) -> 1401359
A17: 610.8 | B17: 610-13 | D17: RELLENOS CON MATERIAL FILTRANTE | E17: M³ | F17: 30 | G17: 135766.36 | H17: =ROUND(F17*G17,0) -> 4072991
A18: 621.1.2 | B18: 621-13 | D18: PILOTE DE CONCRETO VACIADO IN SITU, DE DIÁMETRO ______ (Analizado para pilote de concreto 28 Mpa IN SITU seccion circular diametro 1,2 m ) | E18: M | F18: =10*12 -> 120 | G18: 3406099.9 | H18: =ROUND(F18*G18,0) -> 408731984
A19: 630.1.3.2 | B19: 630-11 | D19: TIPO DE CONCRETO______ (Analizado para concreto reforzado resistencia 28 Mpa, compra de mezcla) | E19: M³ | F19: =30*9.32 -> 279.6 | G19: 986459.62 | H19: =ROUND(F19*G19,0) -> 275814110
A20: 640.1 | B20: 640-13 | D20: ACERO DE REFUERZO FY= 420 MPA | E20: KG | F20: =950+757*30+1069.67*120 -> 152020.4 | G20: 8221.53 | H20: =ROUND(F20*G20,0) -> 1249840279
G21: VALOR BÁSICO | H21: =SUM(H15:H20) -> 1951159176
G22: VALOR IVA (19% SOBRE UTILIDADES 5%) | H22: =ROUND((H21/1.3)*0.05*0.19,0) -> 14258471
G23: VALOR TOTAL DE LA OBRA | H23: =+H22+H21 -> 1965417647
D24: PR 19+0160 al PR 19+0210
A25: 600.1.1 | B25: 600-13 | D25: EXCAVACIONES VARIAS SIN CLASIFICAR | E25: M³ | F25: =200*2*4+3.1415*1.2*1.2*400 -> 3409.504 | G25: 31141.31 | H25: =ROUND(F25*G25,0) -> 106176421
A26: 610.8 | B26: 610-13 | D26: RELLENOS CON MATERIAL FILTRANTE | E26: M³ | F26: =200*7.9 -> 1580 | G26: 135766.36 | H26: =ROUND(F26*G26,0) -> 214510849
A27: 621.1.2 | B27: 621-13 | D27: PILOTE DE CONCRETO VACIADO IN SITU, DE DIÁMETRO ______ (Analizado para pilote de concreto 28 Mpa IN SITU seccion circular diametro 1,2 m ) | E27: M | F27: =200/3*6 -> 400 | G27: 3406099.9 | H27: =ROUND(F27*G27,0) -> 1362439948
A28: 630.1.3.2 | B28: 630-13 | D28: TIPO DE CONCRETO______ (Analizado para concreto reforzado resistencia 28 Mpa, compra de mezcla) | E28: M³ | F28: =200*9 -> 1800 | G28: 986459.62 | H28: =ROUND(F28*G28,0) -> 1775627316
A29: 640.1 | B29: 640-13 | D29: ACERO DE REFUERZO FY= 420 MPA | E29: KG | F29: =200*473.17 -> 94634 | G29: 8221.53 | H29: =ROUND(F29*G29,0) -> 778036270
A30: 673.1.2 | B30: 673-13 | D30: GEOTEXTIL TIPO __________ (Analizado para geotextil tipo tejido con resistencia a la tensión grab mínima de 1400 N ) | E30: M² | F30: =200*5.9 -> 1180 | G30: 15716.69 | H30: =ROUND(F30*G30,0) -> 18545694
A31: 673.2 | B31: 673-13 | D31: MATERIAL GRANULAR DRENANTE | E31: M³ | F31: =200*1.77 -> 354 | G31: 110181.06 | H31: =ROUND(F31*G31,0) -> 39004095
G32: VALOR BÁSICO | H32: =SUM(H25:H31) -> 4294340593
G33: VALOR IVA (19% SOBRE UTILIDADES 5%) | H33: =ROUND((H32/1.3)*0.05*0.19,0) -> 31381720
G34: VALOR TOTAL DE LA OBRA | H34: =+H33+H32 -> 4325722313
D35: PR 19+0350 al PR 19+0500
A36: 600.1.1 | B36: 600-13 | D36: EXCAVACIONES VARIAS SIN CLASIFICAR | E36: M³ | F36: =200*2*4+3.1415*1.2*1.2*200 -> 2504.752 | G36: 31141.31 | H36: =ROUND(F36*G36,0) -> 78001259
A37: 610.8 | B37: 610-13 | D37: RELLENOS CON MATERIAL FILTRANTE | E37: M³ | F37: =100*7.9 -> 790 | G37: 135766.36 | H37: =ROUND(F37*G37,0) -> 107255424
A38: 621.1.2 | B38: 621-13 | D38: PILOTE DE CONCRETO VACIADO IN SITU, DE DIÁMETRO ______ (Analizado para pilote de concreto 28 Mpa IN SITU seccion circular diametro 1,2 m ) | E38: M | F38: =100/3*6 -> 200 | G38: 3406099.9 | H38: =ROUND(F38*G38,0) -> 681219974
A39: 630.1.3.2 | B39: 630-13 | D39: TIPO DE CONCRETO______ (Analizado para concreto reforzado resistencia 28 Mpa, compra de mezcla) | E39: M³ | F39: =100*9 -> 900 | G39: 986459.62 | H39: =ROUND(F39*G39,0) -> 887813658
A40: 640.1 | B40: 640-13 | D40: ACERO DE REFUERZO FY= 420 MPA | E40: KG | F40: =100*473.17 -> 47317 | G40: 8221.53 | H40: =ROUND(F40*G40,0) -> 389018135
A41: 673.1.2 | B41: 673-13 | D41: GEOTEXTIL TIPO __________ (Analizado para geotextil tipo tejido con resistencia a la tensión grab mínima de 1400 N ) | E41: M² | F41: =100*5.9 -> 590 | G41: 15716.69 | H41: =ROUND(F41*G41,0) -> 9272847
A42: 673.2 | B42: 673-13 | D42: MATERIAL GRANULAR DRENANTE | E42: M³ | F42: =100*1.77 -> 177 | G42: 110181.06 | H42: =ROUND(F42*G42,0) -> 19502048
G43: VALOR BÁSICO | H43: =SUM(H36:H42) -> 2172083345
G44: VALOR IVA (19% SOBRE UTILIDADES 5%) | H44: =ROUND((H43/1.3)*0.05*0.19,0) -> 15872917
G45: VALOR TOTAL DE LA OBRA | H45: =+H44+H43 -> 2187956262
D46: PR 23+0970 al PR 24+0000
A47: 330.1 | B47: 330-13 | D47: BASE GRANULAR CLASE A | E47: M³ | F47: =8*0.3*1 -> 2.4 | G47: 113481.83 | H47: =ROUND(F47*G47,0) -> 272356
A48: 450.2 P | B48: 450-13 | D48: MEZCLA DENSA EN CALIENTE TIPO MDC‐19 COMPRADA (INCLUYE TTE) | E48: M³ | F48: =8*1*0.1 -> 0.8 | G48: 1343584.2 | H48: =ROUND(F48*G48,0) -> 1074867
A49: 600.1.1 | B49: 600-13 | D49: EXCAVACIONES VARIAS SIN CLASIFICAR | E49: M³ | F49: =10*2*4 -> 80 | G49: 31141.31 | H49: =ROUND(F49*G49,0) -> 2491305
A50: 610.8 | B50: 610-13 | D50: RELLENOS CON MATERIAL FILTRANTE | E50: M³ | F50: =8*7.9 -> 63.2 | G50: 135766.36 | H50: =ROUND(F50*G50,0) -> 8580434
A51: 621.1.2 | B51: 621-13 | D51: PILOTE DE CONCRETO VACIADO IN SITU, DE DIÁMETRO ______ (Analizado para pilote de concreto 28 Mpa IN SITU seccion circular diametro 1,2 m ) | E51: M | F51: =3*6 -> 18 | G51: 3406099.9 | H51: =ROUND(F51*G51,0) -> 61309798
A52: 630.1.3.2 | B52: 630-13 | D52: TIPO DE CONCRETO______ (Analizado para concreto reforzado resistencia 28 Mpa, compra de mezcla) | E52: M³ | F52: =8*2.41 -> 19.28 | G52: 986459.62 | H52: =ROUND(F52*G52,0) -> 19018941
A53: 640.1 | B53: 640-13 | D53: ACERO DE REFUERZO FY= 420 MPA | E53: KG | F53: =8*155.58501+1093.67*18 -> 20930.74 | G53: 8221.53 | H53: =ROUND(F53*G53,0) -> 172082707
A54: 673.1.2 | B54: 673-13 | D54: GEOTEXTIL TIPO __________ (Analizado para geotextil tipo tejido con resistencia a la tensión grab mínima de 1400 N ) | E54: M² | F54: =8*3.35 -> 26.8 | G54: 15716.69 | H54: =ROUND(F54*G54,0) -> 421207
A55: 673.2 | B55: 673-13 | D55: MATERIAL GRANULAR DRENANTE | E55: M³ | F55: =8*1 -> 8 | G55: 110181.06 | H55: =ROUND(F55*G55,0) -> 881448
G56: VALOR BÁSICO | H56: =SUM(H47:H55) -> 266133063
G57: VALOR IVA (19% SOBRE UTILIDADES 5%) | H57: =ROUND((H56/1.3)*0.05*0.19,0) -> 1944819
G58: VALOR TOTAL DE LA OBRA | H58: =+H57+H56 -> 268077882
D59: PR 36+0275 - PR 36+0340
A60: 330.1 | B60: 330-13 | D60: BASE GRANULAR CLASE A | E60: M³ | F60: =0.65*0.15*0.8 -> 0.078 | G60: 113481.83 | H60: =ROUND(F60*G60,0) -> 8852
A61: 450.2 P | B61: 450-13 | D61: MEZCLA DENSA EN CALIENTE TIPO MDC‐19 COMPRADA (INCLUYE TTE) | E61: M³ | F61: =0.65*0.1*1 -> 0.065 | G61: 1343584.2 | H61: =ROUND(F61*G61,0) -> 87333
A62: 600.1.1 | B62: 600-13 | D62: EXCAVACIONES VARIAS SIN CLASIFICAR | E62: M³ | F62: =65*9.82 -> 638.3 | G62: 31141.31 | H62: =ROUND(F62*G62,0) -> 19877498
A63: 600.2.1 | B63: 600-13 | D63: EXCAVACIONES VARIAS EN ROCA EN SECO | E63: M³ | F63: 544.18 | G63: 71257.53 | H63: =ROUND(F63*G63,0) -> 38776923
A64: 600.2.2 | B64: 600-13 | D64: EXCAVACIONES VARIAS EN ROCA BAJO AGUA | E64: M³ | F64: 169 | G64: 173621.62 | H64: =ROUND(F64*G64,0) -> 29342054
A65: 610.8 | B65: 610-13 | D65: RELLENOS CON MATERIAL FILTRANTE | E65: M³ | F65: =65*9.82 -> 638.3 | G65: 135766.36 | H65: =ROUND(F65*G65,0) -> 86659668
A66: 621.1.2 | B66: 621-13 | D66: PILOTE DE CONCRETO VACIADO IN SITU, DE DIÁMETRO ______ (Analizado para pilote de concreto 28 Mpa IN SITU seccion circular diametro 1,2 m ) | E66: M | F66: =22*12 -> 264 | G66: 3406099.9 | H66: =ROUND(F66*G66,0) -> 899210366
A67: 630.1.3.2 | B67: 630-13 | D67: TIPO DE CONCRETO______ (Analizado para concreto reforzado resistencia 28 Mpa, compra de mezcla) | E67: M³ | F67: =65*3.7 -> 240.5 | G67: 986459.62 | H67: =ROUND(F67*G67,0) -> 237243539
A68: 640.1 | B68: 640-13 | D68: ACERO DE REFUERZO FY= 420 MPA | E68: KG | F68: =292.43*65+1093.67*264 -> 307736.83 | G68: 8221.53 | H68: =ROUND(F68*G68,0) -> 2530067580
A69: 673.1.2 | B69: 673-13 | D69: GEOTEXTIL TIPO __________ (Analizado para geotextil tipo tejido con resistencia a la tensión grab mínima de 1400 N ) | E69: M² | F69: =4.3*65 -> 279.5 | G69: 15716.69 | H69: =ROUND(F69*G69,0) -> 4392815
A70: 673.2 | B70: 673-13 | D70: MATERIAL GRANULAR DRENANTE | E70: M³ | F70: =1.3*65 -> 84.5 | G70: 110181.06 | H70: =ROUND(F70*G70,0) -> 9310300
A71: 900.2.1 | B71: 900-13 | D71: TRANSPORTE DE MATERIALES PROVENIENTES DE LA EXCAVACIÓN DE LA EXPLANACIÓN, CANALES Y PRÉSTAMOS PARA DISTANCIAS MAYORES DE MIL METROS (1.000 m) MEDIDOS A PARTIR DE CIEN METROS (100 m) (Analizado para volqueta de 6 m3) | E71: M³-KM | F71: =+(F62+F64+F63)*1.3*15 -> 26353.86 | G71: 3144.79 | H71: =ROUND(F71*G71,0) -> 82877355
G72: VALOR BÁSICO | H72: =SUM(H60:H71) -> 3937854283
G73: VALOR IVA (19% SOBRE UTILIDADES 5%) | H73: =ROUND((H72/1.3)*0.05*0.19,0) -> 28776627
G74: VALOR TOTAL DE LA OBRA | H74: =SUM(H72:H73) -> 3966630910
D75: PR 92+0320 al PR 92+0340
A76: 210.1.1 | B76: 210-13 | D76: EXCAVACIÓN SIN CLASIFICAR DE LA EXPLANACIÓN Y CANALES | E76: M³ | F76: 500 | G76: 25563.3 | H76: =ROUND(F76*G76,0) -> 12781650
A77: 630.1.3.2 | B77: 630-13 | D77: TIPO DE CONCRETO______ (Analizado para concreto reforzado resistencia 28 Mpa, compra de mezcla) | E77: M³ | F77: =50*3.7 -> 185 | G77: 986459.62 | H77: =ROUND(F77*G77,0) -> 182495030
A78: 630.1.4.2 | B78: 630-11 | D78: TIPO DE CONCRETO_____ (Analizado para concreto reforzado de resistencia 21 Mpa, compra de mezcla) | E78: M³ | F78: =ROUND(30*9.32,0) -> 280 | G78: 958522.07 | H78: =ROUND(F78*G78,0) -> 268386180
A79: 621.1.2 | B79: 621-13 | D79: PILOTE DE CONCRETO VACIADO IN SITU, DE DIÁMETRO ______ (Analizado para pilote de concreto 28 Mpa IN SITU seccion circular diametro 1,2 m ) | E79: M | F79: =30/3*12 -> 120 | G79: 3406099.9 | H79: =ROUND(F79*G79,0) -> 408731984
A80: 640.1 | B80: 640-13 | D80: ACERO DE REFUERZO FY= 420 MPA | E80: KG | F80: =292.43*50 -> 14621.5 | G80: 8221.53 | H80: =ROUND(F80*G80,0) -> 120211101
A81: 630P | B81: 630-13 | C81: 630P | D81: BOLSACRETOS | E81: M³ | F81: =50*3*4 -> 600 | G81: =+(714423*1.0928)*1.043 -> 814292.48 | H81: =ROUND(F81*G81,0) -> 488575486
G82: VALOR BÁSICO | H82: =SUM(H76:H81) -> 1481181431
G83: VALOR IVA (19% SOBRE UTILIDADES 5%) | H83: =ROUND((H82/1.3)*0.05*0.19,0) -> 10824018
G84: VALOR TOTAL DE LA OBRA | H84: =+H83+H82 -> 1492005449
A85: 2. Descripción de la actividad : Reposición de obras de drenaje
D86: PR 10+0000 Y PR 13+0800
A87: 201.15 | B87: 201-13 | D87: REMOCIÓN DE ALCANTARILLAS | E87: M | F87: 25 | G87: 56670.1 | H87: =ROUND(F87*G87,0) -> 1416753
A88: 600.1.1 | B88: 600-13 | D88: EXCAVACIONES VARIAS SIN CLASIFICAR | E88: M³ | F88: =25*2*3 -> 150 | G88: 31141.31 | H88: =ROUND(F88*G88,0) -> 4671197
A89: 610.8 | B89: 610-13 | D89: RELLENOS CON MATERIAL FILTRANTE | E89: M³ | F89: =25*2*2.5 -> 125 | G89: 135766.36 | H89: =ROUND(F89*G89,0) -> 16970795
A90: 630.1.3.2 | B90: 630-13 | D90: TIPO DE CONCRETO______ (Analizado para concreto reforzado resistencia 28 Mpa, compra de mezcla) | E90: M³ | F90: 25 | G90: 986459.62 | H90: =ROUND(F90*G90,0) -> 24661491
A91: 630.1.7 | B91: 630-13 | D91: TIPO DE CONCRETO______ (Analizado para concreto ciclopeo con resistencia 17 Mpa) | E91: M³ | F91: 10 | G91: 382251.33 | H91: =ROUND(F91*G91,0) -> 3822513
A92: 661.1.2 | B92: 661-13 | D92: TUBERÍA DE CONCRETO REFORZADO CLASE ____ , DE _____MM DE DIÁMETRO INTERIOR | E92: M | F92: 25 | G92: 1009939.2 | H92: =ROUND(F92*G92,0) -> 25248480
G93: VALOR BÁSICO | H93: =SUM(H87:H92) -> 76791229
G94: VALOR IVA (19% SOBRE UTILIDADES 5%) | H94: =ROUND((H93/1.3*0.05*0.19),0) -> 561167
G95: VALOR TOTAL DE LA OBRA | H95: =SUM(H93:H94) -> 77352396
A97: 3. Descripción de la actividad : Construcción cunetas y filtros
D98: PR 12+0100-PR 44+0200
A99: 600.1.1 | B99: 600-13 | D99: EXCAVACIONES VARIAS SIN CLASIFICAR | E99: M³ | F99: =ROUND(20000*0.15*1.3,0) -> 3900 | G99: 31141.31 | H99: =ROUND(F99*G99,0) -> 121451109
A100: 610.8 | B100: 610-13 | D100: RELLENOS CON MATERIAL FILTRANTE | E100: M³ | F100: =20000*0.05*1.3 -> 1300 | G100: 135766.36 | H100: =ROUND(F100*G100,0) -> 176496268
A101: 663.1 | B101: 663-13 | D101: TUBERÍA DE PLÁSTICO TIPO ___, NORMA _____, DE DIÁMETRO ______ MM | E101: M | F101: =ROUND(20000*0.15,0) -> 3000 | G101: 1989179.1 | H101: =ROUND(F101*G101,0) -> 5967537450
A102: 671.1 | B102: 671-13 | D102: CUNETA DE CONCRETO VACIADA IN SITU CONFORMACIÓN DE LA SUPERFICIE DE APOYO | E102: M³ | F102: =20000*0.138 -> 2760 | G102: 835804.87 | H102: =ROUND(F102*G102,0) -> 2306821441
A103: 673.1.2 | B103: 673-13 | D103: GEOTEXTIL TIPO __________ (Analizado para geotextil tipo tejido con resistencia a la tensión grab mínima de 1400 N ) | E103: M² | F103: =ROUND(20000*0.15*3.8,0) -> 11400 | G103: 15716.69 | H103: =ROUND(F103*G103,0) -> 179170266
G104: VALOR BÁSICO | H104: =SUM(H99:H103) -> 8751476534
...

Sheet CANT OBRA 6204
A1: INSTITUTO NACIONAL DE VÍAS
A2: DIRECCIÓN TERRITORIAL ANTIOQUIA
A3: CUADRO No. 7
A5: CÁLCULO DE CANTIDADES Y COSTOS ESTIMADOS DE NECESIDADES
A6: DE LAS VÍAS (PREVENTIVAS Ó CRÍTICAS Ó PUENTES Ó PONTONES)
A7: INGENIERO RESIDENTE: | D7: =+DATOS!C10 -> CARLOS EDUARDO GARCIA CASTILLO | G7: TRIMESTRE EVALUADO: | H7: =+DATOS!C16 -> JUN - SEP DE 2024
A8: CARRETERA: | C8: 6204 SANTA FÉ DE ANTIOQUIA - MEDELLÍN | E8: SECTOR: | F8: PUENTE AURRÁ - MEDELLÍN
A10: ÍTEM DE PAGO | B10: ESPECIFICACIONES
B11: GENERAL | C11: PARTICULAR | D11: DESCRIPCIÓN | E11: UND. | F11: CANTIDAD | G11: VALOR UNITARIO ( $ ) | H11: VALOR TOTAL ( $ )
A13: 1.1 Reconstrucción de alcantarilla de 36" PR41+0800 al PR 41+0802
A14: 201.7 | B14: 201-13 | D14: DEMOLICIÓN DE ESTRUCTURAS | E14: M³ | F14: 14.4 | G14: 233139.82 | H14: =+ROUND(F14*G14,0) -> 3357213
A15: 201.15 | B15: 201-13 | D15: REMOCIÓN DE ALCANTARILLAS | E15: M | F15: 9 | G15: 56670.1 | H15: =+ROUND(F15*G15,0) -> 510031
A16: 330.1 | B16: 330-13 | D16: BASE GRANULAR CLASE A | E16: M³ | F16: 5.4 | G16: 130255.66 | H16: =+ROUND(F16*G16,0) -> 703381
A17: 450.2 P | B17: 450-13 | D17: MEZCLA DENSA EN CALIENTE TIPO MDC‐19 | E17: M³ | F17: 2.7 | G17: 1343584.2 | H17: =+ROUND(F17*G17,0) -> 3627677
A18: 465.1 | B18: 465-13 | D18: EXCAVACIÓN PARA REPARACIÓN DEL PAVIMENTO ASFÁLTICO EXISTENTE INCLUYENDO EL CORTE Y LA REMOCIÓN DE LAS CAPAS ASFÁLTICAS Y DE LAS SUBYACENTES | E18: M³ | F18: 2.7 | G18: 87302.51 | H18: =+ROUND(F18*G18,0) -> 235717
A19: 661.1.2 | B19: 600-13 | D19: TUBERÍA DE CONCRETO REFORZADO, CLASE ___ DE ___ MM DE DIÁMETRO INTERIOR. (Analizado para TCR clase II de 900 mm de Diam. int.) | E19: M | F19: 9 | G19: 1009939.2 | H19: =+ROUND(F19*G19,0) -> 9089453
A20: 610.1 | B20: 610-13 | D20: RELLENOS PARA ESTRUCTURAS CON SUELO | E20: M³ | F20: 45 | G20: 77019.71 | H20: =+ROUND(F20*G20,0) -> 3465887
A21: 610.1 | B21: 610-13 | D21: RELLENOS PARA ESTRUCTURAS CON SUELO | E21: M³ | F21: 18 | G21: 77019.71 | H21: =+ROUND(F21*G21,0) -> 1386355
A22: 630.1.4.2 | B22: 630-13 | D22: TIPO DE CONCRETO_____ (Analizado para concreto reforzado de resistencia 21 Mpa, compra de mezcla) | E22: M³ | F22: 23.25 | G22: 958522.07 | H22: =+ROUND(F22*G22,0) -> 22285638
A23: 630.1.6 | B23: 630-13 | D23: CONCRETO CLASE 14 MPA | E23: M³ | F23: 7.35 | G23: 552930.36 | H23: =+ROUND(F23*G23,0) -> 4064038
A24: 640.1 | B24: 640-13 | D24: ACERO DE REFUERZO FY= 420 MPA | E24: KG | F24: 399.091 | G24: 8221.53 | H24: =+ROUND(F24*G24,0) -> 3281139
A25: 673.1.2 | B25: 673-13 | D25: GEOTEXTIL TIPO __________ (Analizado para geotextil tipo tejido con resistencia a la tensión grab mínima de 1400 N ) | E25: M² | F25: 48 | G25: 15716.69 | H25: =+ROUND(F25*G25,0) -> 754401
G26: VALOR BÁSICO | H26: =SUM(H14:H25) -> 52760930
G27: VALOR IVA (19% SOBRE UTILIDADES) | H27: =ROUND(+(H26*0.05)*0.19,0) -> 501229
F28: VALOR TOTAL DE LA OBRA | H28: =+H26+H27 -> 53262159
A29: Reconstrucción de alcantarilla PR 53+0710 al PR 53+0713
A30: 201.7 | B30: 201-13 | D30: DEMOLICIÓN DE ESTRUCTURAS | E30: M³ | F30: 14.4 | G30: 233139.82 | H30: =+ROUND(F30*G30,0) -> 3357213
A31: 330.1 | B31: 330-13 | D31: BASE GRANULAR CLASE A | E31: M³ | F31: =10*4*0.3 -> 12 | G31: 130255.66 | H31: =+ROUND(F31*G31,0) -> 1563068
A32: 450.2 P | B32: 450-13 | D32: MEZCLA DENSA EN CALIENTE TIPO MDC‐19 | E32: M³ | F32: =10*5*0.1 -> 5 | G32: 1343584.2 | H32: =+ROUND(F32*G32,0) -> 6717921
A33: 465.1 | B33: 465-13 | D33: EXCAVACIÓN PARA REPARACIÓN DEL PAVIMENTO ASFÁLTICO EXISTENTE INCLUYENDO EL CORTE Y LA REMOCIÓN DE LAS CAPAS ASFÁLTICAS Y DE LAS SUBYACENTES | E33: M³ | F33: 2.7 | G33: 87302.51 | H33: =+ROUND(F33*G33,0) -> 235717
A34: 610.1 | B34: 610-13 | D34: RELLENOS PARA ESTRUCTURAS CON SUELO | E34: M³ | F34: 50 | G34: 77019.71 | H34: =+ROUND(F34*G34,0) -> 3850986
A35: 661.1.2 | B35: 600-13 | D35: TUBERÍA DE CONCRETO REFORZADO, CLASE ___ DE ___ MM DE DIÁMETRO INTERIOR. (Analizado para TCR clase II de 900 mm de Diam. int.) | E35: M | F35: 9 | G35: 1009939.2 | H35: =+ROUND(F35*G35,0) -> 9089453
A36: 630.1.4.2 | B36: 630-13 | D36: TIPO DE CONCRETO_____ (Analizado para concreto reforzado de resistencia 21 Mpa, compra de mezcla) | E36: M³ | F36: =20*3*0.5 -> 30 | G36: 958522.07 | H36: =+ROUND(F36*G36,0) -> 28755662
A37: 630.1.6 | B37: 630-13 | D37: CONCRETO CLASE 14 MPA | E37: M³ | F37: =20*3*0.5 -> 30 | G37: 552930.36 | H37: =+ROUND(F37*G37,0) -> 16587911
A38: 640.1 | B38: 640-13 | D38: ACERO DE REFUERZO FY= 420 MPA | E38: KG | F38: 399.091 | G38: 8221.53 | H38: =+ROUND(F38*G38,0) -> 3281139
A39: 673.1.2 | B39: 673-13 | D39: GEOTEXTIL TIPO __________ (Analizado para geotextil tipo tejido con resistencia a la tensión grab mínima de 1400 N ) | E39: M² | F39: =3.8*10 -> 38 | G39: 15716.69 | H39: =+ROUND(F39*G39,0) -> 597234
G40: VALOR BÁSICO | H40: =SUM(H30:H39) -> 74036304
G41: VALOR IVA (19% SOBRE UTILIDADES) | H41: =ROUND(+(H40*0.05)*0.19,0) -> 703345
F42: VALOR TOTAL DE LA OBRA | H42: =+H40+H41 -> 74739649
A43: Daño en Box Coulvert | D43: PR 65+0850 al PR 65+0854, RUTA 6204, Relleno grietas
A44: 610.2 | B44: 610-13 | D44: RELLENOS PARA ESTRUCTURAS CON RECEBO | E44: M³ | F44: 20 | G44: 59350.6 | H44: =+F44*G44 -> 1187012
A45: 630.1.4.2 | B45: 630-11 | D45: TIPO DE CONCRETO_____ (Analizado para concreto reforzado de resistencia 21 Mpa, compra de mezcla) | E45: M³ | F45: 15 | G45: 958522.07 | H45: =+F45*G45 -> 14377831
A46: 640.1 | B46: 640-13 | D46: ACERO DE REFUERZO FY= 420 MPA | E46: KG | F46: =ROUND(4*132.85,0) -> 531 | G46: 8221.53 | H46: =+F46*G46 -> 4365632.4
G47: VALOR TOTAL BÁSICO OBRAS | H47: =SUM(H44:H46) -> 19930475
G48: VALOR IVA (19% SOBRE UTILIDADES 5%) | H48: =+ROUND(((H47/1.3)*0.05*0.19),0) -> 145646
G49: VALOR TOTAL DE LA OBRA | H49: =H47+H48 -> 20076121
A50: Daño en Box Coulvert | D50: PR 67+0390 al PR 67+0394, RUTA 6204, reparación losa superior
A51: 610.2 | B51: 610-13 | D51: RELLENOS PARA ESTRUCTURAS CON RECEBO | E51: M³ | F51: 15 | G51: 59350.6 | H51: =+F51*G51 -> 890259
A52: 630.1.4.2 | B52: 630-11 | D52: TIPO DE CONCRETO_____ (Analizado para concreto reforzado de resistencia 21 Mpa, compra de mezcla) | E52: M³ | F52: 13 | G52: 958522.07 | H52: =+F52*G52 -> 12460787
A53: 640.1 | B53: 640-13 | D53: ACERO DE REFUERZO FY= 420 MPA | E53: KG | F53: =ROUND(3*132.85,0) -> 399 | G53: 8221.53 | H53: =+F53*G53 -> 3280390.5
G54: VALOR TOTAL BÁSICO OBRAS | H54: =SUM(H51:H53) -> 16631436
G55: VALOR IVA (19% SOBRE UTILIDADES 5%) | H55: =+ROUND(((H54/1.3)*0.05*0.19),0) -> 121537
G56: VALOR TOTAL DE LA OBRA | H56: =H54+H55 -> 16752973
A57: 1.2 Sitios críticos | D57: PR 27+0620 al PR 27+0624, RUTA 6204, MURO EN CONCRETO
A58: 600.1.1 | B58: 600-13 | D58: EXCAVACIONES VARIAS SIN CLASIFICAR | E58: M³ | F58: =4*2.5*2 -> 20 | G58: 31141.31 | H58: =+F58*G58 -> 622826.2
A59: 610.2 | B59: 610-13 | D59: RELLENOS PARA ESTRUCTURAS CON RECEBO | E59: M³ | F59: =4*7.9 -> 31.6 | G59: 59350.6 | H59: =+F59*G59 -> 1875479
A60: 610.8 | B60: 610-13 | D60: RELLENOS CON MATERIAL FILTRANTE | E60: M³ | F60: =4*1 -> 4 | G60: 129499.86 | H60: =+F60*G60 -> 517999.44
A61: 630.1.4.2 | B61: 630-11 | D61: TIPO DE CONCRETO_____ (Analizado para concreto reforzado de resistencia 21 Mpa, compra de mezcla) | E61: M³ | F61: =ROUND(4*2.78,0) -> 11 | G61: 958522.07 | H61: =+F61*G61 -> 10543743
A62: 673.1.2 | B62: 673-13 | D62: GEOTEXTIL TIPO __________ (Analizado para geotextil tipo tejido con resistencia a la tensión grab mínima de 1400 N ) | E62: M² | F62: =4*3.35 -> 13.4 | G62: 15716.69 | H62: =+F62*G62 -> 210603.65
A63: 640.1 | B63: 640-13 | D63: ACERO DE REFUERZO FY= 420 MPA | E63: KG | F63: =ROUND(4*132.85,0) -> 531 | G63: 8221.53 | H63: =+F63*G63 -> 4365632.4
G64: SUBTOTAL OBRAS | H64: =SUM(H58:H63) -> 18136283
G65: PROVISIÓN PARA AJUSTES, OBRAS COMPLEMENTARIAS Y/O ADICIONALES, (INCLUYE OBRAS AMBIENTALES DEL PAGA) | H65: =ROUND(0.04*H64,0) -> 725451
G66: VALOR TOTAL BÁSICO OBRAS | H66: =SUM(H64:H65) -> 18861734
G67: VALOR IVA (19% SOBRE UTILIDADES 5%) | H67: =+ROUND(((H66/1.3)*0.05*0.19),0) -> 137836
G68: VALOR TOTAL DE LA OBRA | H68: =H66+H67 -> 18999570
D69: PR 28+0270 al PR 28+0275, RUTA 6204, MURO EN CONCRETO
A70: 600.1.1 | B70: 600-13 | D70: EXCAVACIONES VARIAS SIN CLASIFICAR | E70: M³ | F70: =5*2.5*2 -> 25 | G70: 31141.31 | H70: =+F70*G70 -> 778532.75
A71: 610.2 | B71: 610-13 | D71: RELLENOS PARA ESTRUCTURAS CON RECEBO | E71: M³ | F71: =5*7.9 -> 39.5 | G71: 59350.6 | H71: =+F71*G71 -> 2344348.7
A72: 610.8 | B72: 610-13 | D72: RELLENOS CON MATERIAL FILTRANTE | E72: M³ | F72: =5*1 -> 5 | G72: 129499.86 | H72: =+F72*G72 -> 647499.3
A73: 630.1.4.2 | B73: 630-11 | D73: TIPO DE CONCRETO_____ (Analizado para concreto reforzado de resistencia 21 Mpa, compra de mezcla) | E73: M³ | F73: =ROUND(5*2.78,0) -> 14 | G73: 958522.07 | H73: =+F73*G73 -> 13419309
A74: 673.1.2 | B74: 673-13 | D74: GEOTEXTIL TIPO __________ (Analizado para geotextil tipo tejido con resistencia a la tensión grab mínima de 1400 N ) | E74: M² | F74: =5*3.35 -> 16.75 | G74: 15716.69 | H74: =+F74*G74 -> 263254.56
A75: 640.1 | B75: 640-13 | D75: ACERO DE REFUERZO FY= 420 MPA | E75: KG | F75: =ROUND(5*132.85,0) -> 664 | G75: 8221.53 | H75: =+F75*G75 -> 5459095.9
G76: SUBTOTAL OBRAS | H76: =SUM(H70:H75) -> 22912040
G77: PROVISIÓN PARA AJUSTES, OBRAS COMPLEMENTARIAS Y/O ADICIONALES, (INCLUYE OBRAS AMBIENTALES DEL PAGA) | H77: =ROUND(0.04*H76,0) -> 916482
G78: VALOR TOTAL BÁSICO OBRAS | H78: =SUM(H76:H77) -> 23828522
G79: VALOR IVA (19% SOBRE UTILIDADES 5%) | H79: =+ROUND(((H78/1.3)*0.05*0.19),0) -> 174132
G80: VALOR TOTAL DE LA OBRA | H80: =SUM(H78:H79) -> 24002654
D81: PR 36+0090 al PR 36+0105, RUTA 6204, MURO EN CONCRETO
A82: 600.1.1 | B82: 600-13 | D82: EXCAVACIONES VARIAS SIN CLASIFICAR | E82: M³ | F82: =15*2.5*2 -> 75 | G82: 31141.31 | H82: =+F82*G82 -> 2335598.2
A83: 610.2 | B83: 610-13 | D83: RELLENOS PARA ESTRUCTURAS CON RECEBO | E83: M³ | F83: =15*7.9 -> 118.5 | G83: 59350.6 | H83: =+F83*G83 -> 7033046.1
A84: 610.8 | B84: 610-13 | D84: RELLENOS CON MATERIAL FILTRANTE | E84: M³ | F84: =15*1 -> 15 | G84: 129499.86 | H84: =+F84*G84 -> 1942497.9
A85: 630.1.4.2 | B85: 630-11 | D85: TIPO DE CONCRETO_____ (Analizado para concreto reforzado de resistencia 21 Mpa, compra de mezcla) | E85: M³ | F85: =ROUND(15*2.78,0) -> 42 | G85: 958522.07 | H85: =+F85*G85 -> 40257927
A86: 673.1.2 | B86: 673-13 | D86: GEOTEXTIL TIPO __________ (Analizado para geotextil tipo tejido con resistencia a la tensión grab mínima de 1400 N ) | E86: M² | F86: =15*3.35 -> 50.25 | G86: 15716.69 | H86: =+F86*G86 -> 789763.67
A87: 640.1 | B87: 640-13 | D87: ACERO DE REFUERZO FY= 420 MPA | E87: KG | F87: =ROUND(15*132.85,0) -> 1993 | G87: 8221.53 | H87: =+F87*G87 -> 16385509
G88: SUBTOTAL OBRAS | H88: =SUM(H82:H87) -> 68744342
G89: PROVISIÓN PARA AJUSTES, OBRAS COMPLEMENTARIAS Y/O ADICIONALES, (INCLUYE OBRAS AMBIENTALES DEL PAGA) | H89: =ROUND(0.04*H88,0) -> 2749774
G90: VALOR TOTAL BÁSICO OBRAS | H90: =SUM(H88:H89) -> 71494116
G91: VALOR IVA (19% SOBRE UTILIDADES 5%) | H91: =+ROUND(((H90/1.3)*0.05*0.19),0) -> 522457
G92: SUBTOTAL OBRAS (INCLUYE IVA) | H92: =SUM(H90:H91) -> 72016573
G93: DIAGNÓSTICO Y CALCULO ESTRUCTURAL | H93: 46816000
G94: IVA 19% DIAGNÓSTICO Y CALCULO ESTRUCTURAL | H94: 8895040
G95: TOTAL DIAGNÓSTICO Y CALCULO ESTRUCTURAL | H95: 55711040
G96: VALOR TOTAL DE LA OBRA | H96: =+H92+H95 -> 1.2772761e+08
D97: PR 38+0100 al PR 38+0103, RUTA 6204, MURO EN CONCRETO
A98: 600.1.1 | B98: 600-13 | D98: EXCAVACIONES VARIAS SIN CLASIFICAR | E98: M³ | F98: =3*2.5*2 -> 15 | G98: 31141.31 | H98: =+F98*G98 -> 467119.65
A99: 610.2 | B99: 610-13 | D99: RELLENOS PARA ESTRUCTURAS CON RECEBO | E99: M³ | F99: =3*7.9 -> 23.7 | G99: 59350.6 | H99: =+F99*G99 -> 1406609.2
A100: 610.8 | B100: 610-13 | D100: RELLENOS CON MATERIAL FILTRANTE | E100: M³ | F100: =3*1 -> 3 | G100: 129499.86 | H100: =+F100*G100 -> 388499.58
A101: 630.1.4.2 | B101: 630-11 | D101: TIPO DE CONCRETO_____ (Analizado para concreto reforzado de resistencia 21 Mpa, compra de mezcla) | E101: M³ | F101: =ROUND(3*2.78,0) -> 8 | G101: 958522.07 | H101: =+F101*G101 -> 7668176.6
A102: 673.1.2 | B102: 673-13 | D102: GEOTEXTIL TIPO __________ (Analizado para geotextil tipo tejido con resistencia a la tensión grab mínima de 1400 N ) | E102: M² | F102: =3*3.35 -> 10.05 | G102: 15716.69 | H102: =+F102*G102 -> 157952.73
A103: 640.1 | B103: 640-13 | D103: ACERO DE REFUERZO FY= 420 MPA | E103: KG | F103: =ROUND(3*132.85,0) -> 399 | G103: 8221.53 | H103: =+F103*G103 -> 3280390.5
...

Sheet CANT OBRA 6205
A1: INSTITUTO NACIONAL DE VÍAS
A2: DIRECCIÓN TERRITORIAL ANTIOQUIA
A3: CUADRO No. 7
A5: CÁLCULO DE CANTIDADES Y COSTOS ESTIMADOS DE NECESIDADES
A6: DE LAS VÍAS (PREVENTIVAS Ó CRÍTICAS Ó PUENTES Ó PONTONES)
A7: INGENIERO RESIDENTE: | D7: =+DATOS!C10 -> CARLOS EDUARDO GARCIA CASTILLO | G7: TRIMESTRE EVALUADO: | H7: =+DATOS!C16 -> JUN - SEP DE 2024
A8: CARRETERA: | C8: HATILLO - CISNEROS | E8: SECTOR: | F8: PASO NACIONAL BARBOSA
E9: SECTOR: | F9: PASO NACIONAL CISNEROS
A11: ÍTEM DE PAGO | B11: ESPECIFICACIONES
B12: GENERAL | C12: PARTICULAR | D12: DESCRIPCIÓN | E12: UND. | F12: CANTIDAD | G12: VALOR UNITARIO ( $ ) | H12: VALOR TOTAL ( $ )
A14: 1 | B14: Mejoramiento estructura del pavimento
A15: 1.1 Rehabilitación
D16: Paso urbano Barbosa PR09+0000 a PR09+0700.
A17: 330.1 | B17: 330-13 | D17: BASE GRANULAR CLASE A | E17: M³ | F17: =50*7.3*0.15 -> 54.75 | G17: 133884.2 | H17: =ROUND(F17*G17,0) -> 7330160
A18: 450.2 P | C18: 450.2 P | D18: MEZCLA DENSA EN CALIENTE TIPO MDC‐19 COMPRADA (INCLUYE TTE) | E18: M³ | F18: =700*7.5*0.1 -> 525 | G18: 1343584.2 | H18: =ROUND(F18*G18,0) -> 705381689
A19: 460.1.1 | B19: 460-13 | D19: FRESADO DE PAVIMENTO ASFÁLTICO ________cm ( Analizado para espesor de 10 cm) | E19: M² | F19: =700*7.5 -> 5250 | G19: 7271.81 | H19: =ROUND(F19*G19,0) -> 38177003
A20: 465.1 | B20: 465-13 | D20: EXCAVACIÓN PARA REPARACIÓN DEL PAVIMENTO ASFÁLTICO EXISTENTE INCLUYENDO EL CORTE Y LA REMOCIÓN DE LAS CAPAS ASFÁLTICAS Y DE LAS SUBYACENTES | E20: M³ | F20: =70*0.3*7.3 -> 153.3 | G20: 93028.36 | H20: =ROUND(F20*G20,0) -> 14261248
A21: 900.3.1 | B21: 900-13 | D21: TRANSPORTE DE MATERIALES PROVENIENTES DE DERRUMBES, MEDIDO A PARTIR DE CIEN METROS (100 m) (Analizado con volqueta de 6m3) | E21: M³-KM | F21: =+F20*15*0.1 -> 229.95 | G21: 1987.42 | H21: =ROUND(F21*G21,0) -> 457007
G22: VALOR BÁSICO | H22: =SUM(H17:H21) -> 765607107
G23: VALOR IVA (19% SOBRE UTILIDADES) | H23: =+ROUND(((H22/1.3)*0.05*0.19),0) -> 5594821
G24: VALOR TOTAL DE LA OBRA | H24: =+H22+H23 -> 771201928
D26: Paso urbano Cisneros PR53+0000 a PR54+1158
A27: 330.1 | B27: 330-13 | D27: BASE GRANULAR CLASE A | E27: M³ | F27: =1120*7.3*0.15 -> 1226.4 | G27: 133884.2 | H27: =ROUND(F27*G27,0) -> 164195583
A28: 450.2 P | C28: 450.2 P | D28: MEZCLA DENSA EN CALIENTE TIPO MDC‐19 COMPRADA (INCLUYE TTE) | E28: M³ | F28: =1120*7.4*0.1 -> 828.8 | G28: 1343584.2 | H28: =ROUND(F28*G28,0) -> 1113562560
A29: 460.1.1 | B29: 460-13 | D29: FRESADO DE PAVIMENTO ASFÁLTICO ________cm ( Analizado para espesor de 10 cm) | E29: M² | F29: =1120*7.4 -> 8288 | G29: 7271.81 | H29: =+F29*G29 -> 60268761
A30: 465.1 | B30: 465-13 | D30: EXCAVACIÓN PARA REPARACIÓN DEL PAVIMENTO ASFÁLTICO EXISTENTE INCLUYENDO EL CORTE Y LA REMOCIÓN DE LAS CAPAS ASFÁLTICAS Y DE LAS SUBYACENTES | E30: M³ | F30: =1120*0.3*7.3 -> 2452.8 | G30: 93028.36 | H30: =+F30*G30 -> 2.2817996e+08
A31: 900.3.1 | B31: 900-13 | D31: TRANSPORTE DE MATERIALES PROVENIENTES DE DERRUMBES, MEDIDO A PARTIR DE CIEN METROS (100 m) (Analizado con volqueta de 6m3) | E31: M³-KM | F31: =+F30*15*0.1 -> 3679.2 | G31: 1987.42 | H31: =ROUND(F31*G31,0) -> 7312116
G32: VALOR BÁSICO | H32: =SUM(H27:H31) -> 1.573519e+09
G33: VALOR IVA (19% SOBRE UTILIDADES) | H33: =+ROUND(((H32/1.3)*0.05*0.19),0) -> 11498793
G34: VALOR TOTAL DE LA OBRA | H34: =+H32+H33 -> 1.5850178e+09
A35: 1.2 Descripción de la actividad : Parcheo, fresados y nivelaciones
D36: Paso urbano Cisneros PR53+0000 a PR54+1158
A37: 330.1 | B37: 330-13 | D37: BASE GRANULAR CLASE A | E37: M³ | F37: =50*7.3*0.15 -> 54.75 | G37: 133884.2 | H37: =ROUND(F37*G37,0) -> 7330160
A38: 450.2 P | C38: 450.2 P | D38: MEZCLA DENSA EN CALIENTE TIPO MDC‐19 COMPRADA (INCLUYE TTE) | E38: M³ | F38: =500*0.5*7.5*0.1 -> 187.5 | G38: 1343584.2 | H38: =ROUND(F38*G38,0) -> 251922032
A39: 460.1.1 | B39: 460-13 | D39: FRESADO DE PAVIMENTO ASFÁLTICO ________cm ( Analizado para espesor de 10 cm) | E39: M² | F39: =500*7.5 -> 3750 | G39: 7271.81 | H39: =ROUND(F39*G39,0) -> 27269288
A40: 465.1 | B40: 465-13 | D40: EXCAVACIÓN PARA REPARACIÓN DEL PAVIMENTO ASFÁLTICO EXISTENTE INCLUYENDO EL CORTE Y LA REMOCIÓN DE LAS CAPAS ASFÁLTICAS Y DE LAS SUBYACENTES | E40: M³ | F40: =100*0.3*7.3 -> 219 | G40: 93028.36 | H40: =ROUND(F40*G40,0) -> 20373211
A41: 900.3.1 | B41: 900-13 | D41: TRANSPORTE DE MATERIALES PROVENIENTES DE DERRUMBES, MEDIDO A PARTIR DE CIEN METROS (100 m) (Analizado con volqueta de 6m3) | E41: M³-KM | F41: =+F40*15*0.1 -> 328.5 | G41: 1987.42 | H41: =ROUND(F41*G41,0) -> 652867
G42: VALOR BÁSICO | H42: =SUM(H37:H41) -> 307547558
G43: VALOR IVA (19% SOBRE UTILIDADES 5%) | H43: =ROUND((H42/1.3*0.05*0.19),0) -> 2247463
G44: VALOR TOTAL DE LA OBRA | H44: =SUM(H42:H43) -> 309795021
A46: 3. Descripción de la actividad : TRATAMIENTO Y OBRAS DE PROTECCIÓN DE TALUDES PR 53+0210
A47: 210.2.2 | B47: 210-13 | D47: EXCAVACIÓN EN MATERIAL COMÚN DE LA EXPLANACIÓN Y CANALES | E47: M³ | F47: 1500 | G47: 19303.06 | H47: =ROUND(F47*G47,0) -> 28954590
A48: 671.3 | B48: 671-13 | D48: CUNETA DE CONCRETO VACIADA IN SITU; INCLUYE LA CONFORMACIÓN DE LA SUPERFICIE DE APOYO | E48: M³ | F48: 100 | G48: 880715.82 | H48: =ROUND(F48*G48,0) -> 88071582
A49: 681.1 | B49: =MID(A49,1,3)&"-"&13 -> 681-13 | D49: GAVIONES DE MALLA DE ALAMBRE DE ACERO ENTRELAZADO CLASE 1: RECUBRIMIENTO DE ZINC GALVANIZADO | E49: M³ | F49: 120 | G49: 276208.98 | H49: =ROUND(F49*G49,0) -> 33145078
A50: 810.3 | B50: 810-13 | D50: PROTECCIÓN DE TALUDES CON HIDROSIEMBRA CONTROLADA | E50: M² | F50: 4000 | G50: 21235.63 | H50: =ROUND(F50*G50,0) -> 84942520
A51: 811.1.1 | B51: 811-13 | D51: PROTECCIÓN DE TALUDES CON PRODUCTO ENROLLADO PARA CONTROL DE EROSIÓN DE TIPO_______ (Analizado para manto permanente para refuerzo de la vegetación (TRM) y una pendiente de inclinacion de talud de relacion 3:1 a 2:1 ) | E51: M² | F51: 4000 | G51: 61805.45 | H51: =ROUND(F51*G51,0) -> 247221800
A52: 900.2.1 | B52: 900-13 | D52: TRANSPORTE DE MATERIALES PROVENIENTES DE LA EXCAVACIÓN DE LA EXPLANACIÓN, CANALES Y PRÉSTAMOS PARA DISTANCIAS MAYORES DE MIL METROS (1.000 m) MEDIDOS A PARTIR DE CIEN METROS (100 m) (Analizado para volqueta de 6 m3) | E52: M³-KM | F52: =F47*1.3*5 -> 9750 | G52: 1766.6 | H52: =ROUND(F52*G52,0) -> 17224350
G53: VALOR BÁSICO | H53: =SUM(H47:H52) -> 499559920
G54: VALOR IVA (19% SOBRE UTILIDADES 5%) | H54: =ROUND((H53/1.3)*0.05*0.19,0) -> 3650630 | L54: SUMA CANTIDADES | M54: NEC VÍA | N54: NEC CRITICAS | O54: NEC PUENTES | P54: NEC PONTONES | Q54: SEÑALIZACIÓN | R54: TOTAL
G55: VALOR TOTAL DE LA OBRA | H55: =+H54+H53 -> 503210550 | L55: =+H24+H34+H44+H55 -> 3.1692253e+09 | M55: =+'NECESIDADES PREVENTIVAS VIA '!F17+'NECESIDADES PREVENTIVAS VIA '!F18 -> 1080996949 | N55: =+'NECESIDADES CRITICAS VIA '!F20+'NECESIDADES CRITICAS VIA '!F21 -> 2.0882283e+09 | O55: 0 | P55: 0 | R55: =SUM(M55:Q55) -> 3.1692253e+09
D59: =+DATOS!C2 -> CONSORCIO ADMINISTRACION VI 2023 | F59: MAURICIO HOYOS SIERRA
D60: Administrador Vial | F60: Vo.Bo. Director Territorial
A62: NOTA : Se deben presentar cuadros No. 7 del cálculo de cantidades y costos cantidades por separado para necesidades preventivas, para necesidades criticas, para necesidades de puentes, para necesidades de pontones, siendo los soportes de cada uno de estos cuadros. Las necesidades de señalización se deben indicar sólo en los cuadros No.15 y 16. Los precios unitarios deben coincidir con los del programa de APU. En caso de encontrar precios no reportados o de requerirse actualización, se debe enviar el respectivo análisis de precios unitarios.
G65: VOLVER A TABLA DE CONTENIDO

Sheet CANT OBRA 6206
A1: INSTITUTO NACIONAL DE VÍAS
A2: DIRECCIÓN TERRITORIAL ANTIOQUIA
A3: CUADRO No. 7
A5: CÁLCULO DE CANTIDADES Y COSTOS ESTIMADOS DE NECESIDADES
A6: DE LAS VÍAS (PREVENTIVAS Ó CRÍTICAS Ó PUENTES Ó PONTONES)
A7: INGENIERO RESIDENTE: | D7: =+DATOS!C10 -> CARLOS EDUARDO GARCIA CASTILLO | G7: TRIMESTRE EVALUADO: | H7: =+DATOS!C16 -> JUN - SEP DE 2024
A8: CARRETERA: | C8: CISNEROS - PUERTO BERRÍO - CRUCE RUTA 45 | E8: SECTOR: | F8: PASO NACIONAL CISNEROS
E9: SECTOR: | F9: PASO NACIONAL PUERTO BERRÍO
A10: ÍTEM DE PAGO | B10: ESPECIFICACIONES
B11: GENERAL | C11: PARTICULAR | D11: DESCRIPCIÓN | E11: UND. | F11: CANTIDAD | G11: VALOR UNITARIO ( $ ) | H11: VALOR TOTAL ( $ )
A12: 1. Descripción de la actividad : OBRAS DE PROTECCIÓN Y RECUPERACIÓN DE BANCA
D13: CONSTRUCCIÓN MURO EN CONCRETO PR O+0203 A PR 0+0218
A14: 201.9 | B14: 201-13 | D14: DEMOLICIÓN DE PISOS Y ANDENES DE CONCRETO | E14: M² | F14: =100*1.5 -> 150 | G14: 22518 | H14: =ROUND(F14*G14,0) -> 3377700
A15: 201.7 | B15: 201-13 | D15: DEMOLICIÓN DE ESTRUCTURAS | E15: M³ | F15: 30 | G15: 238703.45 | H15: =ROUND(F15*G15,0) -> 7161104
A16: 600.1.1 | B16: 600-13 | D16: EXCAVACIONES VARIAS SIN CLASIFICAR | E16: M³ | F16: 345 | G16: 36307.53 | H16: =ROUND(F16*G16,0) -> 12526098
A17: 600.2.1 | B17: 600-13 | D17: EXCAVACIONES VARIAS EN ROCA EN SECO | E17: M³ | F17: 5 | G17: 76821.16 | H17: =ROUND(F17*G17,0) -> 384106
A18: 630.1.4.2 | B18: 630-13 | D18: TIPO DE CONCRETO_____ (Analizado para concreto reforzado de resistencia 21 Mpa, compra de mezcla) | E18: M³ | F18: 47.525 | G18: 958522.07 | H18: =ROUND(F18*G18,0) -> 45553761
A19: 672.3 | B19: 672.-13 | D19: BORDILLO DE CONCRETO VACIADO IN SITU PREPARACIÓN DE LA SUPERFICIE DE APOYO | E19: M | F19: 50 | G19: 65100.16 | H19: =ROUND(F19*G19,0) -> 3255008
A20: 640.1 | B20: 640-13 | D20: ACERO DE REFUERZO FY= 420 MPA | E20: KG | F20: 2570 | G20: 8221.53 | H20: =ROUND(F20*G20,0) -> 21129332
A21: 610.1 | B21: 610-13 | D21: RELLENOS PARA ESTRUCTURAS CON SUELO | E21: M³ | F21: 260 | G21: 103078.45 | H21: =ROUND(F21*G21,0) -> 26800397
A22: 673.1.2 | B22: 673-13 | D22: GEOTEXTIL TIPO __________ (Analizado para geotextil tipo tejido con resistencia a la tensión grab mínima de 1400 N ) | E22: M² | F22: 970 | G22: 15716.69 | H22: =ROUND(F22*G22,0) -> 15245189
A23: 673.2 | B23: 673-13 | D23: MATERIAL GRANULAR DRENANTE | E23: M³ | F23: 286 | G23: 104428.91 | H23: =ROUND(F23*G23,0) -> 29866668
A24: 621.1.2 | B24: 621-13 | D24: PILOTE DE CONCRETO VACIADO IN SITU, DE DIÁMETRO ______ (Analizado para pilote de concreto 28 Mpa IN SITU seccion circular diametro 1,2 m ) | E24: M | F24: =+(25/3+1)*6 -> 56 | G24: 3613588.4 | H24: =ROUND(F24*G24,0) -> 202360948
A25: SUBTOTAL OBRAS | H25: =SUM(H14:H24) -> 367660311
A26: VALOR IVA (OBRA) (19% SOBRE UTILIDAD OBRA) | H26: =+ROUND(H25*0.05*0.19,0) -> 3492773
A27: SUBTOTAL OBRAS (INCLUYE IVA) | H27: =+H25+H26 -> 371153084
A28: ACTUALIZACIÓN Y/O ELABORACIÓN DE CALCULO ESTRUCTURALES PARA EL MEJORAMIENTO DE LA CARRETERA | H28: 4000000
A29: IVA ACTUALIZACIÓN Y/O ELABORACIÓN DE CÁLCULOS ESTRUCTURALES PARA EL MEJORAMIENTO DE LA CARRETERA | H29: =+H28*0.05*0.19 -> 38000
A30: TOTAL ACTUALIZACIÓN Y/O ELABORACIÓN DE CÁLCULOS ESTRUCTURALES PARA EL MEJORAMIENTO DE LA CARRETERA | H30: =+H28+H29 -> 4038000
A31: VALOR TOTAL DEL CONTRATO | H31: =+H30+H27 -> 375191084
A33: 2 | B33: Mejoramiento estructura del pavimento
A34: 2.1 Rehabilitación
D35: Paso urbano Puerto Berrío PR95+0198 a PR97+1261.
A36: 330.1 | B36: 330-13 | D36: BASE GRANULAR CLASE A | E36: M³ | F36: =2000*7.3*0.15 -> 2190 | G36: 150119.86 | H36: =ROUND(F36*G36,0) -> 328762493
A37: 450.2 P | B37: 450-13 | D37: MEZCLA DENSA EN CALIENTE TIPO MDC‐19 COMPRADA (INCLUYE TTE) | E37: M³ | F37: =2000*7.5*0.1 -> 1500 | G37: 1210011.1 | H37: =ROUND(F37*G37,0) -> 1815016710
A38: 460.1.1 | B38: 460-13 | D38: FRESADO DE PAVIMENTO ASFÁLTICO ________cm ( Analizado para espesor de 10 cm) | E38: M² | F38: =2000*7.5 -> 15000 | G38: 7308.74 | H38: =ROUND(F38*G38,0) -> 109631100
A39: 465.1 | B39: 465-13 | D39: EXCAVACIÓN PARA REPARACIÓN DEL PAVIMENTO ASFÁLTICO EXISTENTE INCLUYENDO EL CORTE Y LA REMOCIÓN DE LAS CAPAS ASFÁLTICAS Y DE LAS SUBYACENTES | E39: M³ | F39: =2000*0.3*7.3 -> 4380 | G39: 92270.04 | H39: =ROUND(F39*G39,0) -> 404142775
A40: 900.3.1 | B40: 900-13 | D40: TRANSPORTE DE MATERIALES PROVENIENTES DE DERRUMBES, MEDIDO A PARTIR DE CIEN METROS (100 m) (Analizado con volqueta de 6m3) | E40: M³-KM | F40: =+F39*15*0.1 -> 6570 | G40: 1987.42 | H40: =ROUND(F40*G40,0) -> 13057349
G41: VALOR BÁSICO | H41: =SUM(H36:H40) -> 2670610427
G42: VALOR IVA (19% SOBRE UTILIDADES) | H42: =+ROUND(((H41/1.3)*0.05*0.19),0) -> 19515999
G43: VALOR TOTAL DE LA OBRA | H43: =H41+H42 -> 2690126426
A44: 2.2 Descripción de la actividad : Parcheo, fresados y nivelaciones
D45: Paso urbano Puerto Berrío PR95+0198 a PR97+1261.
A46: 330.1 | B46: 330-13 | D46: BASE GRANULAR CLASE A | E46: M³ | F46: =50*7.3*0.15 -> 54.75 | G46: 150119.86 | H46: =ROUND(F46*G46,0) -> 8219062
A47: 450.2 P | B47: 450-13 | D47: MEZCLA DENSA EN CALIENTE TIPO MDC‐19 COMPRADA (INCLUYE TTE) | E47: M³ | F47: =500*7.5*0.1 -> 375 | G47: 1210011.1 | H47: =ROUND(F47*G47,0) -> 453754178
A48: 460.1.1 | B48: 460-13 | D48: FRESADO DE PAVIMENTO ASFÁLTICO ________cm ( Analizado para espesor de 10 cm) | E48: M² | F48: =500*7.5 -> 3750 | G48: 7308.74 | H48: =ROUND(F48*G48,0) -> 27407775
A49: 465.1 | B49: 465-13 | D49: EXCAVACIÓN PARA REPARACIÓN DEL PAVIMENTO ASFÁLTICO EXISTENTE INCLUYENDO EL CORTE Y LA REMOCIÓN DE LAS CAPAS ASFÁLTICAS Y DE LAS SUBYACENTES | E49: M³ | F49: =500*0.6*7.3 -> 2190 | G49: 92270.04 | H49: =ROUND(F49*G49,0) -> 202071388
A50: 900.3.1 | B50: 900-13 | D50: TRANSPORTE DE MATERIALES PROVENIENTES DE DERRUMBES, MEDIDO A PARTIR DE CIEN METROS (100 m) (Analizado con volqueta de 6m3) | E50: M³-KM | F50: =+F49*15*0.1 -> 3285 | G50: 1987.42 | H50: =ROUND(F50*G50,0) -> 6528675
G51: VALOR BÁSICO | H51: =SUM(H46:H50) -> 697981078
G52: VALOR IVA (19% SOBRE UTILIDADES 5%) | H52: =ROUND((H51/1.3*0.05*0.19),0) -> 5100631
G53: VALOR TOTAL DE LA OBRA | H53: =SUM(H51:H52) -> 703081709
A55: 2.3 Descripción de la actividad : Parcheo, fresados y nivelaciones
D56: Paso urbano Cisneros PRO+0000 a PR1+0000.
A57: 330.1 | B57: 330-13 | D57: BASE GRANULAR CLASE A | E57: M³ | F57: =20*7.3*0.15 -> 21.9 | G57: 150119.86 | H57: =ROUND(F57*G57,0) -> 3287625
A58: 450.2 P | B58: 450-13 | D58: MEZCLA DENSA EN CALIENTE TIPO MDC‐19 COMPRADA (INCLUYE TTE) | E58: M³ | F58: =100*7.5*0.1 -> 75 | G58: 1210011.1 | H58: =ROUND(F58*G58,0) -> 90750836
A59: 460.1.1 | B59: 460-13 | D59: FRESADO DE PAVIMENTO ASFÁLTICO ________cm ( Analizado para espesor de 10 cm) | E59: M² | F59: =100*7.5 -> 750 | G59: 7308.74 | H59: =ROUND(F59*G59,0) -> 5481555
A60: 465.1 | B60: 465-13 | D60: EXCAVACIÓN PARA REPARACIÓN DEL PAVIMENTO ASFÁLTICO EXISTENTE INCLUYENDO EL CORTE Y LA REMOCIÓN DE LAS CAPAS ASFÁLTICAS Y DE LAS SUBYACENTES | E60: M³ | F60: =100*0.6*7.3 -> 438 | G60: 92270.04 | H60: =ROUND(F60*G60,0) -> 40414278
A61: 900.3.1 | B61: 900-13 | D61: TRANSPORTE DE MATERIALES PROVENIENTES DE DERRUMBES, MEDIDO A PARTIR DE CIEN METROS (100 m) (Analizado con volqueta de 6m3) | E61: M³-KM | F61: =+F60*15*0.1 -> 657 | G61: 1987.42 | H61: =ROUND(F61*G61,0) -> 1305735
G62: VALOR BÁSICO | H62: =SUM(H57:H61) -> 141240029
G63: VALOR IVA (19% SOBRE UTILIDADES 5%) | H63: =ROUND((H62/1.3*0.05*0.19),0) -> 1032139
G64: VALOR TOTAL DE LA OBRA | H64: =SUM(H62:H63) -> 142272168
A65: 3. Descripción de la actividad : Señalización
D66: PR 95+0198 a PR 97+1261
A67: 700.1 | B67: 700-13 | D67: LÍNEA DE DEMARCACIÓN CON PINTURA EN FRÍO | E67: M | F67: 16200 | G67: 3277.44 | H67: =ROUND(F67*G67,0) -> 53094528
A68: 710.1.1 | B68: 710-13 | D68: SEÑAL VERTICAL DE TRANSITO TIPO _______ DIIMENSIONES ______ CON LAMINA RETRORREFLECTIVA TIPO______ (Analizado para señal tipo sr, sp y/o si, dimension 75x75 cm en lámina galvanizada con lamina retrorreflectiva tipo IV) | E68: U | F68: =50+4 -> 54 | G68: 828263.06 | H68: =ROUND(F68*G68,0) -> 44726205
A69: 710.2.1 | B69: 710-13 | D69: SEÑAL VERTICAL DE TRANSITO TIPO _______ CON LAMINA RETRORREFLECTIVA TIPO______ (Analizado para señal tipo si elevada (si-05 y/o si-06) en lámina galvanizada y retrorreflectiva tipo iv) | E69: M² | F69: 50 | G69: 736020.89 | H69: =ROUND(F69*G69,0) -> 36801045
A70: 730.1 | B70: 730-13 | D70: DEFENSA METÁLICA | E70: M | F70: 152 | G70: 1249008.7 | H70: =ROUND(F70*G70,0) -> 189849322
G71: VALOR BÁSICO | H71: =SUM(H67:H70) -> 324471100
G72: VALOR IVA (19% SOBRE UTILIDADES 5%) | H72: =ROUND((H71/1.3*0.05*0.19),0) -> 2371135
G73: VALOR TOTAL DE LA OBRA | H73: =SUM(H71:H72) -> 326842235
A74: 1.-PUENTE LA MALENA
A75: 600.2.4 | B75: 600-13 | D75: EXCAVACIONES VARIAS EN MATERIAL COMÚN BAJO AGUA | E75: M³ | F75: 20 | G75: 34450.68 | H75: =ROUND(F75*G75,0) -> 689014
A76: 630P | C76: 630P | D76: BOLSACRETOS | E76: M³ | F76: 48 | G76: =+(714423*1.0928)*1.043 -> 814292.48 | H76: =ROUND(F76*G76,0) -> 39086039
A77: 2P | C77: 2P | D77: Limpieza y pintura baranda metálica | E77: M² | F77: 42 | G77: =+(24019*1.0928)*1.043 -> 27376.626 | H77: =ROUND(F77*G77,0) -> 1149818
A78: 3P | C78: 3P | D78: Limpieza de estructuras con chorro de agua (Hidro Blasting) | E78: M² | F78: 230 | G78: =+(19899*1.0928)*1.043 -> 22680.689 | H78: =ROUND(F78*G78,0) -> 5216559
A79: 4P | C79: 4P | D79: PINTURA ACRILICA VIGAS, TABLERO Y MUROS PROTECCION MEDIO AMBIENTE TIPO 555W 0 SIMILAR, 2 MANOS | E79: M2 | F79: 150 | G79: =+(37896*1.0928)*1.043 -> 43193.497 | H79: =ROUND(F79*G79,0) -> 6479025
A80: 5P | C80: 5P | D80: Suministro E Inyección De Resina Epóxica Para Sello De Fisuras | E80: KG | F80: 20 | G80: =+(246403*1.0928)*1.043 -> 280847.77 | H80: =ROUND(F80*G80,0) -> 5616955
A81: 6P | C81: 6P | D81: Tratamiento De Superficies De Concreto Con Mortero Acrílico De Reparación | E81: M² | F81: 8 | G81: =+(490480*1.0928)*1.043 -> 559044.4 | H81: =ROUND(F81*G81,0) -> 4472355
A82: 700.2 | B82: 700-13 | D82: LÍNEA DE DEMARCACIÓN CON RESINA TERMOPLÁSTICA | E82: M | F82: 120 | G82: 2058.17 | H82: =ROUND(F82*G82,0) -> 246980
A83: 710.2.1 | B83: 710-13 | D83: SEÑAL VERTICAL DE TRANSITO TIPO _______ CON LAMINA RETRORREFLECTIVA TIPO______ (Analizado para señal tipo si elevada (si-05 y/o si-06) en lámina galvanizada y retrorreflectiva tipo iv) | E83: M² | F83: 4 | G83: 736020.89 | H83: =ROUND(F83*G83,0) -> 2944084
A84: 730.1 | B84: 730-13 | D84: DEFENSA METÁLICA | E84: M | F84: 20 | G84: 1249008.7 | H84: =ROUND(F84*G84,0) -> 24980174
G85: SUBTOTAL OBRAS | H85: =SUM(H75:H84) -> 90881003
G86: PROVISIÓN PARA AJUSTES, OBRAS COMPLEMENTARIAS Y/O ADICIONALES, (INCLUYE OBRAS AMBIENTALES DEL PAGA) | H86: =ROUND(0.04*H85,0) -> 3635240
G87: PROVISIÓN PARA JORNADAS DE TRABAJO 24 HORAS DIARIAS 7 DÍAS DE LA SEMANA | H87: 8500000
G88: VALOR TOTAL BÁSICO OBRAS | H88: =SUM(H85:H87) -> 103016243
G89: VALOR IVA (19% SOBRE UTILIDADES 5%) | H89: =+ROUND(((H88/1.3)*0.05*0.19),0) -> 752811
G90: SUBTOTAL OBRAS (INCLUYE IVA) | H90: =SUM(H88:H89) -> 103769054
G91: DIAGNÓSTICO Y CALCULO ESTRUCTURAL E HIDRÁULICO | H91: 46816000
G92: IVA 19% DIAGNÓSTICO Y CALCULO ESTRUCTURAL E HIDRÁULICO | H92: 8895040
G93: TOTAL DIAGNÓSTICO Y CALCULO ESTRUCTURAL E HIDRÁULICO | H93: 55711040
G94: VALOR TOTAL DE LA OBRA | H94: =+H90+H93 -> 159480094 | M94: SUMA CANTIDADES | N94: NEC VÍA | O94: NEC CRITICAS | P94: NEC PUENTES | Q94: NEC PONTONES | R94: SEÑALIZACIÓN | S94: TOTAL SIN SEÑALIZACIÓN
A95: 2.-PUENTE BERRÍO | M95: =+H31+H43+H53+H64+H73+H94+H106 -> 4859591224 | N95: =+'NECESIDADES PREVENTIVAS VIA '!F19+'NECESIDADES PREVENTIVAS VIA '!F20 -> 845353877 | O95: =+'NECESIDADES CRITICAS VIA '!F22+'NECESIDADES CRITICAS VIA '!F23 -> 3065317510 | P95: 0 | Q95: 0 | R95: =+H73 -> 326842235 | S95: =SUM(N95:R95)-R95 -> 3910671387
A96: 8P | C96: 8P | D96: Sandblasting y pintura de apoyos y juntas en su parte inferior | E96: M² | F96: 3250 | G96: =+(117000*1.0928)*1.043 -> 133355.48 | H96: =ROUND(F96*G96,0) -> 433405300
G97: SUBTOTAL OBRAS | H97: =SUM(H96:H96) -> 433405300
G98: PROVISIÓN PARA AJUSTES, OBRAS COMPLEMENTARIAS Y/O ADICIONALES, (INCLUYE OBRAS AMBIENTALES DEL PAGA) | H98: =ROUND(0.04*H97,0) -> 17336212
G99: PROVISIÓN PARA JORNADAS DE TRABAJO 24 HORAS DIARIAS 7 DÍAS DE LA SEMANA | H99: 8500000
G100: VALOR TOTAL BÁSICO OBRAS | H100: =SUM(H97:H99) -> 459241512
G101: VALOR IVA (19% SOBRE UTILIDADES 5%) | H101: =+ROUND(((H100/1.3)*0.05*0.19),0) -> 3355996
G102: SUBTOTAL OBRAS (INCLUYE IVA) | H102: =SUM(H100:H101) -> 462597508
G103: DIAGNÓSTICO Y CALCULO ESTRUCTURAL E HIDRÁULICO | H103: =+I168 -> 40538400
...

Sheet INF. EMERGENCIAS 
A1: INSTITUTO NACIONAL DE VÍAS
A2: DIRECCIÓN TERRITORIAL ANTIOQUIA
A4: CUADRO No.8
A6: INFORMACIÓN SOBRE EMERGENCIAS
A8: INGENIERO RESIDENTE: CARLOS EDUARDO GARCIA CASTILLO | G8: TRIMESTRE EVALUADO: | H8: =+DATOS!C16 -> JUN - SEP DE 2024
A10: FECHA | B10: CARRETERA | C10: CÓDIGO | D10: PRi | E10: PRf | F10: TIPO DE EMERGENCIA | G10: SOLUCIÓN | H10: COSTO ESTIMADO ($) | I10: OBSERVACIONES
A14: NOTA (1): El costo debe incluir AIU e IVA (19% sobre utilidades)
A15: NOTA (2): EN ESTE PERÍODO NO SE PRESENTARON EMERGENCIAS
I16: VOLVER A TABLA DE CONTENIDO

Sheet ESTADO PUENTES 
A1: INSTITUTO NACIONAL DE VÍAS
A2: DIRECCIÓN TERRITORIAL ANTIOQUIA
A4: CUADRO No. 9
A6: ESTADO GENERAL DE LOS PUENTES
A8: INGENIERO RESIDENTE: | C8: =+DATOS!C10 -> CARLOS EDUARDO GARCIA CASTILLO | J8: TRIMESTRE EVALUADO: | M8: =+DATOS!C16 -> JUN - SEP DE 2024
A10: No. | B10: NOMBRE DEL PUENTE | C10: PR inicial | D10: PR final | E10: Longitud (m) | F10: CARRETERA | G10: CÓDIGO DE LA VÍA | H10: TRANSITO | J10: ESTADO GENERAL | N10: OBSERVACIONES
H11: Normal | I11: Restringido | J11: Estribos Aletas | K11: Vigas Losas | L11: Barandas | M11: Estado crítico inmediato
A12: 1 | B12: MORENO | C12: 7502 | D12: =+C12+E12 -> 7533.83 | E12: 31.83 | F12: LA MANSA - PRIMAVERA | G12: 6003 | H12: X | N12: Puente nuevo construido entre el 2023 al 2024 / Entra en funcionamiento en JUN de 2024
A13: 2 | B13: CAÑO BRAVO | C13: 8650 | D13: =+C13+E13 -> 8672.8 | E13: 22.8 | F13: LA MANSA - PRIMAVERA | G13: 6003 | H13: X | N13: Puente nuevo construido en 2016 con el contrato 544 de 2012
A14: 3 | B14: LA OLIMPO | C14: 12800 | D14: =+C14+E14 -> 12816.27 | E14: 16.27 | F14: LA MANSA - PRIMAVERA | G14: 6003 | H14: x | N14: Se construyó puente nuevo de 16 m de longitud con el contrato 2147 -2014. Reemplazando el pontón existente.
A15: 4 | B15: LA REMOLINA | C15: 31256 | D15: =+C15+E15 -> 31266 | E15: 10 | F15: LA MANSA - PRIMAVERA | G15: 6003 | H15: x | N15: Hormigoneos vigas VL3.VL4 y VL5 y losa.
A16: 5 | B16: LA HONDURA | C16: 32563 | D16: =+C16+E16 -> 32575.6 | E16: 12.6 | F16: LA MANSA - PRIMAVERA | G16: 6003 | H16: x | N16: Socavación AL2, daño en carpeta de rodadura.
A17: 6 | B17: LA CHUCHITA | C17: 33420 | D17: =+C17+E17 -> 33432.8 | E17: 12.8 | F17: LA MANSA - PRIMAVERA | G17: 6003 | H17: x | N17: Daños pavimento y fisuras de cortante vigas VL1, VL2 y VL5 , socavación AL2.
A18: 7 | B18: EL PEDRERO | C18: 35532 | D18: =+C18+E18 -> 35544 | E18: 12 | F18: LA MANSA - PRIMAVERA | G18: 6003 | H18: x | N18: Socavación ES1 y AL2, fractura en AL4, hormigoneo y acero expuesto losa. Requiere limpieza del cauce aguas arriba
A19: 8 | B19: EL BARROSO | C19: 37680 | D19: =+C19+E19 -> 37701.5 | E19: 21.5 | F19: LA MANSA - PRIMAVERA | G19: 6003 | H19: x | N19: Daños en pavimento. Se construyó muro en concreto de confinamiento aguas arriba lado izquierdo para evitar socavación de la aleta, con el contrato 479-2017 de monto agotable.
A20: 9 | B20: EL MARCELO | C20: 40150 | D20: =+C20+E20 -> 40169 | E20: 19 | F20: LA MANSA - PRIMAVERA | G20: 6003 | H20: x | N20: Hormigoneos generalizados y acero expuesto vigas VL1-VL4.Fisuras a cortante en vigas VL1-VL4 . Requiere limpieza de cauce en la luz 2. Requiere inspección especial por estado de las vigas e incremento tránsito.
A22: No. | B22: NOMBRE DEL PUENTE | C22: PR inicial | D22: PR final | E22: Longitud (m) | F22: CARRETERA | G22: CÓDIGO DE LA VÍA | H22: TRANSITO | J22: ESTADO GENERAL | N22: OBSERVACIONES
H23: Normal | I23: Restringido | J23: Estribos Aletas | K23: Vigas Losas | L23: Barandas | M23: Estado crítico inmediato
A24: 1 | B24: AURRÁ II | C24: 16120 | D24: 16+0190 | E24: 38 | F24: SANTA FÉ DE ANTIOQUIA - MEDELLÍN | G24: 6204 | H24: X | N24: Presenta afectacion grave en la placa= Se observa el acero de refuerzo expuesto y fractura en la placa. El puente necesita mantenimiento de Pintura y Sandblasting, daño en muro en gaviones aguas arriba, lado izquierdo que afecta estribo ES2 y apoyos. Se ha solicitado la restriccion a trafico pesado para el botadero del PR18, en especial los vehiculos provenientes del tunel de Toyo, que representan un alto volumen vehicular y cargas altas que afectan la integridad la estructura
A25: 2 | B25: EL CEDRO | C25: 21520 | D25: 21+0700 | E25: 11.6 | F25: SANTA FÉ DE ANTIOQUIA - MEDELLÍN | G25: 6204 | H25: X | N25: Hormigoneo viga V1 y en la losa inferior entre vigas V1,V2 y V3 hormigoneos y hierro expuesto.
A26: 3 | B26: MI RANCHITO | C26: 23964 | D26: 23+0963 | E26: 10 | F26: SANTA FÉ DE ANTIOQUIA - MEDELLÍN | G26: 6204 | H26: X | N26: Presenta hormigoneo en viga V2, losa inferior con hormigoneo entre vigas V1 y V2, además, las vigas presentan huecos en la base.
A27: 4 | B27: PUENTE BLANCO | C27: 26126 | D27: 26+0174 | E27: 49 | F27: SANTA FÉ DE ANTIOQUIA - MEDELLÍN | G27: 6204 | H27: X | N27: El puente fue recientemente terminado y entro en funcionamiento el 12-oct-2023
A28: 5 | B28: LA MUÑOZ | C28: 36050 | D28: 36+0063 | E28: 13.3 | F28: SANTA FÉ DE ANTIOQUIA - MEDELLÍN | G28: 6204 | H28: X | N28: Carpeta de rodadura en mal estado a la entrada y salida del puente, daño en la base del estribo ES1, losa inferior y viga V1 con huecos y hierro expuesto
A29: 6 | B29: LA LONDOÑO | C29: 40095 | D29: 40+0150 | E29: 67 | F29: SANTA FÉ DE ANTIOQUIA - MEDELLÍN | G29: 6204 | H29: X
A30: 7 | B30: QDA LA GUAMALA | C30: 41107 | D30: 41+0139 | E30: 41.5 | F30: SANTA FÉ DE ANTIOQUIA - MEDELLÍN | G30: 6204 | H30: X
A31: 8 | B31: LA ARENERA | C31: 45219 | D31: 45+0240 | E31: 44.5 | F31: SANTA FÉ DE ANTIOQUIA - MEDELLÍN | G31: 6204 | H31: X | N31: Se presenta socavacion en apoyo central
A32: 9 | B32: LA TRUCHERA | C32: 46318 | D32: 46+0394 | E32: 23.2 | F32: SANTA FÉ DE ANTIOQUIA - MEDELLÍN | G32: 6204 | H32: X
A33: 10 | B33: MISERENGA | C33: 46657 | D33: 46+0720 | E33: 40.72 | F33: SANTA FÉ DE ANTIOQUIA - MEDELLÍN | G33: 6205 | H33: X
A34: 11 | B34: SIN NOMBRE | C34: 48944 | D34: 48+0977 | E34: 40 | F34: SANTA FÉ DE ANTIOQUIA - MEDELLÍN | G34: 6204 | H34: X
A35: 12 | B35: SIN NOMBRE | C35: 52085 | D35: 52+0109 | E35: 25.6 | F35: SANTA FÉ DE ANTIOQUIA - MEDELLÍN | G35: 6204 | H35: X
A36: 13 | B36: SIN NOMBRE | C36: 60049 | D36: 60+0134 | E36: 81.9 | F36: SANTA FÉ DE ANTIOQUIA - MEDELLÍN | G36: 6204 | H36: X
A38: No. | B38: NOMBRE DEL PUENTE | C38: PR inicial | D38: PR final | E38: Longitud (m) | F38: CARRETERA | G38: CÓDIGO DE LA VÍA | H38: TRANSITO | J38: ESTADO GENERAL | N38: OBSERVACIONES
H39: Normal | I39: Restringido | J39: Estribos Aletas | K39: Vigas Losas | L39: Barandas | M39: Estado crítico inmediato
A41: 1 | B41: LA BOMBA | C41: 0+0011 | D41: 0+0040 | E41: 29.3 | F41: CISNEROS - PUERTO BERRÍO - CRUCE RUTA 45 | G41: 6206 | H41: X | N41: La aleta derecha aguas arriba, presenta un proceso de socavacion leve.
A42: 2 | B42: LA MALENA | C42: 95255 | D42: =C42+E42 -> 95283 | E42: 28 | F42: =+F41 -> CISNEROS - PUERTO BERRÍO - CRUCE RUTA 45 | G42: 6206 | H42: X | N42: Socavación pila central y aleta inferior izquierda.
A43: 3 | B43: BERRÍO MONUMENTAL | C43: 97726 | D43: 97+1187 | E43: 592 | F43: =+F42 -> CISNEROS - PUERTO BERRÍO - CRUCE RUTA 45 | G43: 6206 | H43: X | N43: Se detecta corrosión en elementos de la estructura metálica y huecos en losa de concreto. Los elementos que protegen de socavacion las riveras aledañas presentan afectaciones
B45: CONVENCIONES:
B46: N.E. : No existe | F46: En buen estado | G46: En regular estado | J46: En mal estado | M46: x | N46: Se reparó en el presente mes
A49: NOTA: Se deben diligenciar todas las casillas.
L50: VOLVER A TABLA DE CONTENIDO

Sheet NECESIDADES PTES 
A1: INSTITUTO NACIONAL DE VÍAS
A2: DIRECCIÓN TERRITORIAL ANTIOQUIA
A3: CUADRO No. 10
A5: PRIORIZACIÓN PUENTES QUE REQUIEREN ATENCIÓN - REHABILITACIÓN Y CONSERVACIÓN
A8: INGENIERO RESIDENTE: | D8: =+DATOS!C10 -> CARLOS EDUARDO GARCIA CASTILLO | I8: TRIMESTRE EVALUADO: | L8: =+DATOS!C16 -> JUN - SEP DE 2024
I10: RUTA 6003
A11: No. | B11: TERRITORIAL | C11: CÓDIGO DEL PUENTE (Sipucol) | D11: NOMBRE DEL PUENTE | E11: CALIFICACIÓN | F11: TPDS | G11: LONG. (m) | H11: CARRETERA | I11: PR inicial | J11: PR final | K11: TIPO DAÑO | L11: DESCRIPCIÓN DE LOS TRABAJOS | M11: COSTO APROXIMADO | O11: OBSERVACIONES
M12: $
M13: ESTUDIOS | N13: OBRA
A14: 1 | B14: ANTIOQUIA | C14: 6003-001.00 | D14: LA REMOLINA | E14: 4 | F14: 2073 | G14: 11.35 | H14: LA MANSA - PRIMAVERA | I14: 31256 | J14: 31267.35 | K14: =+'ESTADO PUENTES '!N15 -> Hormigoneos vigas VL3.VL4 y VL5 y losa. | L14: Resanar losa, vigas y bacheo en carpeta de rodadura | M14: =+'CANT OBRA 6003'!H182 -> 55711040 | N14: =+'CANT OBRA 6003'!H179 -> 1.3809672e+08
A15: 2 | B15: ANTIOQUIA | C15: 6003-002.00 | D15: LA HONDURA | E15: 4 | F15: 2073 | G15: 15.6 | H15: LA MANSA - PRIMAVERA | I15: 32563 | J15: 32579 | K15: =+'ESTADO PUENTES '!N16 -> Socavación AL2, daño en carpeta de rodadura. | L15: Recalce en concreto ciclópeo, sello de grietas y bacheo en carpeta de rodadura | M15: =+'CANT OBRA 6003'!H209 -> 55711040 | N15: =+'CANT OBRA 6003'!H206 -> 209391269
A16: 3 | B16: ANTIOQUIA | C16: 6003-003.00 | D16: LA CHUCHITA | E16: 4 | F16: 2073 | G16: 11 | H16: LA MANSA - PRIMAVERA | I16: 33431 | J16: 33442 | K16: =+'ESTADO PUENTES '!N17 -> Daños pavimento y fisuras de cortante vigas VL1, VL2 y VL5 , socavación AL2. | L16: Requiere inspección especial por fisuras a cortante, sello de grietas y bacheo en carpeta de rodadura | M16: =+'CANT OBRA 6003'!H231 -> 55711040 | N16: =+'CANT OBRA 6003'!H228 -> 88922602
A17: 4 | B17: ANTIOQUIA | C17: 6003-004.00 | D17: EL PEDRERO | E17: 4 | F17: 2073 | G17: 11.3 | H17: LA MANSA - PRIMAVERA | I17: 35532 | J17: 35543 | K17: =+'ESTADO PUENTES '!N18 -> Socavación ES1 y AL2, fractura en AL4, hormigoneo y acero expuesto losa. Requiere limpieza del cauce aguas arriba | L17: Recalce en concreto ciclópeo, resanar losa. | M17: =+'CANT OBRA 6003'!H255 -> 55711040 | N17: =+'CANT OBRA 6003'!H252 -> 81585958
A18: 5 | B18: ANTIOQUIA | C18: 6003-006.00 | D18: Q. EL MARCELO | E18: 4 | F18: 2073 | G18: 20.5 | H18: LA MANSA - PRIMAVERA | I18: 40150 | J18: 40168.9 | K18: =+'ESTADO PUENTES '!N20 -> Hormigoneos generalizados y acero expuesto vigas VL1-VL4.Fisuras a cortante en vigas VL1-VL4 . Requiere limpieza de cauce en la luz 2. Requiere inspección especial por estado de las vigas e incremento tránsito. | L18: Requiere inspección especial por estado de las vigas e incremento tránsito, resanar vigas | M18: =+'CANT OBRA 6003'!H277 -> 55711040 | N18: =+'CANT OBRA 6003'!H274 -> 249987550
L19: Total | M19: =SUM(M14:M18) -> 278555200 | N19: =+SUM(N14:N18) -> 7.679841e+08
L20: Valor Interven. | N20: =ROUND(N19*0.1,0) -> 76798410
L22: Valor Necesidades | N22: =+M19+N19+N20 -> 1.1233377e+09
I24: RUTA 6204
A25: No. | B25: TERRITORIAL | C25: CÓDIGO DEL PUENTE (Sipucol) | D25: NOMBRE DEL PUENTE | E25: CALIFICACIÓN | F25: TPDS | G25: LONG. (m) | H25: CARRETERA | I25: PR inicial | J25: PR final | K25: TIPO DAÑO | L25: DESCRIPCIÓN DE LOS TRABAJOS | M25: COSTO APROXIMADO | O25: OBSERVACIONES
M26: $
M27: ESTUDIOS | N27: OBRA
A28: 1 | B28: ANTIOQUIA | C28: 01-6204-002.00 | D28: AURRÁ II | E28: 3 | G28: 35 | H28: SANTA FÉ DE ANTIOQUIA - MEDELLÍN | I28: 16+0155 | J28: 16+0190 | K28: Corrosión estructura metálica, hueco en la losa, daño en los apoyos, daño en muro en gaviones aguas arriba, lado izquierdo que afecta estribo ES2. | L28: Reparacion de la placa. Mantenimiento de Pintura y Sandblasting, Construcción muro en gaviones,reparación losa y los apoyos requieren tabajos especiales. | M28: =+'CANT OBRA 6204'!H431 -> 55711040 | N28: =+'CANT OBRA 6204'!H428 -> 116966110
A29: 2 | B29: ANTIOQUIA | C29: 01-6204-003.00 | D29: EL CEDRO | E29: 3 | G29: 12.4 | H29: SANTA FÉ DE ANTIOQUIA - MEDELLÍN | I29: 21+0688 | J29: 21+0700 | K29: Hormigoneo viga V1 y en la losa inferior entre vigas V1,V2 y V3 hormigoneos y hierro expuesto. Afectación en la capacidad hidráulica. | L29: Resanar losa y vigas. Limpieza de cauce | M29: =+'CANT OBRA 6204'!H449 -> 55711040 | N29: =+'CANT OBRA 6204'!H446 -> 25839683
A30: 3 | B30: ANTIOQUIA | C30: 01-6204-003.10 | D30: MI RANCHITO | E30: 3 | G30: 10 | H30: SANTA FÉ DE ANTIOQUIA - MEDELLÍN | I30: 23+0953 | J30: 23+0963 | K30: Presenta hormigoneo en viga V2, losa inferior con hormigoneo entre vigas V1 y V2, además, las vigas presentan huecos en la base. | L30: Reparar losa y vigas. | M30: =+'CANT OBRA 6204'!H463 -> 55711040 | N30: =+'CANT OBRA 6204'!H460 -> 17461315
L31: Total | M31: =SUM(M28:M30) -> 167133120 | N31: =SUM(N28:N30) -> 160267108
L32: Valor Interven. | N32: =+ROUND(SUM(N31)*0.1,0) -> 16026711
L34: Valor Necesidades | N34: =M31+N31+N32 -> 343426939
I36: RUTA 6206
A37: No. | B37: TERRITORIAL | C37: CÓDIGO DEL PUENTE (Sipucol) | D37: NOMBRE DEL PUENTE | E37: CALIFICACIÓN | F37: TPDS | G37: LONG. (m) | H37: CARRETERA | I37: PR inicial | J37: PR final | K37: TIPO DAÑO | L37: DESCRIPCIÓN DE LOS TRABAJOS | M37: COSTO APROXIMADO | O37: OBSERVACIONES
M38: $
M39: ESTUDIOS | N39: OBRA
A40: 1 | B40: ANTIOQUIA | C40: 01-6206-017.00 | D40: LA MALENA | E40: 3 | F40: 1397 | G40: 27.4 | H40: Cisneros- Puerto Berrío | I40: 95+0250 | J40: 95277.4 | K40: Socavación | L40: Inspección especial para determinar efectivamente el grado de socavación y tomar decisiones | M40: =+'CANT OBRA 6206'!H93 -> 55711040 | N40: =+'CANT OBRA 6206'!H90 -> 103769054 | O40: Presenta socavación en aleta inferior izquierda y en la pila cental.
A41: 2 | B41: ANTIOQUIA | C41: 01-6206-018.00 | D41: BERRÍO | E41: 3 | F41: 1397 | G41: 587.2 | H41: =+H40 -> Cisneros- Puerto Berrío | I41: 97+0600 | J41: 97+1261 | K41: Corrosión | L41: Inspección especial para determinar grado de corrosión y la afectacion a elementos estructurales, se debe hacer un programa de mantenimiento, Para las obras de proteccion de la cimentacion contra la socavacion, se deben implementar elementos que obedezcan a un diseño para el cauce actual de rio. | M41: =+'CANT OBRA 6206'!I169 -> 253898400 | N41: =+'CANT OBRA 6206'!H102 -> 462597508 | O41: Indicios de corrosión en elementos de estructura metálica del puente sobre el río Magdalena: Se requiere inspección especial y mantenimiento de la estructura metálica
L42: TOTAL | M42: =SUM(M40:M41) -> 309609440 | N42: =SUM(N40:N41) -> 566366562
L43: Valor Interven. | N43: =+ROUND(N42*0.1,0) -> 56636656
L45: Valor Necesidades | N45: =+M42+N42+N43 -> 932612658
A47: LOS VALORES REGISTRADOS EN LA COLUMNA COSTO ESTIMADO, DEBEN ESTAR ENLAZADOS CON EL HIPERVINCULO DEL CUADRO No. 7 "CALCULO DE CANTIDADES Y COSTOS ESTIMADOS DE NECESIDADES DE LAS VIAS", RESPECTIVO.
M49: VOLVER A TABLA DE CONTENIDO

Sheet ESTADO PONTONES 
A1: INSTITUTO NACIONAL DE VÍAS
A2: DIRECCIÓN TERRITORIAL ANTIOQUIA
A4: CUADRO No. 11
A6: ESTADO GENERAL DE LOS PONTONES
A9: INGENIERO RESIDENTE: | D9: =+DATOS!C10 -> CARLOS EDUARDO GARCIA CASTILLO | I9: TRIMESTRE EVALUADO: | K9: =+DATOS!C16 -> JUN - SEP DE 2024
F11: TRANSITO | H11: ESTADO GENERAL
A12: No. | B12: PR inicial | C12: PR final | D12: CARRETERA | E12: CÓDIGO | F12: Normal | G12: Restringido | H12: Estribos Aletas | I12: Vigas Losas | J12: Barandas | K12: Estado crítico inmediato | L12: OBSERVACIONES
A13: 1 | B13: 5250 | C13: 5254 | D13: LA MANSA - PRIMAVERA | E13: 6003 | F13: X | J13: N/E | L13: Losa agrietada, refuerzo expuesto ES1 y ES2 agrietados
A14: 2 | B14: 7500 | C14: 7507 | D14: LA MANSA - PRIMAVERA | E14: 6003 | F14: X | J14: N/E
A15: 3 | B15: 8730 | C15: 8733 | D15: LA MANSA - PRIMAVERA | E15: 6003 | F15: X | J15: N/E | L15: Se construyó puente aguas abajo, con el contrato 544 de 2016. el pontón antiguo quedó sin servicio.
A16: 4 | B16: 9600 | C16: 9603 | D16: LA MANSA - PRIMAVERA | E16: 6003 | F16: X | J16: N/E
A17: 5 | B17: 10500 | C17: 10502 | D17: LA MANSA - PRIMAVERA | E17: 6003 | F17: X | J17: N/E | L17: Losa fisurada
A18: 6 | B18: 16037 | C18: 16040 | D18: LA MANSA - PRIMAVERA | E18: 6003 | F18: X | J18: N/E | L18: AL3 desplazada
A19: 7 | B19: 24084 | C19: 24090 | D19: LA MANSA - PRIMAVERA | E19: 6003 | F19: X | J19: N/E | L19: AL4 fisurada por socavación y ES2
A20: 8 | B20: 29170 | C20: 29174 | D20: LA MANSA - PRIMAVERA | E20: 6003 | F20: X | L20: ES1 y ES2 fisurados
A21: 9 | B21: 33132 | C21: 33135 | D21: LA MANSA - PRIMAVERA | E21: 6003 | F21: X | J21: N/E
A22: 10 | B22: 38700 | C22: 38704 | D22: LA MANSA - PRIMAVERA | E22: 6003 | F22: X | J22: N/E
A23: 11 | B23: 40668 | C23: 40669 | D23: LA MANSA - PRIMAVERA | E23: 6003 | F23: X | J23: N/E
A24: 12 | B24: 41027 | C24: 41030 | D24: LA MANSA - PRIMAVERA | E24: 6003 | F24: X | J24: N/E
A25: 13 | B25: 41763 | C25: 41766 | D25: LA MANSA - PRIMAVERA | E25: 6003 | F25: X | J25: N/E
A26: 14 | B26: 41808 | C26: 41809 | D26: LA MANSA - PRIMAVERA | E26: 6003 | F26: X | J26: N/E
A27: 15 | B27: 44055 | C27: 44061 | D27: LA MANSA - PRIMAVERA | E27: 6003 | F27: X | J27: N/E
A28: 16 | B28: 88793 | C28: 88801 | D28: LA MANSA - PRIMAVERA | E28: 6003 | F28: X | L28: Barandas en regular estado
A29: 17 | B29: 89220 | C29: 89224 | D29: LA MANSA - PRIMAVERA | E29: 6003 | F29: X | J29: N/E
A30: 18 | B30: 94788 | C30: 94793 | D30: LA MANSA - PRIMAVERA | E30: 6003 | F30: X | J30: N/E
A33: CONVENCIONES:
A34: N.E. : No existe | D34: En buen estado | E34: En regular estado | H34: En mal estado | K34: x | L34: Se reparó en el presente mes
A37: NOTA: Se deben diligenciar todas las casillas. | K37: VOLVER A TABLA DE CONTENIDO

Sheet NEC. PONTONES 
A1: INSTITUTO NACIONAL DE VÍAS
A2: DIRECCIÓN TERRITORIAL ANTIOQUIA
A4: CUADRO No. 12
A6: NECESIDADES DE LOS PONTONES
A9: INGENIERO RESIDENTE: | B9: =+DATOS!C10 -> CARLOS EDUARDO GARCIA CASTILLO | E9: TRIMESTRE EVALUADO: | F9: =+DATOS!C16 -> JUN - SEP DE 2024
A11: CARRETERA | B11: CÓDIGO | C11: PR inicial | D11: PR final | E11: DESCRIPCIÓN DE LA NECESIDAD | F11: COSTO ESTIMADO ($) | G11: OBSERVACIONES
A12: LA MANSA-PRIMAVERA | B12: 6003 | C12: 5+0250 | D12: 5254 | E12: =+'ESTADO PONTONES '!L13 -> Losa agrietada, refuerzo expuesto ES1 y ES2 agrietados | F12: =+'CANT OBRA 6003'!H300 -> 146580194
A13: LA MANSA-PRIMAVERA | B13: 6003 | C13: 10500 | D13: 10502 | E13: =+'ESTADO PONTONES '!L17 -> Losa fisurada | F13: =+'CANT OBRA 6003'!H321 -> 146580194
A14: LA MANSA-PRIMAVERA | B14: 6003 | C14: 16037 | D14: 16047 | E14: AL3 Desplazada | F14: =+'CANT OBRA 6003'!H337 -> 115213866
A15: LA MANSA-PRIMAVERA | B15: 6003 | C15: 24+0084 | D15: 24090 | E15: =+'ESTADO PONTONES '!L19 -> AL4 fisurada por socavación y ES2 | F15: =+'CANT OBRA 6003'!H355 -> 136779255
A16: LA MANSA-PRIMAVERA | B16: 6003 | C16: 88793 | D16: 88801 | E16: =+'ESTADO PONTONES '!L28 -> Barandas en regular estado | F16: =+'CANT OBRA 6003'!H377 -> 118962058
E17: SUBTOTAL COSTOS | F17: =+SUM(F12:F16) -> 664115567
A19: LOS VALORES REGISTRADOS EN LA COLUMNA COSTO ESTIMADO, DEBEN ESTAR ENLAZADOS CON EL HIPERVÍNCULO DEL CUADRO No. 7 "CALCULO DE CANTIDADES Y COSTOS ESTIMADOS DE NECESIDADES DE LAS VÍAS", RESPECTIVO.
A20: NOTA (1): El costo debe incluir AIU e IVA (19% sobre utilidades)
A21: Se deben diligenciar todas las casillas.
F23: VOLVER A TABLA DE CONTENIDO

Sheet ESTADO TUNELES
A1: INSTITUTO NACIONAL DE VÍAS
A2: DIRECCIÓN TERRITORIAL ANTIOQUIA
A4: CUADRO No. 13
A6: ESTADO GENERAL DE LOS TÚNELES
A8: INGENIERO RESIDENTE: | C8: CARLOS EDUARDO GARCIA CASTILLO | N8: TRIMESTRE EVALUADO: | P8: =+DATOS!C16 -> JUN - SEP DE 2024
A11: CARRETERA | B11: CODIGO | C11: NOMBRE DEL TUNEL | D11: LOCALIZACIÓN | G11: TIPO DE TUNEL | H11: ESTADO GENERAL | T11: OBSERVACIONES
D12: PR inicial | E12: PR final | F12: LONG. TOTAL (m) | H12: ILUMINACIÓN | I12: VENTILACIÓN | J12: SEÑALIZACIÓN | M12: HASTIAL IZQUIERDO | N12: HASTIAL DERECHO | O12: BOVEDA | P12: RASANTE | Q12: SISTEMA DE DRENAJE | R12: PUESTOS DE EMERGENCIA | S12: PROTECCIÓN CONTRA INCENDIOS
J13: HORIZONTAL | K13: VERTICAL | L13: No. SEÑALES FALTANTES
A31: CONVENCIONES:
A32: N.E. : No existe | C32: En buen estado | F32: En regular estado | I32: En mal estado | L32: x | M32: Se reparó en el presente mes
Q33: VOLVER A TABLA DE CONTENIDO
A34: TIPO DE TUNEL: | B34: UNIDIRECCIONAL
B35: BIDIRECCIONAL

Sheet NECESIDADES EN TÚNELES
A1: INSTITUTO NACIONAL DE VÍAS
A2: DIRECCIÓN TERRITORIAL ANTIOQUIA
A4: CUADRO No. 14
A6: NECESIDADES DE LOS TÚNELES
A8: INGENIERO RESIDENTE: | C8: =+DATOS!C10 -> CARLOS EDUARDO GARCIA CASTILLO | H8: TRIMESTRE EVALUADO: | J8: =+DATOS!C16 -> JUN - SEP DE 2024
A11: CARRETERA | B11: CODIGO | C11: NOMBRE TUNEL | D11: LOCALIZACIÓN | G11: TIPO DAÑO | H11: DESCRIPCIÓN DE LOS TRABAJOS | I11: COSTO APROXIMADO ( $ ) | K11: OBSERVACIONES
D12: PR inicial | E12: PR final | F12: LONG. TOTAL (m)
I13: ESTUDIOS | J13: OBRA
A29: LOS VALORES REGISTRADOS EN LA COLUMNA COSTO ESTIMADO, DEBEN ESTAR ENLAZADOS CON EL HIPERVINCULO DEL CUADRO No. 7 "CALCULO DE CANTIDADES Y COSTOS ESTIMADOS DE NECESIDADES DE LAS VIAS", RESPECTIVO.
J32: VOLVER A TABLA DE CONTENIDO

Sheet Señalización Vertical 
A1: INSTITUTO NACIONAL DE VÍAS
A2: DIRECCIÓN TERRITORIAL: ANTIOQUIA
A3: CUADRO No.15
A4: ESTADO DE LA SEÑALIZACIÓN VERTICAL Y SEÑALIZACIÓN VERTICAL FALTANTE.
A6: RUTA: | B6: 60 | R6: TRAMO: | U6: 03
A7: RUTA: | B7: 62 | R7: TRAMO: | U7: 04
A8: RUTA: | B8: 62 | R8: TRAMO: | U8: 05
A9: RUTA: | B9: 62 | R9: TRAMO: | U9: 06
D11: SEÑALES SP, SR Y SI | H11: PASAVIAS | L11: SEÑALES TIPO BANDERA | P11: SEÑALES SI 05 Y SI 06 | T11: DELINEADORES DE CURVA | X11: POSTES DE REFERENCIACIÓN | AB11: DEFENSAS METÁLICAS
A12: RUTA | B12: TRAMO | C12: Km. | D12: B | E12: R | F12: M | G12: F | H12: B | I12: R | J12: M | K12: F | L12: B | M12: R | N12: M | O12: F | P12: B | Q12: R | R12: M | S12: F | T12: B | U12: R | V12: M | W12: F | X12: B | Y12: R | Z12: M | AA12: F | AB12: B | AC12: R | AD12: M | AE12: F
D13: Und | E13: Und | F13: Und | G13: Und | H13: Und | I13: Und | J13: Und | K13: Und | L13: Und | M13: Und | N13: Und | O13: Und | P13: Und | Q13: Und | R13: Und | S13: Und | T13: Und | U13: Und | V13: Und | W13: Und | X13: Und | Y13: Und | Z13: Und | AA13: Und | AB13: ml | AC13: ml | AD13: ml | AE13: ml
A14: (1) | B14: (2) | C14: (3) | D14: (4) | E14: (5) | F14: (6) | G14: (7) | H14: (8) | I14: (9) | J14: (10) | K14: (11) | L14: (12) | M14: (13) | N14: (14) | O14: (15) | P14: (16) | Q14: (17) | R14: (18) | S14: (19) | T14: (20) | U14: (21) | V14: (22) | W14: (23) | X14: (24) | Y14: (25) | Z14: (26) | AA14: (27) | AB14: (28) | AC14: (29) | AD14: (30) | AE14: (31)
A15: 60 | B15: 03 | C15: =47660/1000 -> 47.66 | D15: =695+11+30 -> 736 | E15: =78-15 -> 63 | F15: =24-15 -> 9 | G15: =+'CANT OBRA 6003'!F149 -> 432 | H15: 0 | I15: 0 | J15: 1 | K15: 0 | L15: 0 | M15: 2 | N15: 1 | O15: 0 | P15: 17 | Q15: 2 | R15: 1 | S15: =+'CANT OBRA 6003'!F150 -> 7 | T15: 1020 | U15: 42 | V15: 8 | W15: 246 | X15: 31 | Y15: 14 | Z15: 0 | AA15: 0 | AB15: 5986 | AC15: 48 | AD15: 85 | AE15: =+'CANT OBRA 6003'!F151 -> 3260
A16: 62 | B16: 04 | C16: 55.04 | D16: 1772 | E16: 255 | F16: 193 | G16: =+'CANT OBRA 6204'!F405 -> 625 | H16: 0 | I16: 0 | J16: 0 | K16: 0 | L16: 0 | M16: 0 | N16: 0 | O16: 0 | P16: 0 | Q16: 0 | R16: 0 | S16: =+'CANT OBRA 6204'!F406 -> 22 | T16: 2694 | U16: 186 | V16: 483 | W16: 1124 | X16: 40 | Y16: 14 | Z16: 0 | AA16: 1 | AB16: 0 | AC16: 1200 | AD16: 6320 | AE16: =+'CANT OBRA 6204'!F407 -> 1805
A17: 62 | B17: 05 | C17: 2.82 | D17: 124 | E17: 6 | F17: 0 | G17: 4 | H17: 0 | I17: 0 | J17: 1 | K17: 0 | L17: 3 | M17: 0 | N17: 0 | O17: 0 | P17: 4 | Q17: 4 | R17: 0 | S17: 8 | T17: 14 | U17: 0 | V17: 0 | W17: 0 | X17: 2 | Y17: 1 | Z17: 0 | AA17: 0 | AB17: =132-75 -> 57 | AC17: 75 | AD17: 0 | AE17: 0
A18: 62 | B18: 06 | C18: 4.07 | D18: 23 | E18: 26 | F18: 35 | G18: =+'CANT OBRA 6206'!F68 -> 54 | H18: 0 | I18: 0 | J18: 2 | K18: 0 | L18: 1 | M18: 0 | N18: 2 | O18: 4 | P18: 0 | Q18: 0 | R18: 0 | S18: 10 | T18: 0 | U18: 0 | V18: 0 | W18: 0 | X18: 4 | Y18: 0 | Z18: 0 | AA18: 0 | AB18: 23 | AC18: 0 | AD18: 0 | AE18: =+'CANT OBRA 6206'!F70 -> 152
A19: TOTALES: | C19: =SUM(C15:C18) -> 109.59 | D19: =SUM(D15:D18) -> 2655 | E19: =SUM(E15:E18) -> 350 | F19: =SUM(F15:F18) -> 237 | G19: =SUM(G15:G18) -> 1115 | H19: =SUM(H15:H18) -> 0 | I19: =SUM(I15:I18) -> 0 | J19: =SUM(J15:J18) -> 4 | ... AE19: =SUM(AE15:AE18) -> 5217
A21: CONVENCIONES Y DESCRIPCIÓN.
A23: (1): Identificación de la Ruta de acuerdo con la nomenclatura vial vigente.
A24: (2): Identificación del tramo de acuerdo con la nomenclatura vial vigente.
A25: (3): Longitud del tramo en kilómetros.
A26: (4), (8), (12), (16), (20): B= Número de señales instaladas en el tramo que se encuentran en buen estado. Se deben incluir las señales que se encuentren en perfecto estado en cuanto a
A27: legibilidad, reflectividad, pintura de postes y de parales, pintura posterior y cimientos.
A28: (5), (9), (13), (17), (21): R = Número de señales instaladas en el tramo que se encuentran en regular estado. Se deben incluir las señales que se encuentren en regular estado en cuanto a
A29: legibilidad, reflectividad, pintura de postes y de parales, pintura posterior y cimientos, pero que por su nivel de deterioro sean susceptibles de incluir en programas de recuperación y/o mantenimiento.
A30: (6), (10), (14), (18), (22): M = Número de señales instaladas en el tramo que se encuentran en mal estado. Se deben incluir las señales que por su estado de deterioro no brindan ninguna
A31: información al usuario de la vía y que no sean susceptibles de incluir en programas de recuperación y mantenimiento, requiriendo su reposición y remoción.
A32: (7), (11), (15), (19), (23): F = Número de señales faltantes que se requieren y no han sido instaladas (sin incluir las que se encuentran en regular y en mal estado).
A33: (24): B= Número de postes de referenciación que se encuentran en buen estado en cuanto a pintura y a su estructura en concreto.
... A41: (31): Metros lineales de defensas metálica faltantes que se requieren y que no han sido instalados (sin incluir los que se encuentran en regular y en mal estado).
W43: VOLVER A TABLA DE CONTENIDO

Sheet Señalización Horizontal
A1: INSTITUTO NACIONAL DE VÍAS
A2: DIRECCIÓN TERRITORIAL:
A3: CUADRO No.16
A4: ESTADO DE LA SEÑALIZACIÓN HORIZONTAL Y SEÑALIZACIÓN HORIZONTAL FALTANTE.
A6: RUTA: | B6: 60 | J6: TRAMO: | L6: 03
A7: RUTA: | B7: 62 | J7: TRAMO: | L7: 04
A8: RUTA: | B8: 62 | J8: TRAMO: | L8: 05
A9: RUTA: | B9: 62 | J9: TRAMO: | L9: 06
D11: LÍNEAS DE DEMARCACIÓN CON PINTURA ACRÍLICA | H11: LÍNEAS DE DEMARCACIÓN CON RESINAS TERMOPLÁSTICAS | L11: MARCAS VIALES | P11: TACHAS REFLECTIVAS
A13: RUTA | B13: TRAMO | C13: Km. | D13: B | E13: R | F13: M | G13: F | H13: B | I13: R | J13: M | K13: F | L13: B | M13: R | N13: M | O13: F | P13: INST | Q13: F
D14: ml | E14: ml | F14: ml | G14: ml | H14: ml | I14: ml | J14: ml | K14: ml | L14: m2 | M14: m2 | N14: m2 | O14: m2 | P14: und | Q14: und
A15: (1) | B15: (2) | C15: (3) | D15: (4) | E15: (5) | F15: (6) | G15: (7) | H15: (8) | I15: (9) | J15: (10) | K15: (11) | L15: (12) | M15: (13) | N15: (14) | O15: (15) | P15: (16) | Q15: (17)
A16: 60 | B16: 03 | C16: =47660/1000 -> 47.66 | D16: =12000*3+14000*2 -> 64000 | E16: =37140+14000*2 -> 65140 | F16: =24750 -> 24750 | G16: =11000*2 -> 22000 | H16: 0 | I16: 0 | J16: 0 | K16: 0 | L16: 1344 | M16: 0 | N16: 0 | O16: =15*8*1.5 -> 180 | P16: 1740 | Q16: =6650-1740 -> 4910 | T16: 44 | U16: =+T16*4 -> 176
A17: 62 | B17: 04 | C17: 55.04 | D17: 0 | E17: 800 | F17: 21360 | G17: =55000*4-22000 -> 198000 | H17: 0 | I17: 0 | J17: 0 | K17: 0 | L17: 0 | M17: 0 | N17: =10*113 -> 1130 | O17: =30*7.5*2 -> 450 | P17: 1114 | Q17: 7240 | T17: 4000
A18: 62 | B18: 05 | C18: 2.82 | D18: 0 | E18: 2280 | F18: 3450 | G18: 0 | H18: 6700 | I18: 0 | J18: 0 | K18: 1500 | L18: 583 | M18: 350 | N18: 150 | O18: 273 | P18: 81 | Q18: 345 | T18: =+T17/20 -> 200
A19: 62 | B19: 06 | C19: 4.07 | D19: 0 | E19: 5100 | F19: 7450 | G19: 3720 | H19: 2400 | I19: 0 | J19: 0 | K19: 0 | L19: 510 | M19: 110 | N19: 20 | O19: 374 | P19: 147 | Q19: 453 | T19: =+T18*3 -> 600
A20: TOTALES: | C20: =SUM(C16:C19) -> 109.59 | D20: =SUM(D16:D19) -> 64000 | E20: =SUM(E16:E19) -> 73320 | F20: =SUM(F16:F19) -> 57010 | G20: =SUM(G16:G19) -> 223720 | H20: =SUM(H16:H19) -> 9100 | I20: =SUM(I16:I19) -> 0 | J20: =SUM(J16:J19) -> 0 | ... Q20: =SUM(Q16:Q19) -> 12948
A22: CONVENCIONES Y DESCRIPCIÓN.
A23: (1): Identificación de la Ruta de acuerdo con la nomenclatura vial vigente.
A24: (2): Identificación del tramo de acuerdo con la nomenclatura vial vigente.
A25: (3): Longitud del tramo en kilómetros.
A26: (4), (8): B= ml. de pintura acrílica o termoplástica que se encuentran en buen estado en cuanto a definición de líneas de demarcación y reflectividad
A27: (5), (9): R= Metros lineales pintura acrílica o termoplástica que se encuentran en regular estado por no presentar buena definición
B28: de líneas de demarcación o de reflectividad.
A29: (6), (10): M= Metros lineales de pintura acrílica o termoplástica que se encuentran en mal estado por no brindar ningún tipo de
B30: servicio al usuario ante la falta de definición en la línea de demarcación y en la reflectividad.
A31: (7), (11): F= Metros lineales de pintura acrílica y termoplástica faltante.
A32: (12): B= Metros cuadrados de marcas viales que se encuentran en buen estado en cuanto a definición y reflectividad.
A33: (13): R= Metros cuadrados de marcas viales que se encuentran en regular estado en cuanto a definición y reflectividad.
A34: (14): M= Metros cuadrados de marcas viales que se encuentran en mal estado en cuanto a definición y reflectividad.
A35: (15): F= Metros cuadrados de marcas viales faltantes.
A36: (16): Número de Tachas reflectivas instaladas.
A37: (17): Número de Tachas reflectivas faltantes.
N39: VOLVER A TABLA DE CONTENIDO

Sheet ACCIDENTALIDAD
A1: INSTITUTO NACIONAL DE VÍAS
A2: DIRECCIÓN TERRITORIAL ANTIOQUIA
A4: CUADRO No. 17
A6: INFORME DE ACCIDENTALIDAD MESES JUN-JUL-AGO-SEP DE 2024
A8: INGENIERO RESIDENTE: | C8: =+DATOS!C10 -> CARLOS EDUARDO GARCIA CASTILLO | H8: TRIMESTRE EVALUADO: | J8: =+DATOS!C16 -> JUN - SEP DE 2024
A10: FECHA | B10: HORA | C10: CARRETERA | D10: CÓDIGO | E10: PR | F10: HERIDOS | G10: MUERTOS | H10: CLASE DE ACCIDENTE | I10: CAUSAS APARENTES O PROBABLES | J10: TIPO DE VEHÍCULO
A11: 45458 | B11: 0.86111111 | C11: La Mansa - Primavera | D11: 6003 | E11: 12+700 | F11: 1 | G11: 0 | H11: Choque | I11: No determinada | J11: Motocicleta | K11: Camioneta
A12: 45444 | B12: 0.88194444 | C12: La Mansa - Primavera | D12: 6003 | E12: 14+800 | F12: 2 | G12: 0 | H12: Choque | I12: Falta de mantenimiento mecánico | J12: Motocicleta | K12: Motocicleta
A13: 45458 | B13: 0.63888889 | C13: La Mansa - Primavera | D13: 6003 | E13: 36+696 | F13: 5 | G13: 0 | H13: Choque | I13: Adelantar invadiendo vía | J13: Automovil | K13: Camioneta
A14: 45459 | C14: La Mansa - Primavera | D14: 6003 | E14: 42+100 | F14: 2 | G14: 0 | H14: Choque | I14: Sueño por cansancio | J14: Camioneta
A15: 45465 | B15: 0.60416667 | C15: La Mansa - Primavera | D15: 6003 | E15: 32+600 | F15: 2 | G15: 0 | H15: Choque | I15: Adelantar invadiendo vía | J15: Camioneta | K15: Motocicleta
A17: 45491 | B17: 0.84027778 | C17: La Mansa - Primavera | D17: 6003 | E17: 12+100 | F17: 1 | G17: 0 | H17: Choque | I17: No determinada | J17: Motocicleta | K17: Camion
A18: 45493 | B18: 0.92361111 | C18: La Mansa - Primavera | D18: 6003 | E18: 12+360 | F18: 2 | G18: 0 | H18: Choque | I18: Exceso de velocidad | J18: Motocicleta | K18: Motocicleta
A19: 45482 | B19: 0.36805556 | C19: La Mansa - Primavera | D19: 6003 | E19: 13+270 | F19: 1 | G19: 0 | H19: Choque | I19: Pavimento liso | J19: Motocicleta
A20: 45493 | B20: 0.82291667 | C20: La Mansa - Primavera | D20: 6003 | E20: 15+550 | F20: 2 | G20: 0 | H20: Choque | I20: No determinada | J20: Motocicleta | K20: Motocicleta
A22: 45511 | B22: 0.875 | C22: La Mansa - Primavera | D22: 6003 | E22: 13+220 | F22: 4 | G22: 0 | H22: Choque | I22: Falta de señales en vehículo varado | J22: Motocicleta | K22: Motocicleta
A23: 45526 | B23: 0.63888889 | C23: La Mansa - Primavera | D23: 6003 | E23: 12+210 | F23: 2 | G23: 0 | H23: Choque | I23: Girar bruscamente | J23: Motocicleta | K23: Motocicleta
A24: 45514 | B24: 0.1875 | C24: La Mansa - Primavera | D24: 6003 | E24: 13+618 | F24: 1 | G24: 0 | H24: Choque | I24: No determinada | J24: Motocicleta
A25: 45508 | B25: 0.42361111 | C25: La Mansa - Primavera | D25: 6003 | E25: 14+570 | F25: 2 | G25: 0 | H25: Choque | I25: Falta de señales en vehículo varado | J25: No identificado | K25: Motocicleta
A26: 45532 | B26: 0.64583333 | C26: La Mansa - Primavera | D26: 6003 | E26: 15+263 | F26: 1 | G26: 0 | H26: Caida ocupante | J26: Bus
A27: 45527 | B27: 0.90277778 | C27: La Mansa - Primavera | D27: 6003 | E27: 15+300 | F27: 1 | G27: 0 | H27: Choque | I27: Girar bruscamente | J27: Camion | K27: Motocicleta
A28: 45507 | B28: 0.36805556 | C28: La Mansa - Primavera | D28: 6003 | E28: 15+1200 | F28: 1 | G28: 0 | H28: Choque | I28: Falta de señales en vehículo varado | J28: Motocicleta | K28: Motocicleta
A29: 45505 | B29: 0.56875 | C29: Caldas | D29: 6003 | E29: 93+980 | F29: 0 | G29: 1 | H29: Choque | I29: No mantener distancia de seguridad | J29: Camion | K29: Motocicleta
A30: 45523 | B30: 0.64583333 | C30: Caldas | D30: 6003 | E30: 94+800 | F30: 3 | G30: 0 | H30: Choque | I30: Drogadicción del conductor | J30: Motocicleta | K30: Motocicleta
A31: 45532 | B31: 0.75 | C31: Puerto Berrio | D31: 6206 | E31: 97+005 | F31: 3 | G31: 0 | H31: Atropello | I31: No determinada | J31: Motocicleta
A33: 45545 | B33: 0.70486111 | C33: La Mansa - Primavera | D33: 6003 | E33: 15+1000 | F33: 1 | G33: 0 | H33: Choque | I33: Vehículo, objeto, persona o animal en la vía | J33: Motocicleta | K33: Camion
A34: 45549 | B34: 0.63541667 | C34: La Mansa - Primavera | D34: 6003 | E34: 12+137 | F34: 1 | G34: 0 | H34: Choque | I34: Pavimento liso | J34: Motocicleta | K34: Motocicleta
A35: 45539 | B35: 0.85416667 | C35: La Mansa - Primavera | D35: 6003 | E35: 13+700 | F35: 3 | G35: 0 | H35: Choque | I35: Parquear sin seguridad | J35: Motocicleta | K35: Motocicleta
A36: 45538 | B36: 0.74305556 | C36: La Mansa - Primavera | D36: 6003 | E36: 10+350 | F36: 3 | G36: 0 | H36: Choque | I36: Falta de señales en vehículo varado | J36: Motocicleta | K36: Motocicleta
A37: 45536 | B37: 0.70833333 | C37: San Jeronimo | D37: 6204 | E37: 22+575 | F37: 2 | G37: 0 | H37: Choque | I37: Falta de señales en vehículo varado | J37: Motocicleta | K37: Motocicleta
A38: 45563 | B38: 0.83402778 | C38: San Jeronimo | D38: 6204 | E38: 22+609 | F38: 5 | G38: 0 | H38: Choque | I38: Adelantar invadiendo vía | J38: Motocicleta | K38: Motocicleta
A39: 45549 | B39: 0.27777778 | C39: Caldas | D39: 6003 | E39: 88+450 | F39: 2 | G39: 0 | H39: Choque | I39: Girar bruscamente | J39: Motocicleta | K39: Bicicleta
A40: 45558 | B40: 0.18055556 | C40: Caldas | D40: 6003 | E40: 94+600 | F40: 3 | G40: 0 | H40: Atropello | I40: Adelantar invadiendo vía | J40: Motocicleta
A42: CLASE DE ACCIDENTE: | C42: Choque, volcamiento, caída de ocupante, Atropello, etc.
A43: CAUSA: | C43: Exceso de velocidad, embriaguez, superficie de la vía, hueco, etc.
A44: TIPO DE VEHÍCULO: | C44: Motocicleta, automóvil, camión, bus, etc.
I47: VOLVER A TABLA DE CONTENIDO

Sheet DEFENSA VIAS
A1: INSTITUTO NACIONAL DE VÍAS
A2: DIRECCIÓN TERRITORIAL ANTIOQUIA
A4: CUADRO No. 18
A6: RESUMEN DE ACTIVIDADES PARA EL BUEN USO Y DEFENSA DE LAS VÍAS
A8: INGENIERO RESIDENTE: | C8: =+DATOS!C10 -> CARLOS EDUARDO GARCIA CASTILLO | F8: FECHA: | H8: =+DATOS!C14 -> SEPTIEMBRE DE 2024
A10: VIA: 6003
A11: PERIODO | B11: VALLAS INVENTARIADAS | C11: VALLAS RETIRADAS | D11: AVISOS INVENTARIADOS | E11: AVISOS RETIRADOS | F11: CORRIMIENTO CERCAS (ml) | G11: EMPRADIZACIÓN (M2) | H11: ERRADICACIÓN BASUREROS (No.) | I11: ARBORIZACIÓN
A12: JUN a SEP / 2024 | B12: 3 | C12: 0 | D12: 14 | E12: 0 | F12: 0 | G12: 0 | H12: 0 | I12: 0
A14: ACUMULADO | B14: =SUM(B12:B12) -> 3 | C14: =SUM(C12:C12) -> 0 | D14: =SUM(D12:D12) -> 14 | E14: =SUM(E12:E12) -> 0 | F14: =SUM(F12:F12) -> 0 | G14: =SUM(G12:G12) -> 0 | H14: =SUM(H12:H12) -> 0 | I14: =SUM(I12:I12) -> 0
A15: NOTAS:
A16: Debe relacionarse todo lo inventariado en cada trimestre del contrato y por cada via a cargo.
A18: VIA: 6204
A19: PERIODO | B19: VALLAS INVENTARIADAS | C19: VALLAS RETIRADAS | D19: AVISOS INVENTARIADOS | E19: AVISOS RETIRADOS | F19: CORRIMIENTO CERCAS (ml) | G19: EMPRADIZACIÓN (M2) | H19: ERRADICACIÓN BASUREROS (No.) | I19: ARBORIZACIÓN
A20: JUN a SEP / 2024 | B20: 4 | C20: 0 | D20: 13 | E20: 0 | F20: 0 | G20: 0 | H20: 0 | I20: 0
A22: ACUMULADO | B22: =SUM(B20:B20) -> 4 | C22: =SUM(C20:C20) -> 0 | D22: =SUM(D20:D20) -> 13 | E22: =SUM(E20:E20) -> 0 | F22: =SUM(F20:F20) -> 0 | G22: =SUM(G20:G20) -> 0 | H22: =SUM(H20:H20) -> 0 | I22: =SUM(I20:I20) -> 0
A23: NOTAS:
A24: Debe relacionarse todo lo inventariado en cada trimestre del contrato y por cada via a cargo.
A26: VIA: 6205
A27: PERIODO | B27: VALLAS INVENTARIADAS | C27: VALLAS RETIRADAS | D27: AVISOS INVENTARIADOS | E27: AVISOS RETIRADOS | F27: CORRIMIENTO CERCAS (ml) | G27: EMPRADIZACIÓN (M2) | H27: ERRADICACIÓN BASUREROS (No.) | I27: ARBORIZACIÓN
A28: JUN a SEP / 2024 | B28: 2 | C28: 0 | D28: 5 | E28: 0 | F28: 0 | G28: 0 | H28: 0 | I28: 0
A30: ACUMULADO | B30: =SUM(B28:B28) -> 2 | C30: =SUM(C28:C28) -> 0 | D30: =SUM(D28:D28) -> 5 | E30: =SUM(E28:E28) -> 0 | F30: =SUM(F28:F28) -> 0 | G30: =SUM(G28:G28) -> 0 | H30: =SUM(H28:H28) -> 0 | I30: =SUM(I28:I28) -> 0
A31: NOTAS:
A32: Debe relacionarse todo lo inventariado en cada trimestre del contrato y por cada via a cargo.
A34: VIA: 6206
A35: PERIODO | B35: VALLAS INVENTARIADAS | C35: VALLAS RETIRADAS | D35: AVISOS INVENTARIADOS | E35: AVISOS RETIRADOS | F35: CORRIMIENTO CERCAS (ml) | G35: EMPRADIZACIÓN (M2) | H35: ERRADICACIÓN BASUREROS (No.) | I35: ARBORIZACIÓN
A36: JUN a SEP / 2024 | B36: 1 | C36: 0 | D36: 5 | E36: 0 | F36: 0 | G36: 0 | H36: 0 | I36: 0
A38: ACUMULADO | B38: =SUM(B36:B36) -> 1 | C38: =SUM(C36:C36) -> 0 | D38: =SUM(D36:D36) -> 5 | E38: =SUM(E36:E36) -> 0 | F38: =SUM(F36:F36) -> 0 | G38: =SUM(G36:G36) -> 0 | H38: =SUM(H36:H36) -> 0 | I38: =SUM(I36:I36) -> 0
A39: NOTAS:
A40: Debe relacionarse todo lo inventariado en cada trimestre del contrato y por cada via a cargo.
A42: TOTALES
A43: PERIODO | B43: VALLAS INVENTARIADAS | C43: VALLAS RETIRADAS | D43: AVISOS INVENTARIADOS | E43: AVISOS RETIRADOS | F43: CORRIMIENTO CERCAS (ml) | G43: EMPRADIZACIÓN (M2) | H43: ERRADICACIÓN BASUREROS (No.) | I43: ARBORIZACIÓN
A44: ACUMULADO | B44: =+B14+B22+B30+B38 -> 10 | C44: =+C14+C22+C30+C38 -> 0 | D44: =+D14+D22+D30+D38 -> 37 | E44: =+E14+E22+E30+E38 -> 0 | F44: =+F14+F22+F30+F38 -> 0 | G44: =+G14+G22+G30+G38 -> 0 | H44: =+H14+H22+H30+H38 -> 0 | I44: =+I14+I22+I30+I38 -> 0
A45: Debe relacionarse todo lo inventariado en cada trimestre del contrato y por cada via a cargo.
G47: VOLVER A TABLA DE CONTENIDO

Sheet SEGUIMIENTO 
A1: INSTITUTO NACIONAL DE VÍAS
A2: ADMINISTRACIÓN VIAL GRUPO 01 TERRITORIAL ANTIOQUIA
A3: CUADRO No. 19
A4: SEGUIMIENTO DE FUNCIONES TECNICAS Y ADMINISTRATIVAS 2024-2026
A6: No. | B6: ACTIVIDAD | C6: 2024 | J6: 2025 | V6: 2026 | AD6: OBSERVACIONES
C7: Jun | D7: Jul | E7: Ago | F7: Sep | G7: Oct | H7: Nov | I7: Dic | J7: Ene | K7: Feb | L7: Mar | M7: Abr | N7: May | O7: Jun | P7: Jul | Q7: Ago | R7: Sep | S7: Oct | T7: Nov | U7: Dic | V7: Ene | W7: Feb | X7: Mar | Y7: Abr | Z7: May | AA7: Jun | AB7: Jul
A8: 1 | B8: Participar activamente en la prevención de riesgos y atención de las emergencias que se presenten en las vías-Elaborar directorio de emergencias | C8: X | D8: X | E8: X | F8: X
A9: 2 | B9: Alertar oportunamente al INVÍAS sobre la necesidad de diseñar y construir obras especiales para la mitigación de la inestabilidad en sitios críticos | C9: X | D9: X | E9: X | F9: X
A10: 3 | B10: Informar oportunamente al INVIAS sobre la necesidad de diseñar obras y adelantar acciones en relación con el entorno de la vía, encaminadas a su ornato, a la preservación del medio ambiente y a la contaminación visual | C10: X | D10: X | E10: X | F10: X
A11: 4 | B11: Planear, organizar, dirigir, coordinar, evaluar y controlar las actividades de los trabajadores de mantenimiento rutinario encargados del mantenimiento rutinario de las carreteras que se le asignen y ejercer su supervisión | C11: X | D11: X | E11: X
A12: 5 | B12: Actualizar los costos de mantenimiento vial (Análisis de Precios Unitarios – APU) y suministrar la información requerida para los sistemas de administración de carreteras que utiliza INVÍAS | AD12: NO SE REALIZA EN ESTE PERIODO
A13: 6 | B13: Mantener actualizado el sistema de referenciación vial, con base en la información que le suministre INVÍAS y reponer los postes de referencia que hagan falta en las vías a su cargo y realizar visitas técnicas de auscultación para el diagnóstico del estado general de las obras ejecutadas mediante contratos y que tienen póliza de estabilidad vigente, según relación de contratos y programación que les será entregada por INVIAS | C13: X | D13: X | E13: X
A14: 7 | B14: Inspeccionar los puentes de manera rutinaria, dirigir y verificar su mantenimiento rutinario y periódico | C14: X | D14: X | E14: X
A15: 8 | B15: Capacitar cada mes a los trabajadores de mantenimiento rutinario a su cargo, en los temas relacionados con el mantenimiento rutinario de carreteras, de puentes, aspectos administrativos y de economía solidaria | C15: X | D15: X | E15: X
A16: 9 | B16: Participar en las reuniones de coordinación con la Dirección Territorial, evaluaciones y programas de transferencia de tecnología que INVÍAS programe para los ingenieros de la administración vial, en diferentes sitios del país | C16: X | D16: X | E16: X
A17: 10 | B17: Evaluar con criterio de transitabilidad (visual) el estado de la red vial a su cargo con la metodología suministrada por el INVIAS | C17: X | D17: X | E17: X
A18: 11 | B18: Apoyar la GESTION de la Territorial en los contratos que ejecute el INVÍAS en sectores de carreteras a su cargo | C18: X | D18: X | E18: X
A19: 12 | B19: Establecer las necesidades de las vías y puentes en materia de señalización vertical y horizontal, llevar un inventario de necesidades de señalización | C19: X | D19: X | E19: X
A20: 13 | B20: Recolección, digitación y reporte de la información relacionada con la accidentalidad ocurrida en los tramos de carreteras, así como la realización de estudios y presentación de recomendaciones técnicas encaminadas al mejoramiento de la seguridad vial | C20: X | D20: X | E20: X
A21: 14 | B21: Proporcionar datos para el cálculo del patrimonio de las vías objeto del contrato | AD21: NO SE REALIZA EN ESTE PERIODO
A22: 15 | B22: Velar por el cumplimiento de la reglamentación referente al buen uso y defensa de las vías y gestionar acciones que brinden servicios a los usuarios de las carreteras en coordinación con las Territoriales y las autoridades locales competentes | C22: X | D22: X | E22: X
A23: 16 | B23: Supervisar la elaboración de los conteos manuales de tránsito, revisar la información de campo que se enviará a planta central para su procesamiento y verificar los operativos de control de carga | AD23: NO SE REALIZA EN ESTE PERIODO
A24: 17 | B24: Llevar a efecto la toma de información y/ó ajustes de la vía a su cargo con un equipo de GPS | AD24: NO SE REALIZA EN ESTE PERIODO
A25: 18 | B25: Realizar estimativos sobre la vida residual de los pavimentos de los sectores a su cargo | AD25: NO SE REALIZA EN ESTE PERIODO
A26: 19 | B26: Evaluar con criterio técnico el estado de la red vial semestralmente con la metodología suministrada por el INVIAS | C26: X | D26: X | E26: X
A27: 20 | B27: Colaborar en la toma de la georreferenciación desarrollada por el INVIAS para la actualización del mapa digital de la red vial y mantener al día la información del inventario vial, a través del Sistema de Información Geográfico - HERMES - del INVIAS | C27: X | D27: X | E27: X | AD27: NO SE REALIZA EN ESTE PERIODO
A28: 21 | B28: Efectuar estudios tendientes a solucionar problemas de inestabilidad en las vías a su cargo, cuando se lo requiera el INVIAS y su costo se encuentre dentro del presupuesto de su propuesta | AD28: NO SE REALIZA EN ESTE PERIODO
A29: 22 | B29: Participar activamente en la etapa de transición e implementación del Sistema de Información Vial - HERMES, realizando de manera permanente el cargue, actualización, mantenimiento y demás actividades derivadas de la información del inventario vial, eventos de emergencias, accidentalidad y estado de la superficie (criterio técnico), dispuesta a través del Sistema de Información Vial - HERMES, con usuario y contraseña asignado por la administración del Sistema | AD29: NO SE REALIZA EN ESTE PERIODO
A30: 23 | B30: Ejecutar obras menores preventivas y de mantenimiento rutinario, con mano de obra de los trabajadores de mantenimiento rutinario, aprobadas por la Dirección Territorial, quien suministrará los recursos necesarios y disponibles | C30: X | D30: X | E30: X
A31: 24 | B31: Recolección, digitación y reporte de la información relacionada con el atropellamiento de fauna (aplicativo SUKUBUN) ocurrida en los tramos de carreteras, así como la realización de estudios preliminares y presentación de recomendaciones técnicas encaminadas al establecimiento de pasos de fauna, de acuerdo con la metodología planteada por el INVIAS | C31: X | D31: X | E31: X
A32: 25 | B32: Realizar las acciones y actividades necesarias para implementar la política de embellecimiento y ornato | C32: X | D32: X | E32: X
A33: 26 | B33: Prestar apoyo al programa de gestión de infraestructura que adelante el INVIAS. En coordinación con la Subdirección Planificación de Infraestructura (SPI) y y la Dirección Territorial, el Administrador Vial deberá apoyar todas las labores que correspondan a los contratos y convenios que ejecute INVIAS, para el desarrollo del programa de gestión de infraestructura en las vías a su cargo, e igualmente apoyará en el levantamiento de la información respectiva de acuerdo a la metodología suministrada por INVIAS | C33: X | D33: X | E33: X
A34: 27 | B34: Apoyar la validación de alertas emitidas por los dispositivos ITS, y reportarlas a los Directores Territoriales correspondientes. | AD34: NO SE REALIZA EN ESTE PERIODO
A35: 28 | B35: Supervisar la elaboración de los conteos manuales y/o automatizados (DISPOSITIVOS ITS) de tránsito, revisar la información de campo que se enviará a planta central para su procesamiento y verificar los operativos de control de carga. | AD35: NO SE REALIZA EN ESTE PERIODO
A36: 29 | B36: Efectuar los tapahuecos con mano de obra de los trabajadores de mantenimiento rutinario. | C36: X | D36: X | E36: X
A38: ( ! ) | B38: Anticipadamente se informará la fecha de realización de esta actividad.
AD39: VOLVER A TABLA DE CONTENIDO

Sheet FICHA CUANTI AMV
A1: INSTITUTO NACIONAL DE VÍAS
A3: CUADRO No. 20
A4: FICHA CUANTITATIVA DE LOS ADMINISTRADORES VIALES
A7: GRUPO | B7: ADMINISTRADOR | C7: CTO No. | D7: Vr. CONTRATO | E7: FECHA | F7: FECHA | G7: KMS A | H7: VEHÍCULOS | K7: OBSERVACIONES
B8: VIAL | E8: INICIACIÓN | F8: TERMINACIÓN | G8: ATENDER | H8: PLACA | I8: CLASE | J8: MODELO
A9: 1 | B9: =+DATOS!C2 -> CONSORCIO ADMINISTRACION VI 2023 | C9: =+DATOS!C3 -> 1865 - 2024 | D9: =+DATOS!C4 -> 3985034872 | E9: =+DATOS!C5 -> 45460 | F9: =+DATOS!C6 -> 46234 | G9: 109.858 | H9: GPS 273 | I9: RENAULT DUSTER | J9: 2020 | K9: CONTRATO ORIGINAL
H10: FYY 535 | I10: RENAULT OROCH | J10: 2019
A14: NOTA: Relacionar contrato principal y adicionales.
I17: VOLVER A TABLA DE CONTENIDO

Sheet FICHA CUALI AMV
A1: INSTITUTO NACIONAL DE VÍAS
A3: CUADRO No. 21
A4: FICHA CUALITATIVA DE LOS ADMINISTRADORES VIALES
A7: GRUPO | B7: ADMINISTRADOR | C7: NIT Ó | D7: REPRESENTANTE | E7: INGENIERO | F7: INGENIERO | G7: DIRECCIÓN
B8: VIAL | C8: C.C. | D8: LEGAL | E8: RESIDENTE | F8: AUXILIAR | G8: OFICINA
A9: 1 | B9: =+DATOS!C2 -> CONSORCIO ADMINISTRACION VI 2023 | C9: 901,834,232-1 | D9: SANTIAGO PAEZ TALERO | E9: =+DATOS!C10 -> CARLOS EDUARDO GARCIA CASTILLO | F9: =+DATOS!C11 -> TATIANA JASBLEYDI MORENO LUGO | G9: CALLE 65 SUR #46 08 SABANETA ANTIOQUIA
A11: GRUPO | B11: CORREO | C11: TELÉFONOS | F11: SECTOR A CARGO | G11: PR i | H11: PR f
B12: ELECTRÓNICO | C12: RES | D12: OFIC. | E12: CELULAR
A13: 1 | B13: amvial2024@gmail.com | C13: (604) 5966007 | D13: (604) 5966007 | E13: 3212033309 | F13: La Mansa - Primavera | G13: 0+0000 | H13: 44200
F14: La Mansa - Primavera | G14: 88+0100 | H14: 90+0000
F15: La Mansa - Primavera | G15: 90+0615 | H15: 90+0740
F16: La Mansa - Primavera | G16: 92+0024 | H16: 92+0280
F17: La Mansa - Primavera | G17: 93+0700 | H17: 95+0031
F18: Santa Fé de Antioquia - Medellín | G18: 16000 | H18: 71000
F19: Hatillo - Cisneros | G19: 09+0000 | H19: 09+0700
F20: Hatillo - Cisneros | G20: 53+0000 | H20: 54+1158
F21: Cisneros - Puerto Berrío - cruce ruta 45 | G21: 0+0000 | H21: 1+0000
F22: Cisneros - Puerto Berrío - cruce ruta 45 | G22: 95+0198 | H22: 97+1261
F24: VOLVER A TABLA DE CONTENIDO

Sheet FICHA CUANTI MR 
A1: INSTITUTO NACIONAL DE VIAS
A3: CUADRO No. 22
A4: FICHA CUANTITATIVA CONTRATISTA SERVICIO DE MANTENIMIENTO RUTINARIO
A6: DIRECCIÓN TERRITORIAL: | C6: ANTIOQUIA
A8: GRUPO | B8: NOMBRE | C8: TIPO DE TERRENO | G8: TOTAL | H8: VALOR | I8: VALOR TOTAL | J8: No. | K8: No. CTO | L8: VIGENCIA CONTRATO
B9: CONTRATISTA MR | C9: I | D9: II | E9: III | F9: IV | G9: (KMS) | H9: CONTRATO | I9: CONTRATOS | J9: SOCIOS | K9: Ppal y adic | L9: INICIO | M9: TERMINACIÓN
A10: 1 | B10: CTA COOPTAHIS | C10: 0 | D10: 0 | E10: 44.2 | F10: 0 | G10: =+E10 -> 44.2 | H10: 2027917719 | I10: =+H10 -> 2027917719 | J10: 16 | K10: 1410-2024 | L10: 45429 | M10: 46234
A12: 2 | B12: CTA SANTIAGO | C12: 0 | D12: 0 | E12: 6.89 | F12: 0 | G12: =+E12 -> 6.89 | H12: 481649339 | I12: =+H12 -> 481649339 | J12: 3 | K12: 1411-202 | L12: 45429 | M12: 46234
A14: 3 | B14: PRESTASER NORDESTE SAS | C14: 0 | D14: 0 | E14: 3.78 | F14: 0 | G14: =+E14+D14+C14 -> 3.78 | H14: 309028247 | I14: =+H14 -> 309028247 | J14: 22 | K14: 1412-2024 | L14: 45429 | M14: 46234
A16: 4
B18: TOTALES | C18: =SUM(C10:C16) -> 0 | D18: =SUM(D10:D16) -> 0 | E18: =+E10+E12+E14+E16 -> 54.87 | F18: =+F14 -> 0 | G18: =+G10+G12+G14+G16 -> 54.87 | H18: =SUM(H10:H17) -> 2818595305 | I18: =SUM(I10:I17) -> 2818595305 | J18: =+J10+J12+J14+J16 -> 41
A20: NOTA1: | B20: PARA LA VIA 6204 (Longitud= 55,4 km) NO SE CUENTA CON CONTRATO DE MANTENIMIENTO RUTINARIO EN ESTE TRIMESTRE
L22: VOLVER A TABLA DE CONTENIDO

Sheet FICHA CUALI MR
A1: INSTITUTO NACIONAL DE VIAS
A3: CUADRO No. 23
A4: FICHA CUALITATIVA CONTRATISTA SERVICIO DE MANTENIMIENTO RUTINARIO
A6: DIRECCIÓN TERRITORIAL: ANTIOQUIA
A9: GRUPO | B9: NOMBRE | C9: REPRESENTANTE | D9: NIT ó | E9: DIRECCIÓN | F9: TELÉFONO | G9: CÓDIGO | H9: SECTOR | I9: ABSCISA | K9: ADMINISTRADOR
B10: CONTRATISTA MR | C10: LEGAL | D10: C.C. | F10: y/ó CELULAR | G10: DE LA VÍA | I10: PR I | J10: PR F | K10: VIAL
A11: 1 | B11: COOPERATIVA DE TRABAJO ASOCIADO HISPANIA - COOPTAHIS | C11: JORGE ELIECER ALZATE ARBOLEDA | D11: 800174481-8 | E11: CALLE 48 No. 45-50. Hispania | F11: 3146811393 - 6048432135 | G11: 6003 | H11: LA MANSA-PRIMAVERA | I11: 0+0000 | J11: 44+0200 | K11: CONSORCIO ADMINISTRACION VI 2023
A12: 2 | B12: COOPERATIVA DE TRABAJO ASOCIADO SANTIAGO I - CTA SANTIAGO | C12: NICOLÁS ALBERTO CARVAJAL CALDERÓN | D12: 900.364.338-0 | E12: Corregimiento de Santiago (Santo Domingo) | F12: 311 302 18 89 | G12: 6205 | H12: HATILLO - CISNEROS | I12: 09+0000 | J12: 09+0700 | K12: CONSORCIO ADMINISTRACION VI 2023
H13: HATILLO - CISNEROS | I13: 53+0000 | J13: 54+1158 | K13: CONSORCIO ADMINISTRACION VI 2023
G14: 6206 | H14: CISNEROS-PUERTO BERRÍO - CRUCE RUTA 45 | I14: 0+0000 | J14: 1+0000 | K14: CONSORCIO ADMINISTRACION VI 2023
H15: =+H14 -> CISNEROS-PUERTO BERRÍO - CRUCE RUTA 45 | I15: 95+0198 | J15: 97+1261 | K15: CONSORCIO ADMINISTRACION VI 2023
A16: 3 | B16: PRESTASER NORDESTE SAS | C16: OSCAR ALBERTO MORALES MARÍN | D16: 900.465.440-8 | E16: Calle 12 No. 3C 78. Barbosa ANT | F16: 3137941297 | G16: 6003 | H16: LA MANSA-PRIMAVERA | I16: 88+0100 | J16: 90+0000 | K16: CONSORCIO ADMINISTRACION VI 2023
G17: 6003 | H17: LA MANSA-PRIMAVERA | I17: 90+0615 | J17: 90+0740 | K17: CONSORCIO ADMINISTRACION VI 2023
G18: 6003 | H18: LA MANSA-PRIMAVERA | I18: 92+0024 | J18: 92+0280 | K18: CONSORCIO ADMINISTRACION VI 2023
G19: 6003 | H19: LA MANSA-PRIMAVERA | I19: 93+0420 | J19: 95+0031 | K19: CONSORCIO ADMINISTRACION VI 2023
I22: VOLVER A TABLA DE CONTENIDO

Sheet APOYO SUPERVISIÓN CONTRATOS
A1: INSTITUTO NACIONAL DE VÍAS
A2: DIRECCIÓN TERRITORIAL ANTIOQUIA
A4: CUADRO No. 24
A6: INFORMACIÓN DE APOYO A LA SUPERVISIÓN A CONTRATOS DE OBRA
B8: INGENIERO RESIDENTE: | C8: =+DATOS!C10 -> CARLOS EDUARDO GARCIA CASTILLO | H8: TRIMESTRE EVALUADO: | J8: =+DATOS!C16 -> JUN - SEP DE 2024
A11: No. CONTRATO PRINCIPAL | B11: OBJETO | C11: CONTRATISTA | D11: PLAZO | G11: FECHA INICIO | H11: FECHA FINALIZACIÓN | I11: VALOR CONTRATO $ | L11: OBSERVACIONES
D12: INICIAL | E12: ADICIONAL | F12: FINAL | I12: BÁSICO | J12: IVA | K12: TOTAL
A13: 2010-2024 | B13: HABILITAR Y/O BRINDAR TRANSITABILIDAD EN LA RED VIAL A CARGO DEL INVIAS, A TRAVÉS DEL SISTEMA DE MONTO AGOTABLE, EN VÍAS A CARGO DE LA DIRECCIÓN TERRITORIAL ANTIOQUIA | C13: OSCAR ALBERTO GUZMAN TRIVIÑO | D13: 3 | E13: 0 | F13: =+D13+E13 -> 3 | G13: 45468 | H13: 45560 | I13: 1.051647e+08 | J13: 768511.27 | K13: =+I13+J13 -> 105933211 | L13: Se suspendio el 20-sep-2024 / Se solicita adicion y prorroga / Ejecutado 98,33%
A14: 2422-2024 | B14: OBRAS DE SEÑALIZACIÓN VIAL EN LA RUTA 6003 LA MANSA - PRIMAVERA, A CARGO DEL INSTITUTO NACIONAL DE VÍAS DIRECCIÓN TERRITORIAL ANTIOQUIA | C14: SB CONSTRUCCIONES CIVILES S.A.S | D14: 2 | E14: 1 | F14: 2 | G14: 45505 | H14: 45597 | I14: 78825042 | J14: 576029 | K14: =+I14+J14 -> 79401071 | L14: Se adiciono $20,598,929 / y una prorroga de 1 mes /
A15: 2422-2024 | B15: SUMINISTRO DE MEZCLA ASFÁLTICA PARA LA VÍAS: VÍA 5601 LA UNION - SONSON PR49+0000 - PR49+0800, PR69+0800-PR71+0300, PR85+0210 - PR96+0260; VÍA 6003 LA MANSA - PRIMAVERA PR17+000 a PR44+200; VÍA 6204 PUENTE AURRA - MEDELLIN PR16+000 a PR71+000; DEPARTAMENTO DE ANTIOQUIA | C15: CONSORCIO RACONS | D15: 3 | E15: 0 | F15: 3 | G15: 45531 | H15: 45623 | I15: 238894137 | J15: 45389886 | K15: =+I15+J15 -> 284284023 | L15: Ejecutado el 33,3% / Se le solicito adicion
A18: NOTA: Reportar la información de los contratos de obra a los cuales les efectúa interventoría, diferentes a los de mantenimiento rutinario con microempresas.
J20: VOLVER A TABLA DE CONTENIDO

Sheet RESEÑA 1,1 FOTOGRAFICA 6003
A1: INSTITUTO NACIONAL DE VÍAS
A3: DIRECCIÓN TERRITORIAL ANTIOQUIA
A7: RESEÑA 1.1 - FOTOGRÁFICA
A9: INGENIERO RESIDENTE: | C9: =+DATOS!C10 -> CARLOS EDUARDO GARCIA CASTILLO
A11: TRIMESTRE EVALUADO: | C11: =+DATOS!C16 -> JUN - SEP DE 2024
A13: RUTA 6003
A30: DESCONFINAMIENTO DE BANCA PR 1+0980 | D30: HUNDIMIENTO DE BANCA PR 4+0060
A46: DESCONFINAMIENTO DE BANCA PR 10+0000 | D46: HUNDIMIENTO DE BANCA PR 19+0200
A49: NOTA: Todas las fotografías deben estar identificadas arriba o abajo, indicando la vía, el sector, el PR, la fecha impresa con el fechador de la cámara y la descripción de lo que se quiere resaltar.
A51: CUANDO SE REALICEN PARCHEOS SE TOMARAN FOTOS DEL ANTES Y DEL DESPUES
D53: VOLVER A TABLA DE CONTENIDO

Sheet RESEÑA 1,2 FOTOGRAFICA 6003
A1: INSTITUTO NACIONAL DE VÍAS
A3: DIRECCIÓN TERRITORIAL ANTIOQUIA
A7: RESEÑA 1.2 - FOTOGRÁFICA
A9: INGENIERO RESIDENTE: | C9: =+DATOS!C10 -> CARLOS EDUARDO GARCIA CASTILLO
A11: TRIMESTRE EVALUADO: | C11: =+DATOS!C16 -> JUN - SEP DE 2024
A13: RUTA 6003
A30: DESCONFINAMIENTO DE BANCA PR 1+0980 | D30: PERDIDA MURO PR10+0000
A46: PUENTE EN TERMINACION PR 7+0502 | D46: DESCONFINAMIENTO BANCA PR 19+0200
A49: NOTA: Todas las fotografías deben estar identificadas arriba o abajo, indicando la vía, el sector, el PR, la fecha impresa con el fechador de la cámara y la descripción de lo que se quiere resaltar.
A51: CUANDO SE REALICEN PARCHEOS SE TOMARAN FOTOS DEL ANTES Y DEL DESPUES
D53: VOLVER A TABLA DE CONTENIDO

Sheet RESEÑA 1,3 FOTOGRAFICA 6205
A1: INSTITUTO NACIONAL DE VÍAS
A3: DIRECCIÓN TERRITORIAL ANTIOQUIA
A7: RESEÑA 1.3 - FOTOGRÁFICA
A9: INGENIERO RESIDENTE: | C9: =+DATOS!C10 -> CARLOS EDUARDO GARCIA CASTILLO
A11: TRIMESTRE EVALUADO: | C11: =+DATOS!C16 -> JUN - SEP DE 2024
A13: RUTAS 6205 y 6206
A30: TALUD SUPERIOR INESTABLE PR 53+0210 | D30: ESTADO DE CARPETA DE RODADURA PR53+450
A46: ESTADO DE CARPETA DE RODADURA PR54+1020 | D46: ESTADO DE CARPETA DE RODADURA PR54+1050
A49: NOTA: Todas las fotografías deben estar identificadas arriba o abajo, indicando la vía, el sector, el PR, la fecha impresa con el fechador de la cámara y la descripción de lo que se quiere resaltar.
A51: CUANDO SE REALICEN PARCHEOS SE TOMARAN FOTOS DEL ANTES Y DEL DESPUES
D53: VOLVER A TABLA DE CONTENIDO

Sheet RESEÑA 1,4 FOTOGRAFICA 6206
A1: INSTITUTO NACIONAL DE VÍAS
A3: DIRECCIÓN TERRITORIAL ANTIOQUIA
A7: RESEÑA 1.4 - FOTOGRÁFICA
A9: INGENIERO RESIDENTE: | C9: =+DATOS!C10 -> CARLOS EDUARDO GARCIA CASTILLO
A11: TRIMESTRE EVALUADO: | C11: =+DATOS!C16 -> JUN - SEP DE 2024
A13: RUTA 6206
A30: PERDIDA DE TALUD IZQ PR0+0203 | D30: APOYO CENTRAL PUENTE LA MALENA PR 95+0200
A46: AFECTACIONES PUENTE BERRIO PR 97+760 | D46: AFECTACIONES ESTRIBOS PUENTE BERRIO PR 97+1100
A49: NOTA: Todas las fotografías deben estar identificadas arriba o abajo, indicando la vía, el sector, el PR, la fecha impresa con el fechador de la cámara y la descripción de lo que se quiere resaltar.
A51: CUANDO SE REALICEN PARCHEOS SE TOMARAN FOTOS DEL ANTES Y DEL DESPUES
D53: VOLVER A TABLA DE CONTENIDO

Sheet RESEÑA 1,5 FOTOGRAFICA 6204
A1: INSTITUTO NACIONAL DE VÍAS
A3: DIRECCIÓN TERRITORIAL ANTIOQUIA
A7: RESEÑA 1.5 - FOTOGRÁFICA
A9: INGENIERO RESIDENTE: | C9: =+DATOS!C10 -> CARLOS EDUARDO GARCIA CASTILLO
A11: TRIMESTRE EVALUADO: | C11: =+DATOS!C16 -> JUN - SEP DE 2024
A13: RUTA 6204
A30: HUNDIMIENTO ALCANTARILLA PR53+0700 | D30: HUNDIMIENTO BANCA PR45+0330
A46: DERRUMBE PR 54+0250 | D46: CONSTRUCCION MURO PR69+0980
A49: NOTA: Todas las fotografías deben estar identificadas arriba o abajo, indicando la vía, el sector, el PR, la fecha impresa con el fechador de la cámara y la descripción de lo que se quiere resaltar.
A51: CUANDO SE REALICEN PARCHEOS SE TOMARAN FOTOS DEL ANTES Y DEL DESPUES
D53: VOLVER A TABLA DE CONTENIDO

Sheet RESEÑA 1,6 FOTOGRAFICA 6204
A1: INSTITUTO NACIONAL DE VÍAS
A3: DIRECCIÓN TERRITORIAL ANTIOQUIA
A7: RESEÑA 1.6 - FOTOGRÁFICA
A9: INGENIERO RESIDENTE: | C9: =+DATOS!C10 -> CARLOS EDUARDO GARCIA CASTILLO
A11: TRIMESTRE EVALUADO: | C11: =+DATOS!C16 -> JUN - SEP DE 2024
A13: SITIOS CRÍTICOS RUTA 6204
A30: AFECTACION ESTRIBO Y ESTRUCTURA PR16+0150 | D30: HUNDIMIENTO BANCA PR45+0450
A46: HUNDIMIENTO DE BANCA PR 46+0100 | D46: DERRUMBE PR47+0500
A49: NOTA: Todas las fotografías deben estar identificadas arriba o abajo, indicando la vía, el sector, el PR, la fecha impresa con el fechador de la cámara y la descripción de lo que se quiere resaltar.
A51: CUANDO SE REALICEN PARCHEOS SE TOMARAN FOTOS DEL ANTES Y DEL DESPUES
D53: VOLVER A TABLA DE CONTENIDO

Sheet RESEÑA 1,7 FOTOGRAFICA micros
A1: INSTITUTO NACIONAL DE VÍAS
A3: DIRECCIÓN TERRITORIAL ANTIOQUIA
A7: RESEÑA 1.7 - FOTOGRÁFICA
A9: INGENIERO RESIDENTE: | C9: =+DATOS!C10 -> CARLOS EDUARDO GARCIA CASTILLO
A11: TRIMESTRE EVALUADO: | C11: =+DATOS!C16 -> JUN - SEP DE 2024
A13: MICROEMPRESAS DE MANTENIMIENTO RUTINARIO
A28: CAPACITACION SG SST - PR37+0200 | D28: CARGUE DE DERRUMBE PR 34+0100
A42: RETIRO DE DERRUMBE PR32+700 | D42: RETIRO DE SEÑALES PR 24+0050
A44: COOPERATIVA COOPTAHIS CONTRATO 1410-2024 - MANTENIMIENTO RUTINARIO - SECTOR 6003 LA MANSA - PRIMAVERA PR 0+0000 - PR 48+0000
A48: NOTA: Todas las fotografías deben estar identificadas arriba o abajo, indicando la vía, el sector, el PR, la fecha impresa con el fechador de la cámara y la descripción de lo que se quiere resaltar.
A50: CUANDO SE REALICEN PARCHEOS SE TOMARAN FOTOS DEL ANTES Y DEL DESPUES
D52: VOLVER A TABLA DE CONTENIDO

Sheet RESEÑA 1,8 FOTOGRAFICA micros
A1: INSTITUTO NACIONAL DE VÍAS
A3: DIRECCIÓN TERRITORIAL ANTIOQUIA
A7: RESEÑA 1.8 - FOTOGRÁFICA
A9: INGENIERO RESIDENTE: | C9: =+DATOS!C10 -> CARLOS EDUARDO GARCIA CASTILLO
A11: TRIMESTRE EVALUADO: | C11: =+DATOS!C16 -> JUN - SEP DE 2024
A13: MICROEMPRESAS DE MANTENIMIENTO RUTINARIO
A30: LIMPIEZA DE CUNETAS PR 89+550 | D30: LIMPIEZA DE CUNETAS PR 89+0230
A46: RETIRO DE DERRUMBE PR89+0650 | D46: LIMPIEZA BOX PR89+0240
A48: PRESTASER NORDESTE SAS CONTRATO 1412-2024 - MANTENIMIENTO RUTINARIO - VÍA: 6003 LA MANSA· PRIMAVERA, PR88+0100 AL PR90+0000,PR90+0615 AL PR90+0740 (SECTOR DE LA VÍA ANTIGUA, LADO DERECHO DE LOS PUENTES LOMALINDA), PR92+0024 AL PR92+0280 (SECTOR DE LA VÍA ANTIGUA, LADO IZQUIERDO DELOS TÚNELES KACHOTIS) Y PR93+0700 AL PR95+0031
A54: NOTA: Todas las fotografías deben estar identificadas arriba o abajo, indicando la vía, el sector, el PR, la fecha impresa con el fechador de la cámara y la descripción de lo que se quiere resaltar.
A56: CUANDO SE REALICEN PARCHEOS SE TOMARAN FOTOS DEL ANTES Y DEL DESPUES
D58: VOLVER A TABLA DE CONTENIDO

Sheet RESEÑA 1,9 FOTOGRAFICA micros
A1: INSTITUTO NACIONAL DE VÍAS
A3: DIRECCIÓN TERRITORIAL ANTIOQUIA
A7: RESEÑA 1.9 - FOTOGRÁFICA
A9: INGENIERO RESIDENTE: | C9: =+DATOS!C10 -> CARLOS EDUARDO GARCIA CASTILLO
A11: TRIMESTRE EVALUADO: | C11: =+DATOS!C16 -> JUN - SEP DE 2024
A13: MICROEMPRESAS DE MANTENIMIENTO RUTINARIO
A30: VISTA SUPERVISION PR53+400 | D30: LIMPIEZA Y ROCERIA PR97+0750 - BERRIO
A46: CONTENCION EN OBRA PR0+203 | D46: CAPACITACION SG SST - PR53+700
A48: CTA SANTIAGO CONTRATO 2197-2019, MANTENIMIENTO RUTINARIO, EN LAS VÍAS A CARGO DEL INSTITUTO NACIONAL DE VÍAS, DIRECCIÓN TERRITORIAL ANTIOQUIA, SECTORES 6205 HATILLO - CISNEROS, PASO URBANO BARBOSA, PR 09+0000 A PR09+0700, (SIN INCLUIR EL ANILLO DE LA GLORIETA), 6205 HATILLO - CISNEROS, PASO URBANO CISNEROS, PR53+0000 A PR54+1158, 6206 CISNEROS - PUERTO BERRIO - CRUCE RUTA 45, PASO URBANO CISNEROS, PR00+0000 A PR01+0000 Y 6206 CISNEROS - PUERTO BERRIO - CRUCE RUTA 45, PUENTE LA MALENA - PUERTO BERRIO, INCLUIDO PUENTE SOBRE EL RIO MAGDALENA, PR95+0198 A PR97+1261.
A56: NOTA: Todas las fotografías deben estar identificadas arriba o abajo, indicando la vía, el sector, el PR, la fecha impresa con el fechador de la cámara y la descripción de lo que se quiere resaltar.
A58: CUANDO SE REALICEN PARCHEOS SE TOMARAN FOTOS DEL ANTES Y DEL DESPUES
D60: VOLVER A TABLA DE CONTENIDO

Sheet RESEÑA 2-PRENSA
A1: INSTITUTO NACIONAL DE VÍAS
A3: DIRECCIÓN TERRITORIAL ANTIOQUIA
A7: RESEÑA 2 - DE PRENSA
A9: INGENIERO RESIDENTE: | C9: =+DATOS!C10 -> CARLOS EDUARDO GARCIA CASTILLO
A11: TRIMESTRE EVALUADO: | C11: =+DATOS!C16 -> JUN - SEP DE 2024
A14: PERIODO: | B14: JUNIO DE 2024
A106: PERIODO: | B106: JULIO DE 2024
A230: PERIODO: | B230: AGOSTO DE 2024
A387: PERIODO: | B387: SEPTIEMBRE DE 2024
A694: NOTA: Todos los artículos deben estar identificados, idicando la fecha de la publicación y medio periodístico
A695: RELACIONAR SOLO AQUELLOS ARTICULOS QUE TRATEN DE LAS CARRETERAS A SU CARGO
D697: VOLVER A TABLA DE CONTENIDO

Sheet COMENTARIOS
A1: INSTITUTO NACIONAL DE VÍAS
A3: DIRECCIÓN TERRITORIAL ANTIOQUIA
A5: COMENTARIOS GENERALES
A7: INGENIERO(S) RESIDENTE(S): | D7: =+DATOS!C10 -> CARLOS EDUARDO GARCIA CASTILLO
A10: TRIMESTRE EVALUADO: | D10: =+DATOS!C16 -> JUN - SEP DE 2024
A12: DESCRIPCIÓN VIAS A CARGO DE ADMINISTRACIÓN VIAL GRUPO 1 ANTIOQUIA El contrato de administración vial No. 1865 de 2024 esta suscrito para las siguientes carreteras de la Red Vial Nacional - Dirección Territorial Antioquia: - 6003. Vía La Mansa - Primavera. PR0+0000 AL PR44+0200, PR88+0100 AL PR90+0000, PR90+0615 AL PR90+0740 (SECTOR DE LA VÍA ANTIGUA, LADO DERECHO DE LOS PUENTES LOMALINDA), PR92+0024 AL PR92+0280 (SECTOR DE LA VÍA ANTIGUA, LADO IZQUIERDO DE LOS TÚNELES KACHOTIS) Y PR93+0700 AL PR95+0031 Longitud total: 47.57 Km. - 6204. Santa Fe de Antioquia - Medellín. PUENTE AURRÁ - MEDELLÍN, PR16+0000 - PR71+0000,Longitud total: 55 Km. - 6205. Hatillo -Cisneros. PASO URBANO BARBOSA, PR9+0000 - PR9+0700 (SIN INCLUIR EL ANILLO DE LA GLORIETA), PASO URBANO CISNEROS, PR53+0000 - PR54+1158,Longitud total: 2,82 - 6206: Cisneros - Puerto BERRÍO-Cruce Ruta 45 PASO URBANO CISNEROS, PR0+0000 - PR1+0000, PUENTE LA MALENA - PUERTO BERRÍO, INCLUIDO PUENTE SOBRE EL RÍO MAGDALENA, PR95+0198 - PR 97+1261, Longitud Total: 4.07 Km LONGITUD TOTAL VÍAS A CARGO: 109.86 Km.
A14: CARRETERA 6003 - LA MANSA - PRIMAVERA, PR 0+0000 - PR 44+0200, PR 88+0100 - PR 90+0000, PR 91+0615 -PR 91+0740, PR 92+0024 - PR 92+0280 y PR 93+0420 - PR 95+0031. Este corredor se encuentra operativo.
A16: CARRETERA 6204 - SANTA FÉ DE ANTIOQUIA - MEDELLÍN (6204) PR 16+0000 - PR 71+0000. Esta via no cuenta con contrato para el mantenimiento rutinario en este trimestre. En general el tráfico de la vía es bajo. La via presenta varias afectaciones como derrumbes, hudimientoi y deslizamientos. El corredor se encuentra operativo.
A18: CARRETERA HATILLO - CISNEROS (6205).PASO URBANO POR EL MUNICIPIO DE BARBOSA. Este corredor se encuentra operativo.
A19: CARRETERA HATILLO - CISNEROS (6205).PASO URBANO POR EL MUNICIPIO DE CISNEROS. Este corredor se encuentra operativo.
A21: CARRETERA CISNEROS - PUERTO BERRÍO - CRUCE RUTA 45, RUTA 6206, PR 0 +0000 - PR 1+0000, paso urbano por Cisneros. En el PR 0+0203, se realiza intervencion con el contrato de Monto agotable para recuperar la perdida del talud inferior El puente sobre el rio Magdalena, presenta afectaciones considerables, las cuales deben ser objeto de un estudio para determinar la intervencion mas adecuada.
A22: CARRETERA CISNEROS - PUERTO BERRÍO - CRUCE RUTA 45, RUTA 6206, P UENTE LA MALENA - PUERTO BERRÍO, INCLUIDO PUENTE SOBRE EL RÍO MAGDALENA, PR95+0198 - PR 97+1261 El puente sobre el rio Magdalena, presenta afectaciones considerables, las cuales deben ser objeto de un estudio para determinar la intervencion mas adecuada.
A24: Durante el Trimestre evaluado la Administración Vial desarrolló las siguientes actividades:
A25: 1. Se realiza seguimiento al Contrato de monto agotable 2010-2024, el cual intervino las vias 6003 y 6206.
A26: 2. Se realiza seguimiento al Contrato de señalizacion 2422-204, el cual intervino la via 6003.
A27: 3. Se realiza seguimiento al Contrato de suministro de mezcla asfaltica 3154-2024, el cual intervino las vias 6003 y 6204.
A28: 4. Se realiza la recolección de accidentes en los municipios con jurisdicción en la vías a cargo y diligenciamiento de los formatos de INVÍAS. Adicionalmete, se lleva el registro de incidentes con la fauna en el SUKUBUN
A29: 5.Se realizan las capacitaciones a la Cooperativas a cargo de acuerdo con los temas propuestos por el INVIAS de manera mensual.
F32: VOLVER A TABLA DE CONTENIDO

Sheet CAPACITACION S.T.M. RUTINARIO
A1: INSTITUTO NACIONAL DE VIAS
A3: DIRECCION TERRITORIAL ANTIOQUIA
A5: CAPACITACION TRABAJADORES DE SERVICIO DE MANTENIMIENTO RUTINARIO
A7: INGENIERO(S) RESIDENTE(S): | C7: =+DATOS!C10 -> CARLOS EDUARDO GARCIA CASTILLO
A10: TRIMESTRE EVALUADO: | C10: =+DATOS!C16 -> JUN - SEP DE 2024
A12: TEMA: | B12: Identificacion Temprana de Riesgos Viales
A14: FECHA | B14: LUGAR | C14: TEMA | E14: No. Asistentes | F14: OBSERVACIONES
A15: 45444 | B15: Ciudad Bolivar | C15: Identificacion Temprana de Riesgos Viales | E15: 16 | F15: Cooptahis
A16: 45444 | B16: Caldas | C16: Identificacion Temprana de Riesgos Viales | E16: 3 | F16: Prestaser Nordeste SAS
A17: 45444 | B17: Cisneros | C17: Identificacion Temprana de Riesgos Viales | E17: 5 | F17: Coop Santiago
A57: TEMA: | B57: IMPORTANCIA DEL MANTENIMIENTO RUTINARIO
A59: FECHA | B59: LUGAR | C59: TEMA | E59: No. Asistentes | F59: OBSERVACIONES
A60: 45474 | B60: Ciudad Bolivar | C60: Importancia del mantenimiento rutinario | E60: 16 | F60: Cooptahis
A61: 45474 | B61: Caldas | C61: Importancia del mantenimiento rutinario | E61: 3 | F61: Prestaser
A62: 45474 | B62: Cisneros | C62: Importancia del mantenimiento rutinario | E62: 5 | F62: Coop Santiago
A105: TEMA: | B105: ATENCION DE EMERGENCIAS
A107: FECHA | B107: LUGAR | C107: TEMA | E107: No. Asistentes | F107: OBSERVACIONES
A108: 45505 | B108: Ciudad Bolivar | C108: Atencion de emergencias | E108: 16 | F108: Cooptahis
A109: 45505 | B109: Caldas | C109: Atencion de emergencias | E109: 3 | F109: Prestaser
A110: 45505 | B110: Cisneros | C110: Atencion de emergencias | E110: 5 | F110: Coop Santiago
A144: TEMA: | B144: CONSTRUCCION DE OBRAS MENORES, PARCHEO Y BACHEO
A146: FECHA | B146: LUGAR | C146: TEMA | E146: No. Asistentes | F146: OBSERVACIONES
A147: 45536 | B147: Ciudad Bolivar | C147: Construccion de obras menores, parcheo y bacheo | E147: 16 | F147: Cooptahis
A148: 45536 | B148: Caldas | C148: Construccion de obras menores, parcheo y bacheo | E148: 3 | F148: Prestaser
A149: 45536 | B149: Cisneros | C149: Construccion de obras menores, parcheo y bacheo | E149: 5 | F149: Coop Santiago
F261: VOLVER A TABLA DE CONTENIDO

Sheet DATOS
B2: CONTRATISTA | C2: CONSORCIO ADMINISTRACION VI 2023
B3: CONTRATO # | C3: 1865 - 2024
B4: VALOR | C4: 3985034872
B5: ORDEN INICIO | C5: 45460
B6: FECHA TERMINA | C6: 46234
B10: RESIDENTE: | C10: CARLOS EDUARDO GARCIA CASTILLO
B11: AUXILIAR 1 | C11: TATIANA JASBLEYDI MORENO LUGO
B12: AUXILIAR 2 | C12: YENNY KATHERINE CORTES MOYANO
B14: FECHA: | C14: SEPTIEMBRE DE 2024
B16: TRIMESTRE EVALUADO | C16: JUN - SEP DE 2024
B19: DIRECCIÓN OFICINA: | C19: CALLE 65 Sur #46 08 SABANETA ANTIOQUIA
C20: 604 - 5966007
B22: Ingeniero(s) Residente(s): | C22: 3212033309
B23: Ingeniero Auxiliar I: | C23: 3203784430
B24: Ingeniero Auxiliar II: | C24: 3219815259
B26: CORREO ELECTRÓNICO: | C26: amvial2024@gmail.com
